Workbook

Sheet ПУНЦ до 670 кВт
A1: ПРЕДЕЛЬНЫЕ УРОВНИ НЕРЕГУЛИРУЕМЫХ ЦЕН НА ЭЛЕКТРИЧЕСКУЮ ЭНЕРГИЮ (МОЩНОСТЬ), ПОСТАВЛЯЕМУЮ ПОТРЕБИТЕЛЯМ (ПОКУПАТЕЛЯМ) с максимальной мощностью энергопринимающих устройств до 670 кВт ПАО "ТНС энерго Ростов-на-Дону" В ноябре 2024г.
A2: I. ПЕРВАЯ ЦЕНОВАЯ КАТЕГОРИЯ (для объемов покупки электрической энергии (мощности). учет которых осуществляется в целом за расчетный период)
A4: 1. Предельный уровень нерегулируемых цен без НДС
A5: Категория потребителей | E5: По договорам энергоснабжения | I5: По договорам купли-продажи
E6: ВН | F6: СН1 | G6: СН11 | H6: НН | I6: ВН | J6: СН1 | K6: СН11 | L6: НН
A7: 2 | E7: 12=3+4+5+6+7+8 | F7: 13=3+4+5+6+7+9 | G7: 14=3+4+5+6+7+10 | H7: 15=3+4+5+6+7+11 | I7: 12=3+4+5+6+7+8 | J7: 13=3+4+5+6+7+9 | K7: 14=3+4+5+6+7+10 | L7: 15=3+4+5+6+7+11
A8: Иные прочие потребители
A9: Для потребителей ПАО "ТНС энерго Ростов-на-Дону" | E9: ='1, 2 ц.к.'!K10 -> 8065.5 | F9: ='1, 2 ц.к.'!L10 -> 8417.72 | G9: ='1, 2 ц.к.'!M10 -> 8561.56 | H9: ='1, 2 ц.к.'!N10 -> 9543.37 | I9: ='1, 2 ц.к.'!O10 -> 4859.72 | J9: ='1, 2 ц.к.'!P10 -> 4859.72 | K9: ='1, 2 ц.к.'!Q10 -> 4859.72 | L9: ='1, 2 ц.к.'!R10 -> 4859.72
A11: Для Сетевых организаций по договорам купли-продажи для целей компенсации потерь(объемы не превышающие значения в сводном прогнозном балансе) | E11: ='1, 2 ц.к.'!K20 -> x | F11: ='1, 2 ц.к.'!L20 -> x | G11: ='1, 2 ц.к.'!M20 -> x | H11: ='1, 2 ц.к.'!N20 -> x | I11: ='1, 2 ц.к.'!O20 -> 4386.24 | J11: ='1, 2 ц.к.'!P20 -> 4386.24 | K11: ='1, 2 ц.к.'!Q20 -> 4386.24 | L11: ='1, 2 ц.к.'!R20 -> 4386.24
A12: Для Сетевых организаций по договорам купли-продажи для целей компенсации потерь(объемы превышающие значения в сводном прогнозном балансе) | E12: п. 96 ППРФ №442 определено, что при превышении балансового объема потерь, в расчетах используется сбытовая надбавка для группы прочие потребители с макс. мощностью энергопринимающих устройств от 670 КВт до 10 МВт
A13: 2. Средневзвешенная нерегулируемая цена на электрическую энергию (мощность), используемая для расчета предельного уровня нерегулируемых цен для первой ценовой категории, руб/МВт*ч без НДС | H13: =VLOOKUP(A13,'[1]2024'!$B$4:$N$56,MATCH("ноябрь",'[1]2024'!$B$3:$N$3,0),0) -> 3835.54
A14: 3. Составляющие расчета средневзвешенной нерегулируемой цены на электрическую энергию (мощность). используемой для расчета предельного уровня нерегулируемых цен для первой ценовой категории:
A15: а) Средневзвешенная нерегулируемая цена на электрическую энергию на оптовом рынке, руб/МВт*ч | H15: =VLOOKUP(A15,'[1]2024'!$B$4:$N$56,MATCH("ноябрь",'[1]2024'!$B$3:$N$3,0),0) -> 2159,1
A16: б) Средневзвешенная нерегулируемая цена на мощность на оптовом рынке, руб/МВт | H16: =VLOOKUP(A16,'[1]2024'!$B$4:$N$56,MATCH("ноябрь",'[1]2024'!$B$3:$N$3,0),0) -> 917570,48
A17: в) Коэфициент оплаты мощности потребителями (покупателями), осуществляющими расчеты по первой ценовой категории 1/час | H17: =VLOOKUP(A17,'[1]2024'!$B$4:$N$56,MATCH("ноябрь",'[1]2024'!$B$3:$N$3,0),0) -> 0.001827039
A18: г) Объем фактического пикового потребления гарантирующего поставщика на оптовом рынке, МВт | H18: =VLOOKUP(A18,'[1]2024'!$B$4:$N$56,MATCH("ноябрь",'[1]2024'!$B$3:$N$3,0),0) -> 1783.92
A19: д) Величина мощности, соответствующей покупке электрической энергии гарантирующим поставщиком у производителей электрической энергии (мощности) на розничных рынках, МВт | H19: =VLOOKUP(A19,'[1]2024'!$B$4:$N$56,MATCH("ноябрь",'[1]2024'!$B$3:$N$3,0),0)+OFFSET('[1]2024'!$B$3,7,MATCH("ноябрь",'[1]2024'!$C$3:$N$3,0)) -> #VALUE!
A20: е) Сумма величин мощности, оплачиваемой на розничном рынке потребителями (покупателями), осуществляющими расчеты по второй - шестой ценовым категориям, МВт | H20: =VLOOKUP(A20,'[1]2024'!$B$4:$N$56,MATCH("ноябрь",'[1]2024'!$B$3:$N$3,0),0) -> 268.63755
A21: в том числе:
A22: по второй ценовой категории, МВт | H22: =VLOOKUP(A22,'[1]2024'!$B$4:$N$56,MATCH("ноябрь",'[1]2024'!$B$3:$N$3,0),0) -> 1.964976
A23: по третьей ценовой категории, МВт | H23: =VLOOKUP(A23,'[1]2024'!$B$4:$N$56,MATCH("ноябрь",'[1]2024'!$B$3:$N$3,0),0) -> 235.28626
A24: по четвертой ценовой категории, МВт | H24: =VLOOKUP(A24,'[1]2024'!$B$4:$N$56,MATCH("ноябрь",'[1]2024'!$B$3:$N$3,0),0) -> 31.386319
A25: по пятой ценовой категории, МВт | H25: =VLOOKUP(A25,'[1]2024'!$B$4:$N$56,MATCH("ноябрь",'[1]2024'!$B$3:$N$3,0),0) -> 0
A26: по шестой ценовой категории, МВт | H26: =VLOOKUP(A26,'[1]2024'!$B$4:$N$56,MATCH("ноябрь",'[1]2024'!$B$3:$N$3,0),0) -> 0
A27: ж) Объем потребления мощности населением и приравненными к нему категориями потребителей, МВт | H27: =VLOOKUP(A27,'[1]2024'!$B$4:$N$56,MATCH("ноябрь",'[1]2024'!$B$3:$N$3,0),0) -> 640.85
A28: з) Объем потребления электрической энергии потребителями (покупателями), осуществляющими расчеты по второй ценовой категории, МВт*ч | H28: =VLOOKUP(A28,'[1]2024'!$B$4:$N$56,MATCH("ноябрь",'[1]2024'!$B$3:$N$3,0),0) -> 907.285
A29: в том числе: для трех зон суток, МВт*ч: | H29: =VLOOKUP(A29,'[1]2024'!$B$4:$N$56,MATCH("ноябрь",'[1]2024'!$B$3:$N$3,0),0) -> 107.074
A30: по ночной зоне суток, МВт*ч | H30: =VLOOKUP(A30,'[1]2024'!$B$4:$N$56,MATCH("ноябрь",'[1]2024'!$B$3:$N$3,0),0) -> 78.456
A31: по полупиковой зоне суток, МВт*ч | H31: =VLOOKUP(A31,'[1]2024'!$B$4:$N$56,MATCH("ноябрь",'[1]2024'!$B$3:$N$3,0),0) -> 18.758
A32: по пиковой зоне суток, МВт*ч | H32: =VLOOKUP(A32,'[1]2024'!$B$4:$N$56,MATCH("ноябрь",'[1]2024'!$B$3:$N$3,0),0) -> 9.86
A33: в том числе: для двух зон суток, МВт*ч: | H33: =VLOOKUP(A33,'[1]2024'!$B$4:$N$56,MATCH("ноябрь",'[1]2024'!$B$3:$N$3,0),0) -> 800.211
A34: по ночной зоне суток, МВт*ч | H34: =OFFSET('[1]2024'!$B$3,29,MATCH("ноябрь",'[1]2024'!$C$3:$N$3,0)) -> #VALUE!
A35: по пиковой зоне суток, МВт*ч | H35: =OFFSET('[1]2024'!$B$3,30,MATCH("ноябрь",'[1]2024'!$C$3:$N$3,0)) -> #VALUE!
A36: и) Фактический объем потребления электрической энергии гарантирующим поставщиком на оптовом рынке МВт*ч | H36: =VLOOKUP(A36,'[1]2024'!$B$4:$N$56,MATCH("ноябрь",'[1]2024'!$B$3:$N$3,0),0) -> 1094453.9
A37: к) Объем покупки электрической энергии гарантирующим поставщиком у производителей электрической энергии (мощности) на розничных рынках, МВт*ч | H37: =VLOOKUP(A37,'[1]2024'!$B$4:$N$56,MATCH("ноябрь",'[1]2024'!$B$3:$N$3,0),0)+OFFSET('[1]2024'!$B$3,33,MATCH("ноябрь",'[1]2024'!$C$3:$N$3,0)) -> #VALUE!
A38: в т.ч. объем покупки электрической энергии у собственников и иных законных владельцев объектов микрогенерации, МВт*ч | H38: =OFFSET('[1]2024'!$B$3,33,MATCH("ноябрь",'[1]2024'!$C$3:$N$3,0)) -> #VALUE!
A39: л) Сумма объемов потребления электрической энергии потребителями (покупателями), осуществляющими расчеты по второй - шестой ценовым категориям, МВт*ч | H39: =VLOOKUP(A39,'[1]2024'!$B$4:$N$56,MATCH("ноябрь",'[1]2024'!$B$3:$N$3,0),0) -> 215390.66
A40: в том числе:
A41: по второй ценовой категории, МВт*ч | H41: =VLOOKUP(A41,'[1]2024'!$B$4:$N$56,MATCH("ноябрь",'[1]2024'!$B$3:$N$3,0),0) -> 907.285
A42: по третьей ценовой категории, МВт*ч | H42: =VLOOKUP(A42,'[1]2024'!$B$4:$N$56,MATCH("ноябрь",'[1]2024'!$B$3:$N$3,0),0) -> 192297.35
A43: по четвертой ценовой категории, МВт*ч | H43: =VLOOKUP(A43,'[1]2024'!$B$4:$N$56,MATCH("ноябрь",'[1]2024'!$B$3:$N$3,0),0) -> 22186.028
A44: по пятой ценовой категории, МВт*ч | H44: =VLOOKUP(A44,'[1]2024'!$B$4:$N$56,MATCH("ноябрь",'[1]2024'!$B$3:$N$3,0),0) -> 0
A45: по шестой ценовой категории, МВт*ч | H45: =VLOOKUP(A45,'[1]2024'!$B$4:$N$56,MATCH("ноябрь",'[1]2024'!$B$3:$N$3,0),0) -> 0
A46: м) Объем потребления электрической энергии населением и приравненными к нему категориями потребителей, МВт*ч | H46: =VLOOKUP(A46,'[1]2024'!$B$4:$N$56,MATCH("ноябрь",'[1]2024'!$B$3:$N$3,0),0) -> 400531.1
A47: н) Величина изменения средневзвешенной нерегулируемой цены на электрическую энергию (мощность), связанная с учетом данных за предыдущие расчетные периоды, руб/МВт*ч | H47: =VLOOKUP(A47,'[1]2024'!$B$4:$N$56,MATCH("ноябрь",'[1]2024'!$B$3:$N$3,0),0) -> 0
A48: 4. Плата за услуги по управлению изменением режима потребления электрической энергии для потребителей, осуществляющих расчеты по первой и второй ценовым категориям, руб/МВт*ч | H48: ='1, 2 ц.к.'!E10 -> 0.83
A49: а) Средневзвешенная цена услуг по управлению изменением режима потребления электрической энергии, руб/МВт | H49: =OFFSET('[1]2024'!$B$3,90,MATCH("ноябрь",'[1]2024'!$C$3:$N$3,0)) -> #VALUE!
A50: б) Коэффициент оплаты услуг по управлению изменением режима потребления электрической энергии потребителями (покупателями), осуществляющими расчеты по первой и второй ценовым категориям | H50: =OFFSET('[1]2024'!$B$3,91,MATCH("ноябрь",'[1]2024'!$C$3:$N$3,0)) -> #VALUE!
A51: в) Величина мощности, учитываемая при расчете коэффициента оплаты услуг по управлению изменением режима потребления электрической энергии потребителями (покупателями), осуществляющими расчеты по первой и второй ценовым категориям, МВт | H51: =OFFSET('[1]2024'!$B$3,92,MATCH("ноябрь",'[1]2024'!$C$3:$N$3,0)) -> #VALUE!
A52: г) Сумма объемов потребления электрической энергии потребителями (покупателями), осуществляющими расчеты по первой и второй ценовым категориям, МВт*ч | H52: =OFFSET('[1]2024'!$B$3,94,MATCH("ноябрь",'[1]2024'!$C$3:$N$3,0))+H41 -> #VALUE!
A53: в том числе:
A54: по первой ценовой категории, МВт*ч | H54: =OFFSET('[1]2024'!$B$3,94,MATCH("ноябрь",'[1]2024'!$C$3:$N$3,0)) -> #VALUE!
A55: по второй ценовой категории, МВт*ч | H55: =H41 -> 907.285
A57: II. ВТОРАЯ ЦЕНОВАЯ КАТЕГОРИЯ (для объемов покупки электрической энергии (мощности). учет которых осуществляется по зонам суток расчетного периода)
A59: 1. Предельный уровень нерегулируемых цен для трех зон суток. руб/МВт*чбез НДС
A60: Зоны суток | E60: По договорам энергоснабжения | I60: По договорам купли-продажи
E61: ВН | F61: СН1 | G61: СН11 | H61: НН | I61: ВН | J61: СН1 | K61: СН11 | L61: НН
A62: Ночная зона | E62: ='1, 2 ц.к.'!K14 -> 5837.48 | F62: ='1, 2 ц.к.'!L14 -> 6189.7 | G62: ='1, 2 ц.к.'!M14 -> 6333.54 | H62: ='1, 2 ц.к.'!N14 -> 7315.35 | I62: ='1, 2 ц.к.'!O14 -> 2631.7 | J62: ='1, 2 ц.к.'!P14 -> 2631.7 | K62: ='1, 2 ц.к.'!Q14 -> 2631.7 | L62: ='1, 2 ц.к.'!R14 -> 2631.7
A63: Полупиковая зона | E63: ='1, 2 ц.к.'!K15 -> 8137.81 | F63: ='1, 2 ц.к.'!L15 -> 8490.03 | G63: ='1, 2 ц.к.'!M15 -> 8633.87 | H63: ='1, 2 ц.к.'!N15 -> 9615.68 | I63: ='1, 2 ц.к.'!O15 -> 4932.03 | J63: ='1, 2 ц.к.'!P15 -> 4932.03 | K63: ='1, 2 ц.к.'!Q15 -> 4932.03 | L63: ='1, 2 ц.к.'!R15 -> 4932.03
A64: Пиковая зона | E64: ='1, 2 ц.к.'!K16 -> 15533.04 | F64: ='1, 2 ц.к.'!L16 -> 15885.26 | G64: ='1, 2 ц.к.'!M16 -> 16029.1 | H64: ='1, 2 ц.к.'!N16 -> 17010.91 | I64: ='1, 2 ц.к.'!O16 -> 12327.26 | J64: ='1, 2 ц.к.'!P16 -> 12327.26 | K64: ='1, 2 ц.к.'!Q16 -> 12327.26 | L64: ='1, 2 ц.к.'!R16 -> 12327.26
A66: 2. Предельный уровень нерегулируемых цен для двух зон суток. руб/МВт*чбез НДС
A67: Зоны суток | E67: По договорам энергоснабжения | I67: По договорам купли-продажи
E68: ВН | F68: СН1 | G68: СН11 | H68: НН | I68: ВН | J68: СН1 | K68: СН11 | L68: НН
A69: Ночная зона | E69: ='1, 2 ц.к.'!K18 -> 5837.48 | F69: ='1, 2 ц.к.'!L18 -> 6189.7 | G69: ='1, 2 ц.к.'!M18 -> 6333.54 | H69: ='1, 2 ц.к.'!N18 -> 7315.35 | I69: ='1, 2 ц.к.'!O18 -> 2631.7 | J69: ='1, 2 ц.к.'!P18 -> 2631.7 | K69: ='1, 2 ц.к.'!Q18 -> 2631.7 | L69: ='1, 2 ц.к.'!R18 -> 2631.7
A70: Дневная зона | E70: ='1, 2 ц.к.'!K19 -> 10316.47 | F70: ='1, 2 ц.к.'!L19 -> 10668.69 | G70: ='1, 2 ц.к.'!M19 -> 10812.53 | H70: ='1, 2 ц.к.'!N19 -> 11794.34 | I70: ='1, 2 ц.к.'!O19 -> 7110.69 | J70: ='1, 2 ц.к.'!P19 -> 7110.69 | K70: ='1, 2 ц.к.'!Q19 -> 7110.69 | L70: ='1, 2 ц.к.'!R19 -> 7110.69
A73: III. ТРЕТЬЯ ЦЕНОВАЯ КАТЕГОРИЯ (для объемов покупки электрической энергии (мощности). в отношении которых в расчетном периоде осуществляется почасовой учет. и стоимость услуг по передаче электрической энергии определяется по цене услуг в одноставочном исчислении)
A75: 1. Ставка за электрическую энергию предельного уровня нерегулируемых цен. руб/МВт*чбез НДС
A76: Дата | B76: Ставка для фактических почасовых объемов покупки электрической энергии. отпущенных на уровне напряжения ВН
B79: 0:00-1:00 | C79: 1:00-2:00 | D79: 2:00-3:00 | E79: 3:00-4:00 | F79: 4:00-5:00 | G79: 5:00-6:00 | H79: 6:00-7:00 | I79: 7:00-8:00 | J79: 8:00-9:00 | K79: 9:00-10:00 | L79: 10:00-11:00 | M79: 11:00-12:00 | N79: 12:00-13:00 | O79: 13:00-14:00 | P79: 14:00-15:00 | Q79: 15:00-16:00 | R79: 16:00-17:00 | S79: 17:00-18:00 | T79: 18:00-19:00 | U79: 19:00-20:00 | V79: 20:00-21:00 | W79: 21:00-22:00 | X79: 22:00-23:00 | Y79: 23:00-0:00
A80: 1 | B80: ='третья ц.к.'!$L$10 -> 5692.92 | C80: ='третья ц.к.'!$L$11 -> 5671.57 | D80: ='третья ц.к.'!$L$12 -> 5671.54 | E80: ='третья ц.к.'!$L$13 -> 5580.87 | F80: ='третья ц.к.'!$L$14 -> 5633.79 | G80: ='третья ц.к.'!$L$15 -> 5981.44 | H80: ='третья ц.к.'!$L$16 -> 6048.82 | I80: ='третья ц.к.'!$L$17 -> 6392.1 | J80: ='третья ц.к.'!$L$18 -> 6615.29 | K80: ='третья ц.к.'!$L$19 -> 6643.91 | L80: ='третья ц.к.'!$L$20 -> 6617.17 | M80: ='третья ц.к.'!$L$21 -> 6561.8 | N80: ='третья ц.к.'!$L$22 -> 6542.36 | O80: ='третья ц.к.'!$L$23 -> 6560.25 | P80: ='третья ц.к.'!$L$24 -> 6553.06 | Q80: ='третья ц.к.'!$L$25 -> 6541.29 | R80: ='третья ц.к.'!$L$26 -> 6522.8 | S80: ='третья ц.к.'!$L$27 -> 6541.95 | T80: ='третья ц.к.'!$L$28 -> 6570.52 | U80: ='третья ц.к.'!$L$29 -> 6552.44 | V80: ='третья ц.к.'!$L$30 -> 6474.57 | W80: ='третья ц.к.'!$L$31 -> 6433.39 | X80: ='третья ц.к.'!$L$32 -> 6124.05 | Y80: ='третья ц.к.'!$L$33 -> 5787.03
A81: =A80+1 -> 2 | B81: ='третья ц.к.'!$L$34 -> 5496.81 | C81: ='третья ц.к.'!$L$35 -> 5414.84 | D81: ='третья ц.к.'!$L$36 -> 5366.56 | E81: ='третья ц.к.'!$L$37 -> 5325.67 | F81: ='третья ц.к.'!$L$38 -> 5351.98 | G81: ='третья ц.к.'!$L$39 -> 5533.22 | H81: ='третья ц.к.'!$L$40 -> 5695.38 | I81: ='третья ц.к.'!$L$41 -> 5967.78 | J81: ='третья ц.к.'!$L$42 -> 6241.48 | K81: ='третья ц.к.'!$L$43 -> 6301.82 | L81: ='третья ц.к.'!$L$44 -> 6305.98 | M81: ='третья ц.к.'!$L$45 -> 6299.15 | N81: ='третья ц.к.'!$L$46 -> 6292.14 | O81: ='третья ц.к.'!$L$47 -> 6294.58 | P81: ='третья ц.к.'!$L$48 -> 6292.52 | Q81: ='третья ц.к.'!$L$49 -> 6294.88 | R81: ='третья ц.к.'!$L$50 -> 6277.82 | S81: ='третья ц.к.'!$L$51 -> 6312.5 | T81: ='третья ц.к.'!$L$52 -> 6328.58 | U81: ='третья ц.к.'!$L$53 -> 6331.34 | V81: ='третья ц.к.'!$L$54 -> 6315.21 | W81: ='третья ц.к.'!$L$55 -> 6240.04 | X81: ='третья ц.к.'!$L$56 -> 5987.29 | Y81: ='третья ц.к.'!$L$57 -> 5805.52
A82: =A81+1 -> 3 | B82: ='третья ц.к.'!$L$58 -> 5725.7 | C82: ='третья ц.к.'!$L$59 -> 5628.5 | D82: ='третья ц.к.'!$L$60 -> 5632.97 | E82: ='третья ц.к.'!$L$61 -> 5557.26 | F82: ='третья ц.к.'!$L$62 -> 5626.57 | G82: ='третья ц.к.'!$L$63 -> 5703.57 | H82: ='третья ц.к.'!$L$64 -> 5842.31 | I82: ='третья ц.к.'!$L$65 -> 5984.09 | J82: ='третья ц.к.'!$L$66 -> 6384.98 | K82: ='третья ц.к.'!$L$67 -> 6440.64 | L82: ='третья ц.к.'!$L$68 -> 6461.35 | M82: ='третья ц.к.'!$L$69 -> 6460.88 | N82: ='третья ц.к.'!$L$70 -> 6453.72 | O82: ='третья ц.к.'!$L$71 -> 6444.31 | P82: ='третья ц.к.'!$L$72 -> 6454.16 | Q82: ='третья ц.к.'!$L$73 -> 6464.65 | R82: ='третья ц.к.'!$L$74 -> 6487.09 | S82: ='третья ц.к.'!$L$75 -> 6514.72 | T82: ='третья ц.к.'!$L$76 -> 6551.05 | U82: ='третья ц.к.'!$L$77 -> 6561.89 | V82: ='третья ц.к.'!$L$78 -> 6522.36 | W82: ='третья ц.к.'!$L$79 -> 6486.74 | X82: ='третья ц.к.'!$L$80 -> 6193.79 | Y82: ='третья ц.к.'!$L$81 -> 5952.93
A83: =A82+1 -> 4 | B83: ='третья ц.к.'!$L$82 -> 5797.53 | C83: ='третья ц.к.'!$L$83 -> 5691.42 | D83: ='третья ц.к.'!$L$84 -> 5633.15 | E83: ='третья ц.к.'!$L$85 -> 5622.89 | F83: ='третья ц.к.'!$L$86 -> 5483.08 | G83: ='третья ц.к.'!$L$87 -> 5625.13 | H83: ='третья ц.к.'!$L$88 -> 5689.01 | I83: ='третья ц.к.'!$L$89 -> 5775.95 | J83: ='третья ц.к.'!$L$90 -> 5915.8 | K83: ='третья ц.к.'!$L$91 -> 6137.73 | L83: ='третья ц.к.'!$L$92 -> 6235.41 | M83: ='третья ц.к.'!$L$93 -> 6244.88 | N83: ='третья ц.к.'!$L$94 -> 6240.89 | O83: ='третья ц.к.'!$L$95 -> 6245.52 | P83: ='третья ц.к.'!$L$96 -> 6248.92 | Q83: ='третья ц.к.'!$L$97 -> 6256.42 | R83: ='третья ц.к.'!$L$98 -> 6252.92 | S83: ='третья ц.к.'!$L$99 -> 6289.52 | T83: ='третья ц.к.'!$L$100 -> 6316.42 | U83: ='третья ц.к.'!$L$101 -> 6281.26 | V83: ='третья ц.к.'!$L$102 -> 6260.76 | W83: ='третья ц.к.'!$L$103 -> 6240.63 | X83: ='третья ц.к.'!$L$104 -> 5972.71 | Y83: ='третья ц.к.'!$L$105 -> 5635.81
A84: =A83+1 -> 5 | B84: ='третья ц.к.'!$L$106 -> 5565.96 | C84: ='третья ц.к.'!$L$107 -> 5467.56 | D84: ='третья ц.к.'!$L$108 -> 5450.01 | E84: ='третья ц.к.'!$L$109 -> 5464.67 | F84: ='третья ц.к.'!$L$110 -> 5480.46 | G84: ='третья ц.к.'!$L$111 -> 5599.77 | H84: ='третья ц.к.'!$L$112 -> 5786.92 | I84: ='третья ц.к.'!$L$113 -> 6035.2 | J84: ='третья ц.к.'!$L$114 -> 6420.54 | K84: ='третья ц.к.'!$L$115 -> 6540.12 | L84: ='третья ц.к.'!$L$116 -> 6496.02 | M84: ='третья ц.к.'!$L$117 -> 6499.06 | N84: ='третья ц.к.'!$L$118 -> 6476.54 | O84: ='третья ц.к.'!$L$119 -> 6479.8 | P84: ='третья ц.к.'!$L$120 -> 6481.6 | Q84: ='третья ц.к.'!$L$121 -> 6509.09 | R84: ='третья ц.к.'!$L$122 -> 6537.16 | S84: ='третья ц.к.'!$L$123 -> 6577.92 | T84: ='третья ц.к.'!$L$124 -> 6580.69 | U84: ='третья ц.к.'!$L$125 -> 6571.25 | V84: ='третья ц.к.'!$L$126 -> 6505.35 | W84: ='третья ц.к.'!$L$127 -> 6402.4 | X84: ='третья ц.к.'!$L$128 -> 6020.11 | Y84: ='третья ц.к.'!$L$129 -> 5737.4
A85: =A84+1 -> 6 | B85: ='третья ц.к.'!$L$130 -> 5558 | C85: ='третья ц.к.'!$L$131 -> 5482.56 | D85: ='третья ц.к.'!$L$132 -> 5384.1 | E85: ='третья ц.к.'!$L$133 -> 5442.56 | F85: ='третья ц.к.'!$L$134 -> 5505.95 | G85: ='третья ц.к.'!$L$135 -> 5605.32 | H85: ='третья ц.к.'!$L$136 -> 5858.42 | I85: ='третья ц.к.'!$L$137 -> 6123.07 | J85: ='третья ц.к.'!$L$138 -> 6483.52 | K85: ='третья ц.к.'!$L$139 -> 6584.93 | L85: ='третья ц.к.'!$L$140 -> 6554.19 | M85: ='третья ц.к.'!$L$141 -> 6545.1 | N85: ='третья ц.к.'!$L$142 -> 6514.78 | O85: ='третья ц.к.'!$L$143 -> 6538.23 | P85: ='третья ц.к.'!$L$144 -> 6535.03 | Q85: ='третья ц.к.'!$L$145 -> 6577.85 | R85: ='третья ц.к.'!$L$146 -> 6581.86 | S85: ='третья ц.к.'!$L$147 -> 6602.27 | T85: ='третья ц.к.'!$L$148 -> 6593.1 | U85: ='третья ц.к.'!$L$149 -> 6567.26 | V85: ='третья ц.к.'!$L$150 -> 6449.6 | W85: ='третья ц.к.'!$L$151 -> 6372.47 | X85: ='третья ц.к.'!$L$152 -> 6188.17 | Y85: ='третья ц.к.'!$L$153 -> 5716.74
A86: =A85+1 -> 7 | B86: ='третья ц.к.'!$L$154 -> 5546.72 | C86: ='третья ц.к.'!$L$155 -> 5501.71 | D86: ='третья ц.к.'!$L$156 -> 5421.4 | E86: ='третья ц.к.'!$L$157 -> 5463.03 | F86: ='третья ц.к.'!$L$158 -> 5501.17 | G86: ='третья ц.к.'!$L$159 -> 5725.61 | H86: ='третья ц.к.'!$L$160 -> 5948.81 | I86: ='третья ц.к.'!$L$161 -> 6329.45 | J86: ='третья ц.к.'!$L$162 -> 6504.54 | K86: ='третья ц.к.'!$L$163 -> 6560.26 | L86: ='третья ц.к.'!$L$164 -> 6547.69 | M86: ='третья ц.к.'!$L$165 -> 6541.84 | N86: ='третья ц.к.'!$L$166 -> 6527.94 | O86: ='третья ц.к.'!$L$167 -> 6547.91 | P86: ='третья ц.к.'!$L$168 -> 6547.87 | Q86: ='третья ц.к.'!$L$169 -> 6565.34 | R86: ='третья ц.к.'!$L$170 -> 6577.26 | S86: ='третья ц.к.'!$L$171 -> 6669.93 | T86: ='третья ц.к.'!$L$172 -> 6619.3 | U86: ='третья ц.к.'!$L$173 -> 6598.3 | V86: ='третья ц.к.'!$L$174 -> 6522.14 | W86: ='третья ц.к.'!$L$175 -> 6476.79 | X86: ='третья ц.к.'!$L$176 -> 6357.11 | Y86: ='третья ц.к.'!$L$177 -> 6254.55
A87: =A86+1 -> 8 | B87: ='третья ц.к.'!$L$178 -> 6208.78 | C87: ='третья ц.к.'!$L$179 -> 5757.73 | D87: ='третья ц.к.'!$L$180 -> 5633.76 | E87: ='третья ц.к.'!$L$181 -> 5652.86 | F87: ='третья ц.к.'!$L$182 -> 5753.94 | G87: ='третья ц.к.'!$L$183 -> 6378.07 | H87: ='третья ц.к.'!$L$184 -> 6533.92 | I87: ='третья ц.к.'!$L$185 -> 6600.78 | J87: ='третья ц.к.'!$L$186 -> 6846.17 | K87: ='третья ц.к.'!$L$187 -> 6885.35 | L87: ='третья ц.к.'!$L$188 -> 6849.99 | M87: ='третья ц.к.'!$L$189 -> 6836.57 | N87: ='третья ц.к.'!$L$190 -> 6809.42 | O87: ='третья ц.к.'!$L$191 -> 6823.48 | P87: ='третья ц.к.'!$L$192 -> 6824.77 | Q87: ='третья ц.к.'!$L$193 -> 6840.79 | R87: ='третья ц.к.'!$L$194 -> 6857.93 | S87: ='третья ц.к.'!$L$195 -> 6913.21 | T87: ='третья ц.к.'!$L$196 -> 6956.97 | U87: ='третья ц.к.'!$L$197 -> 6923.62 | V87: ='третья ц.к.'!$L$198 -> 6833.95 | W87: ='третья ц.к.'!$L$199 -> 6806.81 | X87: ='третья ц.к.'!$L$200 -> 6549.56 | Y87: ='третья ц.к.'!$L$201 -> 6463.76
A88: =A87+1 -> 9 | B88: ='третья ц.к.'!$L$202 -> 6020.4 | C88: ='третья ц.к.'!$L$203 -> 5713.07 | D88: ='третья ц.к.'!$L$204 -> 5634.67 | E88: ='третья ц.к.'!$L$205 -> 5626.35 | F88: ='третья ц.к.'!$L$206 -> 5647.92 | G88: ='третья ц.к.'!$L$207 -> 5864.41 | H88: ='третья ц.к.'!$L$208 -> 6239.8 | I88: ='третья ц.к.'!$L$209 -> 6317.3 | J88: ='третья ц.к.'!$L$210 -> 6478.41 | K88: ='третья ц.к.'!$L$211 -> 6653.15 | L88: ='третья ц.к.'!$L$212 -> 6611.02 | M88: ='третья ц.к.'!$L$213 -> 6599.82 | N88: ='третья ц.к.'!$L$214 -> 6585.46 | O88: ='третья ц.к.'!$L$215 -> 6577.77 | P88: ='третья ц.к.'!$L$216 -> 6568.26 | Q88: ='третья ц.к.'!$L$217 -> 6577.03 | R88: ='третья ц.к.'!$L$218 -> 6593.83 | S88: ='третья ц.к.'!$L$219 -> 6714.34 | T88: ='третья ц.к.'!$L$220 -> 6559.99 | U88: ='третья ц.к.'!$L$221 -> 6554.44 | V88: ='третья ц.к.'!$L$222 -> 6544.45 | W88: ='третья ц.к.'!$L$223 -> 6481.2 | X88: ='третья ц.к.'!$L$224 -> 6361.42 | Y88: ='третья ц.к.'!$L$225 -> 6224.49
A89: =A88+1 -> 10 | B89: ='третья ц.к.'!$L$226 -> 5818.13 | C89: ='третья ц.к.'!$L$227 -> 5653.02 | D89: ='третья ц.к.'!$L$228 -> 5575.47 | E89: ='третья ц.к.'!$L$229 -> 5576.06 | F89: ='третья ц.к.'!$L$230 -> 5582.3 | G89: ='третья ц.к.'!$L$231 -> 5686.88 | H89: ='третья ц.к.'!$L$232 -> 5936.17 | I89: ='третья ц.к.'!$L$233 -> 6239.64 | J89: ='третья ц.к.'!$L$234 -> 6376.08 | K89: ='третья ц.к.'!$L$235 -> 6476.71 | L89: ='третья ц.к.'!$L$236 -> 6498.41 | M89: ='третья ц.к.'!$L$237 -> 6514.9 | N89: ='третья ц.к.'!$L$238 -> 6510.3 | O89: ='третья ц.к.'!$L$239 -> 6516.28 | P89: ='третья ц.к.'!$L$240 -> 6520.24 | Q89: ='третья ц.к.'!$L$241 -> 6542.98 | R89: ='третья ц.к.'!$L$242 -> 6538.84 | S89: ='третья ц.к.'!$L$243 -> 6594.26 | T89: ='третья ц.к.'!$L$244 -> 6590.58 | U89: ='третья ц.к.'!$L$245 -> 6584.52 | V89: ='третья ц.к.'!$L$246 -> 6539.41 | W89: ='третья ц.к.'!$L$247 -> 6484.98 | X89: ='третья ц.к.'!$L$248 -> 6415.65 | Y89: ='третья ц.к.'!$L$249 -> 6241.18
A90: =A89+1 -> 11 | B90: ='третья ц.к.'!$L$250 -> 5858.17 | C90: ='третья ц.к.'!$L$251 -> 5676.74 | D90: ='третья ц.к.'!$L$252 -> 5580.48 | E90: ='третья ц.к.'!$L$253 -> 5587.44 | F90: ='третья ц.к.'!$L$254 -> 5603.22 | G90: ='третья ц.к.'!$L$255 -> 5862.43 | H90: ='третья ц.к.'!$L$256 -> 6253.92 | I90: ='третья ц.к.'!$L$257 -> 6441.79 | J90: ='третья ц.к.'!$L$258 -> 6598.2 | K90: ='третья ц.к.'!$L$259 -> 6661.74 | L90: ='третья ц.к.'!$L$260 -> 6638.11 | M90: ='третья ц.к.'!$L$261 -> 6628.13 | N90: ='третья ц.к.'!$L$262 -> 6615.4 | O90: ='третья ц.к.'!$L$263 -> 6621.65 | P90: ='третья ц.к.'!$L$264 -> 6644.26 | Q90: ='третья ц.к.'!$L$265 -> 6636.42 | R90: ='третья ц.к.'!$L$266 -> 6639.86 | S90: ='третья ц.к.'!$L$267 -> 6727.93 | T90: ='третья ц.к.'!$L$268 -> 6761.04 | U90: ='третья ц.к.'!$L$269 -> 6736.56 | V90: ='третья ц.к.'!$L$270 -> 6540.04 | W90: ='третья ц.к.'!$L$271 -> 6483.01 | X90: ='третья ц.к.'!$L$272 -> 6334.02 | Y90: ='третья ц.к.'!$L$273 -> 5950.59
A91: =A90+1 -> 12 | B91: ='третья ц.к.'!$L$274 -> 5856.45 | C91: ='третья ц.к.'!$L$275 -> 5681 | D91: ='третья ц.к.'!$L$276 -> 5602.86 | E91: ='третья ц.к.'!$L$277 -> 5608.58 | F91: ='третья ц.к.'!$L$278 -> 5612.26 | G91: ='третья ц.к.'!$L$279 -> 5854.34 | H91: ='третья ц.к.'!$L$280 -> 6337.87 | I91: ='третья ц.к.'!$L$281 -> 6431.46 | J91: ='третья ц.к.'!$L$282 -> 6555.15 | K91: ='третья ц.к.'!$L$283 -> 6553.57 | L91: ='третья ц.к.'!$L$284 -> 6583.24 | M91: ='третья ц.к.'!$L$285 -> 6542.34 | N91: ='третья ц.к.'!$L$286 -> 6539.06 | O91: ='третья ц.к.'!$L$287 -> 6544.64 | P91: ='третья ц.к.'!$L$288 -> 6542.47 | Q91: ='третья ц.к.'!$L$289 -> 6546.46 | R91: ='третья ц.к.'!$L$290 -> 6549.7 | S91: ='третья ц.к.'!$L$291 -> 6715.09 | T91: ='третья ц.к.'!$L$292 -> 6677.56 | U91: ='третья ц.к.'!$L$293 -> 6639.92 | V91: ='третья ц.к.'!$L$294 -> 6547.87 | W91: ='третья ц.к.'!$L$295 -> 6477.63 | X91: ='третья ц.к.'!$L$296 -> 6217.5 | Y91: ='третья ц.к.'!$L$297 -> 6009.27
A92: =A91+1 -> 13 | B92: ='третья ц.к.'!$L$298 -> 5664.65 | C92: ='третья ц.к.'!$L$299 -> 5576.54 | D92: ='третья ц.к.'!$L$300 -> 5497.67 | E92: ='третья ц.к.'!$L$301 -> 5476.15 | F92: ='третья ц.к.'!$L$302 -> 5490.11 | G92: ='третья ц.к.'!$L$303 -> 5727.24 | H92: ='третья ц.к.'!$L$304 -> 6207.22 | I92: ='третья ц.к.'!$L$305 -> 6443.53 | J92: ='третья ц.к.'!$L$306 -> 6544.43 | K92: ='третья ц.к.'!$L$307 -> 6602.53 | L92: ='третья ц.к.'!$L$308 -> 6579.19 | M92: ='третья ц.к.'!$L$309 -> 6579.2 | N92: ='третья ц.к.'!$L$310 -> 6606.82 | O92: ='третья ц.к.'!$L$311 -> 6638.21 | P92: ='третья ц.к.'!$L$312 -> 6639.65 | Q92: ='третья ц.к.'!$L$313 -> 6650.46 | R92: ='третья ц.к.'!$L$314 -> 6667.55 | S92: ='третья ц.к.'!$L$315 -> 6733.07 | T92: ='третья ц.к.'!$L$316 -> 6772.25 | U92: ='третья ц.к.'!$L$317 -> 6746.43 | V92: ='третья ц.к.'!$L$318 -> 6691.77 | W92: ='третья ц.к.'!$L$319 -> 6847.01 | X92: ='третья ц.к.'!$L$320 -> 6251.71 | Y92: ='третья ц.к.'!$L$321 -> 6107.27
A93: =A92+1 -> 14 | B93: ='третья ц.к.'!$L$322 -> 6151.75 | C93: ='третья ц.к.'!$L$323 -> 5854.22 | D93: ='третья ц.к.'!$L$324 -> 5696.78 | E93: ='третья ц.к.'!$L$325 -> 5706.4 | F93: ='третья ц.к.'!$L$326 -> 5851.79 | G93: ='третья ц.к.'!$L$327 -> 6161.89 | H93: ='третья ц.к.'!$L$328 -> 6464.4 | I93: ='третья ц.к.'!$L$329 -> 6610.89 | J93: ='третья ц.к.'!$L$330 -> 7106.5 | K93: ='третья ц.к.'!$L$331 -> 7180.71 | L93: ='третья ц.к.'!$L$332 -> 7150.41 | M93: ='третья ц.к.'!$L$333 -> 7140.52 | N93: ='третья ц.к.'!$L$334 -> 7116.74 | O93: ='третья ц.к.'!$L$335 -> 7141.99 | P93: ='третья ц.к.'!$L$336 -> 7138.92 | Q93: ='третья ц.к.'!$L$337 -> 7143.02 | R93: ='третья ц.к.'!$L$338 -> 7138.44 | S93: ='третья ц.к.'!$L$339 -> 7208.2 | T93: ='третья ц.к.'!$L$340 -> 7218.81 | U93: ='третья ц.к.'!$L$341 -> 7149.75 | V93: ='третья ц.к.'!$L$342 -> 7088.18 | W93: ='третья ц.к.'!$L$343 -> 7001.81 | X93: ='третья ц.к.'!$L$344 -> 6458.82 | Y93: ='третья ц.к.'!$L$345 -> 6285.72
A94: =A93+1 -> 15 | B94: ='третья ц.к.'!$L$346 -> 6307.02 | C94: ='третья ц.к.'!$L$347 -> 5874.29 | D94: ='третья ц.к.'!$L$348 -> 5731.28 | E94: ='третья ц.к.'!$L$349 -> 5751.31 | F94: ='третья ц.к.'!$L$350 -> 5848.32 | G94: ='третья ц.к.'!$L$351 -> 6331.73 | H94: ='третья ц.к.'!$L$352 -> 6463.95 | I94: ='третья ц.к.'!$L$353 -> 6699.82 | J94: ='третья ц.к.'!$L$354 -> 7035.23 | K94: ='третья ц.к.'!$L$355 -> 7114.72 | L94: ='третья ц.к.'!$L$356 -> 7085.98 | M94: ='третья ц.к.'!$L$357 -> 7069.29 | N94: ='третья ц.к.'!$L$358 -> 7054.29 | O94: ='третья ц.к.'!$L$359 -> 7062.23 | P94: ='третья ц.к.'!$L$360 -> 7048.84 | Q94: ='третья ц.к.'!$L$361 -> 7059.67 | R94: ='третья ц.к.'!$L$362 -> 7093.95 | S94: ='третья ц.к.'!$L$363 -> 7149.39 | T94: ='третья ц.к.'!$L$364 -> 7505.74 | U94: ='третья ц.к.'!$L$365 -> 7122.91 | V94: ='третья ц.к.'!$L$366 -> 7013.18 | W94: ='третья ц.к.'!$L$367 -> 6949.02 | X94: ='третья ц.к.'!$L$368 -> 6513.81 | Y94: ='третья ц.к.'!$L$369 -> 6431.94
A95: =A94+1 -> 16 | B95: ='третья ц.к.'!$L$370 -> 6371.07 | C95: ='третья ц.к.'!$L$371 -> 6196.4 | D95: ='третья ц.к.'!$L$372 -> 6005.11 | E95: ='третья ц.к.'!$L$373 -> 5998.38 | F95: ='третья ц.к.'!$L$374 -> 5966.86 | G95: ='третья ц.к.'!$L$375 -> 6311.01 | H95: ='третья ц.к.'!$L$376 -> 6441.51 | I95: ='третья ц.к.'!$L$377 -> 6493.92 | J95: ='третья ц.к.'!$L$378 -> 6899.63 | K95: ='третья ц.к.'!$L$379 -> 6993.76 | L95: ='третья ц.к.'!$L$380 -> 6964.36 | M95: ='третья ц.к.'!$L$381 -> 6958.12 | N95: ='третья ц.к.'!$L$382 -> 6933 | O95: ='третья ц.к.'!$L$383 -> 6931.25 | P95: ='третья ц.к.'!$L$384 -> 6955.2 | Q95: ='третья ц.к.'!$L$385 -> 6954.06 | R95: ='третья ц.к.'!$L$386 -> 6965.95 | S95: ='третья ц.к.'!$L$387 -> 7010.93 | T95: ='третья ц.к.'!$L$388 -> 7064.61 | U95: ='третья ц.к.'!$L$389 -> 7039.14 | V95: ='третья ц.к.'!$L$390 -> 6995.69 | W95: ='третья ц.к.'!$L$391 -> 6985.53 | X95: ='третья ц.к.'!$L$392 -> 6792.5 | Y95: ='третья ц.к.'!$L$393 -> 6422.71
A96: =A95+1 -> 17 | B96: ='третья ц.к.'!$L$394 -> 6277.5 | C96: ='третья ц.к.'!$L$395 -> 6300.88 | D96: ='третья ц.к.'!$L$396 -> 5880.18 | E96: ='третья ц.к.'!$L$397 -> 5911.92 | F96: ='третья ц.к.'!$L$398 -> 5950.84 | G96: ='третья ц.к.'!$L$399 -> 6165.92 | H96: ='третья ц.к.'!$L$400 -> 6337.03 | I96: ='третья ц.к.'!$L$401 -> 6437.08 | J96: ='третья ц.к.'!$L$402 -> 6768.79 | K96: ='третья ц.к.'!$L$403 -> 6828.16 | L96: ='третья ц.к.'!$L$404 -> 6766.15 | M96: ='третья ц.к.'!$L$405 -> 6842.48 | N96: ='третья ц.к.'!$L$406 -> 6818.52 | O96: ='третья ц.к.'!$L$407 -> 6841.93 | P96: ='третья ц.к.'!$L$408 -> 6857.03 | Q96: ='третья ц.к.'!$L$409 -> 6859.63 | R96: ='третья ц.к.'!$L$410 -> 6867.79 | S96: ='третья ц.к.'!$L$411 -> 6883.25 | T96: ='третья ц.к.'!$L$412 -> 6960.35 | U96: ='третья ц.к.'!$L$413 -> 6931.11 | V96: ='третья ц.к.'!$L$414 -> 6836.2 | W96: ='третья ц.к.'!$L$415 -> 6808.01 | X96: ='третья ц.к.'!$L$416 -> 6731.22 | Y96: ='третья ц.к.'!$L$417 -> 6435.74
A97: =A96+1 -> 18 | B97: ='третья ц.к.'!$L$418 -> 6225.14 | C97: ='третья ц.к.'!$L$419 -> 5838.82 | D97: ='третья ц.к.'!$L$420 -> 5713.62 | E97: ='третья ц.к.'!$L$421 -> 5701.7 | F97: ='третья ц.к.'!$L$422 -> 5840.02 | G97: ='третья ц.к.'!$L$423 -> 6063.09 | H97: ='третья ц.к.'!$L$424 -> 6403.95 | I97: ='третья ц.к.'!$L$425 -> 6584.79 | J97: ='третья ц.к.'!$L$426 -> 6844.94 | K97: ='третья ц.к.'!$L$427 -> 6895.89 | L97: ='третья ц.к.'!$L$428 -> 6874.78 | M97: ='третья ц.к.'!$L$429 -> 6785.98 | N97: ='третья ц.к.'!$L$430 -> 6761.9 | O97: ='третья ц.к.'!$L$431 -> 6824.2 | P97: ='третья ц.к.'!$L$432 -> 6747.16 | Q97: ='третья ц.к.'!$L$433 -> 6749.13 | R97: ='третья ц.к.'!$L$434 -> 6752.79 | S97: ='третья ц.к.'!$L$435 -> 6876.83 | T97: ='третья ц.к.'!$L$436 -> 6930.46 | U97: ='третья ц.к.'!$L$437 -> 6899.43 | V97: ='третья ц.к.'!$L$438 -> 6884.22 | W97: ='третья ц.к.'!$L$439 -> 6823.53 | X97: ='третья ц.к.'!$L$440 -> 6474.74 | Y97: ='третья ц.к.'!$L$441 -> 6270.89
A98: =A97+1 -> 19 | B98: ='третья ц.к.'!$L$442 -> 6141.59 | C98: ='третья ц.к.'!$L$443 -> 5804.39 | D98: ='третья ц.к.'!$L$444 -> 5705.65 | E98: ='третья ц.к.'!$L$445 -> 5700.1 | F98: ='третья ц.к.'!$L$446 -> 5758.93 | G98: ='третья ц.к.'!$L$447 -> 6101.89 | H98: ='третья ц.к.'!$L$448 -> 6375.96 | I98: ='третья ц.к.'!$L$449 -> 6667.13 | J98: ='третья ц.к.'!$L$450 -> 7334.36 | K98: ='третья ц.к.'!$L$451 -> 7334.41 | L98: ='третья ц.к.'!$L$452 -> 7337.82 | M98: ='третья ц.к.'!$L$453 -> 7299.57 | N98: ='третья ц.к.'!$L$454 -> 7294.36 | O98: ='третья ц.к.'!$L$455 -> 7047.17 | P98: ='третья ц.к.'!$L$456 -> 7024.05 | Q98: ='третья ц.к.'!$L$457 -> 7344.54 | R98: ='третья ц.к.'!$L$458 -> 7382.31 | S98: ='третья ц.к.'!$L$459 -> 7089.34 | T98: ='третья ц.к.'!$L$460 -> 7471.74 | U98: ='третья ц.к.'!$L$461 -> 7399.41 | V98: ='третья ц.к.'!$L$462 -> 7303.78 | W98: ='третья ц.к.'!$L$463 -> 7371.21 | X98: ='третья ц.к.'!$L$464 -> 7065.07 | Y98: ='третья ц.к.'!$L$465 -> 6379.97
A99: =A98+1 -> 20 | B99: ='третья ц.к.'!$L$466 -> 5891 | C99: ='третья ц.к.'!$L$467 -> 5793.97 | D99: ='третья ц.к.'!$L$468 -> 5682.88 | E99: ='третья ц.к.'!$L$469 -> 5663.11 | F99: ='третья ц.к.'!$L$470 -> 5721.97 | G99: ='третья ц.к.'!$L$471 -> 6024.03 | H99: ='третья ц.к.'!$L$472 -> 6341.99 | I99: ='третья ц.к.'!$L$473 -> 6496.37 | J99: ='третья ц.к.'!$L$474 -> 6596.55 | K99: ='третья ц.к.'!$L$475 -> 6625.88 | L99: ='третья ц.к.'!$L$476 -> 6608.95 | M99: ='третья ц.к.'!$L$477 -> 6589.07 | N99: ='третья ц.к.'!$L$478 -> 6517.79 | O99: ='третья ц.к.'!$L$479 -> 6516.75 | P99: ='третья ц.к.'!$L$480 -> 6574.96 | Q99: ='третья ц.к.'!$L$481 -> 6563.57 | R99: ='третья ц.к.'!$L$482 -> 6563 | S99: ='третья ц.к.'!$L$483 -> 6584.04 | T99: ='третья ц.к.'!$L$484 -> 6577.9 | U99: ='третья ц.к.'!$L$485 -> 6500.19 | V99: ='третья ц.к.'!$L$486 -> 6479.44 | W99: ='третья ц.к.'!$L$487 -> 6419.01 | X99: ='третья ц.к.'!$L$488 -> 6264.18 | Y99: ='третья ц.к.'!$L$489 -> 5847.74
A100: =A99+1 -> 21 | B100: ='третья ц.к.'!$L$490 -> 5610.65 | C100: ='третья ц.к.'!$L$491 -> 5520.34 | D100: ='третья ц.к.'!$L$492 -> 5497.92 | E100: ='третья ц.к.'!$L$493 -> 5496.67 | F100: ='третья ц.к.'!$L$494 -> 5541.21 | G100: ='третья ц.к.'!$L$495 -> 5692.04 | H100: ='третья ц.к.'!$L$496 -> 5974.26 | I100: ='третья ц.к.'!$L$497 -> 6349.52 | J100: ='третья ц.к.'!$L$498 -> 6500.75 | K100: ='третья ц.к.'!$L$499 -> 6532.81 | L100: ='третья ц.к.'!$L$500 -> 6543.67 | M100: ='третья ц.к.'!$L$501 -> 6528.85 | N100: ='третья ц.к.'!$L$502 -> 6506.68 | O100: ='третья ц.к.'!$L$503 -> 6508.64 | P100: ='третья ц.к.'!$L$504 -> 6503.71 | Q100: ='третья ц.к.'!$L$505 -> 6498.88 | R100: ='третья ц.к.'!$L$506 -> 6500.73 | S100: ='третья ц.к.'!$L$507 -> 6510.44 | T100: ='третья ц.к.'!$L$508 -> 6502.49 | U100: ='третья ц.к.'!$L$509 -> 6490.36 | V100: ='третья ц.к.'!$L$510 -> 6456.91 | W100: ='третья ц.к.'!$L$511 -> 6422.17 | X100: ='третья ц.к.'!$L$512 -> 6216.2 | Y100: ='третья ц.к.'!$L$513 -> 5708.39
A101: =A100+1 -> 22 | B101: ='третья ц.к.'!$L$514 -> 5552.28 | C101: ='третья ц.к.'!$L$515 -> 5483.14 | D101: ='третья ц.к.'!$L$516 -> 5452.86 | E101: ='третья ц.к.'!$L$517 -> 5463.28 | F101: ='третья ц.к.'!$L$518 -> 5521.64 | G101: ='третья ц.к.'!$L$519 -> 5755.65 | H101: ='третья ц.к.'!$L$520 -> 6229.79 | I101: ='третья ц.к.'!$L$521 -> 6492.33 | J101: ='третья ц.к.'!$L$522 -> 6612.37 | K101: ='третья ц.к.'!$L$523 -> 6739.99 | L101: ='третья ц.к.'!$L$524 -> 6736.59 | M101: ='третья ц.к.'!$L$525 -> 6643.49 | N101: ='третья ц.к.'!$L$526 -> 6599.07 | O101: ='третья ц.к.'!$L$527 -> 6614.18 | P101: ='третья ц.к.'!$L$528 -> 6591.49 | Q101: ='третья ц.к.'!$L$529 -> 6573.36 | R101: ='третья ц.к.'!$L$530 -> 6585.65 | S101: ='третья ц.к.'!$L$531 -> 6589.89 | T101: ='третья ц.к.'!$L$532 -> 6566.48 | U101: ='третья ц.к.'!$L$533 -> 6522.75 | V101: ='третья ц.к.'!$L$534 -> 6465.34 | W101: ='третья ц.к.'!$L$535 -> 6446.88 | X101: ='третья ц.к.'!$L$536 -> 6302.69 | Y101: ='третья ц.к.'!$L$537 -> 5939.94
A102: =A101+1 -> 23 | B102: ='третья ц.к.'!$L$538 -> 5781.09 | C102: ='третья ц.к.'!$L$539 -> 5615.04 | D102: ='третья ц.к.'!$L$540 -> 5567.46 | E102: ='третья ц.к.'!$L$541 -> 5541.81 | F102: ='третья ц.к.'!$L$542 -> 5550.21 | G102: ='третья ц.к.'!$L$543 -> 5649.88 | H102: ='третья ц.к.'!$L$544 -> 5763.44 | I102: ='третья ц.к.'!$L$545 -> 5967.5 | J102: ='третья ц.к.'!$L$546 -> 6336.97 | K102: ='третья ц.к.'!$L$547 -> 6444.31 | L102: ='третья ц.к.'!$L$548 -> 6462.44 | M102: ='третья ц.к.'!$L$549 -> 6459.4 | N102: ='третья ц.к.'!$L$550 -> 6444.13 | O102: ='третья ц.к.'!$L$551 -> 6464.77 | P102: ='третья ц.к.'!$L$552 -> 6442.38 | Q102: ='третья ц.к.'!$L$553 -> 6446.94 | R102: ='третья ц.к.'!$L$554 -> 6467.51 | S102: ='третья ц.к.'!$L$555 -> 6499.8 | T102: ='третья ц.к.'!$L$556 -> 6495.05 | U102: ='третья ц.к.'!$L$557 -> 6492.97 | V102: ='третья ц.к.'!$L$558 -> 6458.81 | W102: ='третья ц.к.'!$L$559 -> 6380.82 | X102: ='третья ц.к.'!$L$560 -> 6159.15 | Y102: ='третья ц.к.'!$L$561 -> 5876.31
A103: =A102+1 -> 24 | B103: ='третья ц.к.'!$L$562 -> 5795.23 | C103: ='третья ц.к.'!$L$563 -> 5617.88 | D103: ='третья ц.к.'!$L$564 -> 5505.71 | E103: ='третья ц.к.'!$L$565 -> 5501.74 | F103: ='третья ц.к.'!$L$566 -> 5499.09 | G103: ='третья ц.к.'!$L$567 -> 5568.07 | H103: ='третья ц.к.'!$L$568 -> 5629.62 | I103: ='третья ц.к.'!$L$569 -> 5769.06 | J103: ='третья ц.к.'!$L$570 -> 6132.8 | K103: ='третья ц.к.'!$L$571 -> 6389.39 | L103: ='третья ц.к.'!$L$572 -> 6430.59 | M103: ='третья ц.к.'!$L$573 -> 6432.18 | N103: ='третья ц.к.'!$L$574 -> 6415.08 | O103: ='третья ц.к.'!$L$575 -> 6419.19 | P103: ='третья ц.к.'!$L$576 -> 6422.75 | Q103: ='третья ц.к.'!$L$577 -> 6425.27 | R103: ='третья ц.к.'!$L$578 -> 6449.8 | S103: ='третья ц.к.'!$L$579 -> 6539.4 | T103: ='третья ц.к.'!$L$580 -> 6580.58 | U103: ='третья ц.к.'!$L$581 -> 6579.05 | V103: ='третья ц.к.'!$L$582 -> 6517.09 | W103: ='третья ц.к.'!$L$583 -> 6438.91 | X103: ='третья ц.к.'!$L$584 -> 6323.41 | Y103: ='третья ц.к.'!$L$585 -> 6191.51
A104: =A103+1 -> 25 | B104: ='третья ц.к.'!$L$586 -> 5728.07 | C104: ='третья ц.к.'!$L$587 -> 5606.76 | D104: ='третья ц.к.'!$L$588 -> 5583.73 | E104: ='третья ц.к.'!$L$589 -> 5597.01 | F104: ='третья ц.к.'!$L$590 -> 5621.68 | G104: ='третья ц.к.'!$L$591 -> 5884.86 | H104: ='третья ц.к.'!$L$592 -> 6302.95 | I104: ='третья ц.к.'!$L$593 -> 6505.47 | J104: ='третья ц.к.'!$L$594 -> 6697.81 | K104: ='третья ц.к.'!$L$595 -> 6784.4 | L104: ='третья ц.к.'!$L$596 -> 6718.96 | M104: ='третья ц.к.'!$L$597 -> 6692.09 | N104: ='третья ц.к.'!$L$598 -> 6628.08 | O104: ='третья ц.к.'!$L$599 -> 6648.67 | P104: ='третья ц.к.'!$L$600 -> 6662.16 | Q104: ='третья ц.к.'!$L$601 -> 6666.99 | R104: ='третья ц.к.'!$L$602 -> 6729.02 | S104: ='третья ц.к.'!$L$603 -> 6846.21 | T104: ='третья ц.к.'!$L$604 -> 6835.36 | U104: ='третья ц.к.'!$L$605 -> 6776.81 | V104: ='третья ц.к.'!$L$606 -> 6659.46 | W104: ='третья ц.к.'!$L$607 -> 6543.01 | X104: ='третья ц.к.'!$L$608 -> 6371.83 | Y104: ='третья ц.к.'!$L$609 -> 6094.62
A105: =A104+1 -> 26 | B105: ='третья ц.к.'!$L$610 -> 5748.07 | C105: ='третья ц.к.'!$L$611 -> 5615.92 | D105: ='третья ц.к.'!$L$612 -> 5574.16 | E105: ='третья ц.к.'!$L$613 -> 5581.87 | F105: ='третья ц.к.'!$L$614 -> 5677.89 | G105: ='третья ц.к.'!$L$615 -> 6076.22 | H105: ='третья ц.к.'!$L$616 -> 6438.42 | I105: ='третья ц.к.'!$L$617 -> 6518.44 | J105: ='третья ц.к.'!$L$618 -> 6747.38 | K105: ='третья ц.к.'!$L$619 -> 6814.23 | L105: ='третья ц.к.'!$L$620 -> 6777.6 | M105: ='третья ц.к.'!$L$621 -> 6794.99 | N105: ='третья ц.к.'!$L$622 -> 6767.57 | O105: ='третья ц.к.'!$L$623 -> 6765.38 | P105: ='третья ц.к.'!$L$624 -> 6759.63 | Q105: ='третья ц.к.'!$L$625 -> 6779.72 | R105: ='третья ц.к.'!$L$626 -> 6821.62 | S105: ='третья ц.к.'!$L$627 -> 6877.41 | T105: ='третья ц.к.'!$L$628 -> 6865.53 | U105: ='третья ц.к.'!$L$629 -> 6817.67 | V105: ='третья ц.к.'!$L$630 -> 6775.6 | W105: ='третья ц.к.'!$L$631 -> 7580.47 | X105: ='третья ц.к.'!$L$632 -> 6469.81 | Y105: ='третья ц.к.'!$L$633 -> 6333.19
A106: =A105+1 -> 27 | B106: ='третья ц.к.'!$L$634 -> 6151.79 | C106: ='третья ц.к.'!$L$635 -> 5677.26 | D106: ='третья ц.к.'!$L$636 -> 5640.62 | E106: ='третья ц.к.'!$L$637 -> 5628.5 | F106: ='третья ц.к.'!$L$638 -> 5678.58 | G106: ='третья ц.к.'!$L$639 -> 5992.02 | H106: ='третья ц.к.'!$L$640 -> 6436.01 | I106: ='третья ц.к.'!$L$641 -> 6548.43 | J106: ='третья ц.к.'!$L$642 -> 6767.64 | K106: ='третья ц.к.'!$L$643 -> 6848.26 | L106: ='третья ц.к.'!$L$644 -> 6833.43 | M106: ='третья ц.к.'!$L$645 -> 6818.24 | N106: ='третья ц.к.'!$L$646 -> 6801.35 | O106: ='третья ц.к.'!$L$647 -> 6797.29 | P106: ='третья ц.к.'!$L$648 -> 6800.95 | Q106: ='третья ц.к.'!$L$649 -> 6807.44 | R106: ='третья ц.к.'!$L$650 -> 6847.02 | S106: ='третья ц.к.'!$L$651 -> 6852.25 | T106: ='третья ц.к.'!$L$652 -> 6840.71 | U106: ='третья ц.к.'!$L$653 -> 6799.75 | V106: ='третья ц.к.'!$L$654 -> 6709.77 | W106: ='третья ц.к.'!$L$655 -> 6575.75 | X106: ='третья ц.к.'!$L$656 -> 6442.6 | Y106: ='третья ц.к.'!$L$657 -> 6320.19
A107: =A106+1 -> 28 | B107: ='третья ц.к.'!$L$658 -> 5909.98 | C107: ='третья ц.к.'!$L$659 -> 5672.03 | D107: ='третья ц.к.'!$L$660 -> 5634.43 | E107: ='третья ц.к.'!$L$661 -> 5653.85 | F107: ='третья ц.к.'!$L$662 -> 5695.1 | G107: ='третья ц.к.'!$L$663 -> 5929.66 | H107: ='третья ц.к.'!$L$664 -> 6389.84 | I107: ='третья ц.к.'!$L$665 -> 6580.23 | J107: ='третья ц.к.'!$L$666 -> 6729.04 | K107: ='третья ц.к.'!$L$667 -> 6803.93 | L107: ='третья ц.к.'!$L$668 -> 6809.35 | M107: ='третья ц.к.'!$L$669 -> 6535.9 | N107: ='третья ц.к.'!$L$670 -> 6778.12 | O107: ='третья ц.к.'!$L$671 -> 6788.56 | P107: ='третья ц.к.'!$L$672 -> 6753.23 | Q107: ='третья ц.к.'!$L$673 -> 6770.58 | R107: ='третья ц.к.'!$L$674 -> 6777.19 | S107: ='третья ц.к.'!$L$675 -> 6863.1 | T107: ='третья ц.к.'!$L$676 -> 6848.93 | U107: ='третья ц.к.'!$L$677 -> 6803.91 | V107: ='третья ц.к.'!$L$678 -> 6744.14 | W107: ='третья ц.к.'!$L$679 -> 6783.2 | X107: ='третья ц.к.'!$L$680 -> 6451.2 | Y107: ='третья ц.к.'!$L$681 -> 6337.85
A108: =A107+1 -> 29 | B108: ='третья ц.к.'!$L$682 -> 6224.61 | C108: ='третья ц.к.'!$L$683 -> 5904.05 | D108: ='третья ц.к.'!$L$684 -> 5739.5 | E108: ='третья ц.к.'!$L$685 -> 5907.74 | F108: ='третья ц.к.'!$L$686 -> 5891.39 | G108: ='третья ц.к.'!$L$687 -> 6287.24 | H108: ='третья ц.к.'!$L$688 -> 6486.53 | I108: ='третья ц.к.'!$L$689 -> 6671.78 | J108: ='третья ц.к.'!$L$690 -> 6854.94 | K108: ='третья ц.к.'!$L$691 -> 6934.46 | L108: ='третья ц.к.'!$L$692 -> 6928.64 | M108: ='третья ц.к.'!$L$693 -> 6900.43 | N108: ='третья ц.к.'!$L$694 -> 6869.89 | O108: ='третья ц.к.'!$L$695 -> 6884.85 | P108: ='третья ц.к.'!$L$696 -> 6889.15 | Q108: ='третья ц.к.'!$L$697 -> 6894.25 | R108: ='третья ц.к.'!$L$698 -> 6928.19 | S108: ='третья ц.к.'!$L$699 -> 6933.28 | T108: ='третья ц.к.'!$L$700 -> 8114.96 | U108: ='третья ц.к.'!$L$701 -> 6871.84 | V108: ='третья ц.к.'!$L$702 -> 6802.88 | W108: ='третья ц.к.'!$L$703 -> 6835.37 | X108: ='третья ц.к.'!$L$704 -> 6498.52 | Y108: ='третья ц.к.'!$L$705 -> 6418.94
A109: =A108+1 -> 30 | B109: ='третья ц.к.'!$L$706 -> 6319.03 | C109: ='третья ц.к.'!$L$707 -> 5920.67 | D109: ='третья ц.к.'!$L$708 -> 5770.51 | E109: ='третья ц.к.'!$L$709 -> 5772.43 | F109: ='третья ц.к.'!$L$710 -> 5785.91 | G109: ='третья ц.к.'!$L$711 -> 5982.05 | H109: ='третья ц.к.'!$L$712 -> 6321.13 | I109: ='третья ц.к.'!$L$713 -> 6478.59 | J109: ='третья ц.к.'!$L$714 -> 6679.48 | K109: ='третья ц.к.'!$L$715 -> 6550.04 | L109: ='третья ц.к.'!$L$716 -> 6839.21 | M109: ='третья ц.к.'!$L$717 -> 6852.04 | N109: ='третья ц.к.'!$L$718 -> 6846.09 | O109: ='третья ц.к.'!$L$719 -> 6849.19 | P109: ='третья ц.к.'!$L$720 -> 6843.15 | Q109: ='третья ц.к.'!$L$721 -> 6851.17 | R109: ='третья ц.к.'!$L$722 -> 6891.75 | S109: ='третья ц.к.'!$L$723 -> 7109.75 | T109: ='третья ц.к.'!$L$724 -> 8321.59 | U109: ='третья ц.к.'!$L$725 -> 8147.63 | V109: ='третья ц.к.'!$L$726 -> 6908.25 | W109: ='третья ц.к.'!$L$727 -> 7709.99 | X109: ='третья ц.к.'!$L$728 -> 6748.07 | Y109: ='третья ц.к.'!$L$729 -> 6477.38
A110: =A109+1 -> 31 | B110: ='третья ц.к.'!$L$730 -> 0 | C110: ='третья ц.к.'!$L$731 -> 0 | D110: ='третья ц.к.'!$L$732 -> 0 | E110: ='третья ц.к.'!$L$733 -> 0 | F110: ='третья ц.к.'!$L$734 -> 0 | G110: ='третья ц.к.'!$L$735 -> 0 | H110: ='третья ц.к.'!$L$736 -> 0 | I110: ='третья ц.к.'!$L$737 -> 0 | J110: ='третья ц.к.'!$L$738 -> 0 | K110: ='третья ц.к.'!$L$739 -> 0 | L110: ='третья ц.к.'!$L$740 -> 0 | M110: ='третья ц.к.'!$L$741 -> 0 | N110: ='третья ц.к.'!$L$742 -> 0 | O110: ='третья ц.к.'!$L$743 -> 0 | P110: ='третья ц.к.'!$L$744 -> 0 | Q110: ='третья ц.к.'!$L$745 -> 0 | R110: ='третья ц.к.'!$L$746 -> 0 | S110: ='третья ц.к.'!$L$747 -> 0 | T110: ='третья ц.к.'!$L$748 -> 0 | U110: ='третья ц.к.'!$L$749 -> 0 | V110: ='третья ц.к.'!$L$750 -> 0 | W110: ='третья ц.к.'!$L$751 -> 0 | X110: ='третья ц.к.'!$L$752 -> 0 | Y110: ='третья ц.к.'!$L$753 -> 0
...

Sheet ПУНЦ 670 кВт - 10 МВт
A1: ПРЕДЕЛЬНЫЕ УРОВНИ НЕРЕГУЛИРУЕМЫХ ЦЕН НА ЭЛЕКТРИЧЕСКУЮ ЭНЕРГИЮ (МОЩНОСТЬ), ПОСТАВЛЯЕМУЮ ПОТРЕБИТЕЛЯМ (ПОКУПАТЕЛЯМ) с максимальной мощностью энергопринимающих устройств от 670 кВт до 10 МВт ПАО "ТНС энерго Ростов-на-Дону" В ноябре 2024г.
A2: I. ПЕРВАЯ ЦЕНОВАЯ КАТЕГОРИЯ (для объемов покупки электрической энергии (мощности). учет которых осуществляется в целом за расчетный период)
A4: 1. Предельный уровень нерегулируемых цен без НДС
A5: Категория потребителей | E5: По договорам энергоснабжения | I5: По договорам купли-продажи
E6: ВН | F6: СН1 | G6: СН11 | H6: НН | I6: ВН | J6: СН1 | K6: СН11 | L6: НН
A7: 2 | E7: 12=3+4+5+6+7+8 | F7: 13=3+4+5+6+7+9 | G7: 14=3+4+5+6+7+10 | H7: 15=3+4+5+6+7+11 | I7: 12=3+4+5+6+7+8 | J7: 13=3+4+5+6+7+9 | K7: 14=3+4+5+6+7+10 | L7: 15=3+4+5+6+7+11
A8: Иные прочие потребители
A9: Для потребителей ПАО "ТНС энерго Ростов-на-Дону" | E9: ='1, 2 ц.к.'!K23 -> 7390.76 | F9: ='1, 2 ц.к.'!L23 -> 7742.98 | G9: ='1, 2 ц.к.'!M23 -> 7886.82 | H9: ='1, 2 ц.к.'!N23 -> 8868.63 | I9: ='1, 2 ц.к.'!O23 -> 4184.98 | J9: ='1, 2 ц.к.'!P23 -> 4184.98 | K9: ='1, 2 ц.к.'!Q23 -> 4184.98 | L9: ='1, 2 ц.к.'!R23 -> 4184.98
A11: Для Сетевых организаций по договорам купли-продажи для целей компенсации потерь(объемы не превышающие значения в сводном прогнозном балансе) | E11: ='1, 2 ц.к.'!K20 -> x | F11: ='1, 2 ц.к.'!L20 -> x | G11: ='1, 2 ц.к.'!M20 -> x | H11: ='1, 2 ц.к.'!N20 -> x | I11: ='1, 2 ц.к.'!O33 -> 4386.24 | J11: ='1, 2 ц.к.'!P33 -> 4386.24 | K11: ='1, 2 ц.к.'!Q33 -> 4386.24 | L11: ='1, 2 ц.к.'!R33 -> 4386.24
A12: Для Сетевых организаций по договорам купли-продажи для целей компенсации потерь(объемы превышающие значения в сводном прогнозном балансе) | E12: ='1, 2 ц.к.'!K21 -> x | F12: ='1, 2 ц.к.'!L21 -> x | G12: ='1, 2 ц.к.'!M21 -> x | H12: ='1, 2 ц.к.'!N21 -> x | I12: ='1, 2 ц.к.'!O34 -> 4184.98 | J12: ='1, 2 ц.к.'!P34 -> 4184.98 | K12: ='1, 2 ц.к.'!Q34 -> 4184.98 | L12: ='1, 2 ц.к.'!R34 -> 4184.98
A13: 2. Средневзвешенная нерегулируемая цена на электрическую энергию (мощность), используемая для расчета предельного уровня нерегулируемых цен для первой ценовой категории, руб/МВт*ч без НДС | H13: ='ПУНЦ до 670 кВт'!H13 -> 3835.54
A14: 3. Составляющие расчета средневзвешенной нерегулируемой цены на электрическую энергию (мощность). используемой для расчета предельного уровня нерегулируемых цен для первой ценовой категории:
A15: а) Средневзвешенная нерегулируемая цена на электрическую энергию на оптовом рынке, руб/МВт*ч | H15: ='ПУНЦ до 670 кВт'!H15 -> 2159,1
A16: б) Средневзвешенная нерегулируемая цена на мощность на оптовом рынке, руб/МВт | H16: ='ПУНЦ до 670 кВт'!H16 -> 917570,48
A17: в) Коэфициент оплаты мощности потребителями (покупателями), осуществляющими расчеты по первой ценовой категории 1/час | H17: ='ПУНЦ до 670 кВт'!H17 -> 0.001827039
A18: г) Объем фактического пикового потребления гарантирующего поставщика на оптовом рынке, МВт | H18: ='ПУНЦ до 670 кВт'!H18 -> 1783.92
A19: д) Величина мощности, соответствующей покупке электрической энергии гарантирующим поставщиком у производителей электрической энергии (мощности) на розничных рынках, МВт | H19: ='ПУНЦ до 670 кВт'!H19 -> #VALUE!
A20: е) Сумма величин мощности, оплачиваемой на розничном рынке потребителями (покупателями), осуществляющими расчеты по второй - шестой ценовым категориям, МВт | H20: ='ПУНЦ до 670 кВт'!H20 -> 268.63755
A21: в том числе:
A22: по второй ценовой категории, МВт | H22: ='ПУНЦ до 670 кВт'!H22 -> 1.964976
A23: по третьей ценовой категории, МВт | H23: ='ПУНЦ до 670 кВт'!H23 -> 235.28626
A24: по четвертой ценовой категории, МВт | H24: ='ПУНЦ до 670 кВт'!H24 -> 31.386319
A25: по пятой ценовой категории, МВт | H25: ='ПУНЦ до 670 кВт'!H25 -> 0
A26: по шестой ценовой категории, МВт | H26: ='ПУНЦ до 670 кВт'!H26 -> 0
A27: ж) Объем потребления мощности населением и приравненными к нему категориями потребителей, МВт | H27: ='ПУНЦ до 670 кВт'!H27 -> 640.85
A28: з) Объем потребления электрической энергии потребителями (покупателями), осуществляющими расчеты по второй ценовой категории, МВт*ч | H28: ='ПУНЦ до 670 кВт'!H28 -> 907.285
A29: в том числе: для трех зон суток, МВт*ч: | H29: ='ПУНЦ до 670 кВт'!H29 -> 107.074
A30: по ночной зоне суток, МВт*ч | H30: ='ПУНЦ до 670 кВт'!H30 -> 78.456
A31: по полупиковой зоне суток, МВт*ч | H31: ='ПУНЦ до 670 кВт'!H31 -> 18.758
A32: по пиковой зоне суток, МВт*ч | H32: ='ПУНЦ до 670 кВт'!H32 -> 9.86
A33: в том числе: для двух зон суток, МВт*ч: | H33: ='ПУНЦ до 670 кВт'!H33 -> 800.211
... A39: л) Сумма объемов потребления электрической энергии потребителями (покупателями), осуществляющими расчеты по второй - шестой ценовым категориям, МВт*ч | H39: ='ПУНЦ до 670 кВт'!H39 -> 215390.66
A40: в том числе:
A41: по второй ценовой категории, МВт*ч | H41: ='ПУНЦ до 670 кВт'!H41 -> 907.285
A42: по третьей ценовой категории, МВт*ч | H42: ='ПУНЦ до 670 кВт'!H42 -> 192297.35
A43: по четвертой ценовой категории, МВт*ч | H43: ='ПУНЦ до 670 кВт'!H43 -> 22186.028
A44: по пятой ценовой категории, МВт*ч | H44: ='ПУНЦ до 670 кВт'!H44 -> 0
A45: по шестой ценовой категории, МВт*ч | H45: ='ПУНЦ до 670 кВт'!H45 -> 0
A46: м) Объем потребления электрической энергии населением и приравненными к нему категориями потребителей, МВт*ч | H46: ='ПУНЦ до 670 кВт'!H46 -> 400531.1
A47: н) Величина изменения средневзвешенной нерегулируемой цены на электрическую энергию (мощность), связанная с учетом данных за предыдущие расчетные периоды, руб/МВт*ч | H47: ='ПУНЦ до 670 кВт'!H47 -> 0
A48: 4. Плата за услуги по управлению изменением режима потребления электрической энергии для потребителей, осуществляющих расчеты по первой и второй ценовым категориям, руб/МВт*ч | H48: ='ПУНЦ до 670 кВт'!H48 -> 0.83
A49: а) Средневзвешенная цена услуг по управлению изменением режима потребления электрической энергии, руб/МВт | H49: ='ПУНЦ до 670 кВт'!H49 -> #VALUE!
A50: б) Коэффициент оплаты услуг по управлению изменением режима потребления электрической энергии потребителями (покупателями), осуществляющими расчеты по первой и второй ценовым категориям | H50: ='ПУНЦ до 670 кВт'!H50 -> #VALUE!
A51: в) Величина мощности, учитываемая при расчете коэффициента оплаты услуг по управлению изменением режима потребления электрической энергии потребителями (покупателями), осуществляющими расчеты по первой и второй ценовым категориям, МВт | H51: ='ПУНЦ до 670 кВт'!H51 -> #VALUE!
A52: г) Сумма объемов потребления электрической энергии потребителями (покупателями), осуществляющими расчеты по первой и второй ценовым категориям, МВт*ч | H52: ='ПУНЦ до 670 кВт'!H52 -> #VALUE!
A53: в том числе:
A54: по первой ценовой категории, МВт*ч | H54: =OFFSET('[1]2024'!$B$3,105,MATCH("ноябрь",'[1]2024'!$C$3:$N$3,0)) -> #VALUE!
A55: по второй ценовой категории, МВт*ч | H55: =H41 -> 907.285
A57: II. ВТОРАЯ ЦЕНОВАЯ КАТЕГОРИЯ (для объемов покупки электрической энергии (мощности). учет которых осуществляется по зонам суток расчетного периода)
A59: 1. Предельный уровень нерегулируемых цен для трех зон суток. руб/МВт*чбез НДС
A60: Зоны суток | E60: По договорам энергоснабжения | I60: По договорам купли-продажи
E61: ВН | F61: СН1 | G61: СН11 | H61: НН | I61: ВН | J61: СН1 | K61: СН11 | L61: НН
A62: Ночная зона | E62: ='1, 2 ц.к.'!K27 -> 5162.74 | F62: ='1, 2 ц.к.'!L27 -> 5514.96 | G62: ='1, 2 ц.к.'!M27 -> 5658.8 | H62: ='1, 2 ц.к.'!N27 -> 6640.61 | I62: ='1, 2 ц.к.'!O27 -> 1956.96 | J62: ='1, 2 ц.к.'!P27 -> 1956.96 | K62: ='1, 2 ц.к.'!Q27 -> 1956.96 | L62: ='1, 2 ц.к.'!R27 -> 1956.96
A63: Полупиковая зона | E63: ='1, 2 ц.к.'!K28 -> 7463.07 | F63: ='1, 2 ц.к.'!L28 -> 7815.29 | G63: ='1, 2 ц.к.'!M28 -> 7959.13 | H63: ='1, 2 ц.к.'!N28 -> 8940.94 | I63: ='1, 2 ц.к.'!O28 -> 4257.29 | J63: ='1, 2 ц.к.'!P28 -> 4257.29 | K63: ='1, 2 ц.к.'!Q28 -> 4257.29 | L63: ='1, 2 ц.к.'!R28 -> 4257.29
A64: Пиковая зона | E64: ='1, 2 ц.к.'!K29 -> 14858.3 | F64: ='1, 2 ц.к.'!L29 -> 15210.52 | G64: ='1, 2 ц.к.'!M29 -> 15354.36 | H64: ='1, 2 ц.к.'!N29 -> 16336.17 | I64: ='1, 2 ц.к.'!O29 -> 11652.52 | J64: ='1, 2 ц.к.'!P29 -> 11652.52 | K64: ='1, 2 ц.к.'!Q29 -> 11652.52 | L64: ='1, 2 ц.к.'!R29 -> 11652.52
A66: 2. Предельный уровень нерегулируемых цен для двух зон суток. руб/МВт*чбез НДС
A67: Зоны суток | E67: По договорам энергоснабжения | I67: По договорам купли-продажи
E68: ВН | F68: СН1 | G68: СН11 | H68: НН | I68: ВН | J68: СН1 | K68: СН11 | L68: НН
A69: Ночная зона | E69: ='1, 2 ц.к.'!K31 -> 5162.74 | F69: ='1, 2 ц.к.'!L31 -> 5514.96 | G69: ='1, 2 ц.к.'!M31 -> 5658.8 | H69: ='1, 2 ц.к.'!N31 -> 6640.61 | I69: ='1, 2 ц.к.'!O31 -> 1956.96 | J69: ='1, 2 ц.к.'!P31 -> 1956.96 | K69: ='1, 2 ц.к.'!Q31 -> 1956.96 | L69: ='1, 2 ц.к.'!R31 -> 1956.96
A70: Дневная зона | E70: ='1, 2 ц.к.'!K32 -> 9641.73 | F70: ='1, 2 ц.к.'!L32 -> 9993.95 | G70: ='1, 2 ц.к.'!M32 -> 10137.79 | H70: ='1, 2 ц.к.'!N32 -> 11119.6 | I70: ='1, 2 ц.к.'!O32 -> 6435.95 | J70: ='1, 2 ц.к.'!P32 -> 6435.95 | K70: ='1, 2 ц.к.'!Q32 -> 6435.95 | L70: ='1, 2 ц.к.'!R32 -> 6435.95
A73: III. ТРЕТЬЯ ЦЕНОВАЯ КАТЕГОРИЯ (для объемов покупки электрической энергии (мощности). в отношении которых в расчетном периоде осуществляется почасовой учет. и стоимость услуг по передаче электрической энергии определяется по цене услуг в одноставочном исчислении)
A75: 1. Ставка за электрическую энергию предельного уровня нерегулируемых цен. руб/МВт*чбез НДС
A76: Дата | B76: Ставка для фактических почасовых объемов покупки электрической энергии. отпущенных на уровне напряжения ВН
B79: 0:00-1:00 | C79: 1:00-2:00 | D79: 2:00-3:00 | E79: 3:00-4:00 | F79: 4:00-5:00 | G79: 5:00-6:00 | H79: 6:00-7:00 | I79: 7:00-8:00 | J79: 8:00-9:00 | K79: 9:00-10:00 | L79: 10:00-11:00 | M79: 11:00-12:00 | N79: 12:00-13:00 | O79: 13:00-14:00 | P79: 14:00-15:00 | Q79: 15:00-16:00 | R79: 16:00-17:00 | S79: 17:00-18:00 | T79: 18:00-19:00 | U79: 19:00-20:00 | V79: 20:00-21:00 | W79: 21:00-22:00 | X79: 22:00-23:00 | Y79: 23:00-0:00
A80: 1 | B80: ='третья ц.к.'!$P$10 -> 5018.18 | C80: ='третья ц.к.'!$P$11 -> 4996.83 | D80: ='третья ц.к.'!$P$12 -> 4996.8 | E80: ='третья ц.к.'!$P$13 -> 4906.13 | F80: ='третья ц.к.'!$P$14 -> 4959.05 | G80: ='третья ц.к.'!$P$15 -> 5306.7 | H80: ='третья ц.к.'!$P$16 -> 5374.08 | I80: ='третья ц.к.'!$P$17 -> 5717.36 | J80: ='третья ц.к.'!$P$18 -> 5940.55 | K80: ='третья ц.к.'!$P$19 -> 5969.17 | L80: ='третья ц.к.'!$P$20 -> 5942.43 | M80: ='третья ц.к.'!$P$21 -> 5887.06 | N80: ='третья ц.к.'!$P$22 -> 5867.62 | O80: ='третья ц.к.'!$P$23 -> 5885.51 | P80: ='третья ц.к.'!$P$24 -> 5878.32 | Q80: ='третья ц.к.'!$P$25 -> 5866.55 | R80: ='третья ц.к.'!$P$26 -> 5848.06 | S80: ='третья ц.к.'!$P$27 -> 5867.21 | T80: ='третья ц.к.'!$P$28 -> 5895.78 | U80: ='третья ц.к.'!$P$29 -> 5877.7 | V80: ='третья ц.к.'!$P$30 -> 5799.83 | W80: ='третья ц.к.'!$P$31 -> 5758.65 | X80: ='третья ц.к.'!$P$32 -> 5449.31 | Y80: ='третья ц.к.'!$P$33 -> 5112.29
A81: =A80+1 -> 2 | B81: ='третья ц.к.'!$P$34 -> 4822.07 | C81: ='третья ц.к.'!$P$35 -> 4740.1 | D81: ='третья ц.к.'!$P$36 -> 4691.82 | E81: ='третья ц.к.'!$P$37 -> 4650.93 | F81: ='третья ц.к.'!$P$38 -> 4677.24 | G81: ='третья ц.к.'!$P$39 -> 4858.48 | H81: ='третья ц.к.'!$P$40 -> 5020.64 | I81: ='третья ц.к.'!$P$41 -> 5293.04 | J81: ='третья ц.к.'!$P$42 -> 5566.74 | K81: ='третья ц.к.'!$P$43 -> 5627.08 | L81: ='третья ц.к.'!$P$44 -> 5631.24 | M81: ='третья ц.к.'!$P$45 -> 5624.41 | N81: ='третья ц.к.'!$P$46 -> 5617.4 | O81: ='третья ц.к.'!$P$47 -> 5619.84 | P81: ='третья ц.к.'!$P$48 -> 5617.78 | Q81: ='третья ц.к.'!$P$49 -> 5620.14 | R81: ='третья ц.к.'!$P$50 -> 5603.08 | S81: ='третья ц.к.'!$P$51 -> 5637.76 | T81: ='третья ц.к.'!$P$52 -> 5653.84 | U81: ='третья ц.к.'!$P$53 -> 5656.6 | V81: ='третья ц.к.'!$P$54 -> 5640.47 | W81: ='третья ц.к.'!$P$55 -> 5565.3 | X81: ='третья ц.к.'!$P$56 -> 5312.55 | Y81: ='третья ц.к.'!$P$57 -> 5130.78
A82: =A81+1 -> 3 | B82: ='третья ц.к.'!$P$58 -> 5050.96 | C82: ='третья ц.к.'!$P$59 -> 4953.76 | D82: ='третья ц.к.'!$P$60 -> 4958.23 | E82: ='третья ц.к.'!$P$61 -> 4882.52 | F82: ='третья ц.к.'!$P$62 -> 4951.83 | G82: ='третья ц.к.'!$P$63 -> 5028.83 | H82: ='третья ц.к.'!$P$64 -> 5167.57 | I82: ='третья ц.к.'!$P$65 -> 5309.35 | J82: ='третья ц.к.'!$P$66 -> 5710.24 | K82: ='третья ц.к.'!$P$67 -> 5765.9 | L82: ='третья ц.к.'!$P$68 -> 5786.61 | M82: ='третья ц.к.'!$P$69 -> 5786.14 | N82: ='третья ц.к.'!$P$70 -> 5778.98 | O82: ='третья ц.к.'!$P$71 -> 5769.57 | P82: ='третья ц.к.'!$P$72 -> 5779.42 | Q82: ='третья ц.к.'!$P$73 -> 5789.91 | R82: ='третья ц.к.'!$P$74 -> 5812.35 | S82: ='третья ц.к.'!$P$75 -> 5839.98 | T82: ='третья ц.к.'!$P$76 -> 5876.31 | U82: ='третья ц.к.'!$P$77 -> 5887.15 | V82: ='третья ц.к.'!$P$78 -> 5847.62 | W82: ='третья ц.к.'!$P$79 -> 5812 | X82: ='третья ц.к.'!$P$80 -> 5519.05 | Y82: ='третья ц.к.'!$P$81 -> 5278.19
A83: =A82+1 -> 4 | B83: ='третья ц.к.'!$P$82 -> 5122.79 | C83: ='третья ц.к.'!$P$83 -> 5016.68 | D83: ='третья ц.к.'!$P$84 -> 4958.41 | E83: ='третья ц.к.'!$P$85 -> 4948.15 | F83: ='третья ц.к.'!$P$86 -> 4808.34 | G83: ='третья ц.к.'!$P$87 -> 4950.39 | H83: ='третья ц.к.'!$P$88 -> 5014.27 | I83: ='третья ц.к.'!$P$89 -> 5101.21 | J83: ='третья ц.к.'!$P$90 -> 5241.06 | K83: ='третья ц.к.'!$P$91 -> 5462.99 | L83: ='третья ц.к.'!$P$92 -> 5560.67 | M83: ='третья ц.к.'!$P$93 -> 5570.14 | N83: ='третья ц.к.'!$P$94 -> 5566.15 | O83: ='третья ц.к.'!$P$95 -> 5570.78 | P83: ='третья ц.к.'!$P$96 -> 5574.18 | Q83: ='третья ц.к.'!$P$97 -> 5581.68 | R83: ='третья ц.к.'!$P$98 -> 5578.18 | S83: ='третья ц.к.'!$P$99 -> 5614.78 | T83: ='третья ц.к.'!$P$100 -> 5641.68 | U83: ='третья ц.к.'!$P$101 -> 5606.52 | V83: ='третья ц.к.'!$P$102 -> 5586.02 | W83: ='третья ц.к.'!$P$103 -> 5565.89 | X83: ='третья ц.к.'!$P$104 -> 5297.97 | Y83: ='третья ц.к.'!$P$105 -> 4961.07
A84: =A83+1 -> 5 | B84: ='третья ц.к.'!$P$106 -> 4891.22 | C84: ='третья ц.к.'!$P$107 -> 4792.82 | D84: ='третья ц.к.'!$P$108 -> 4775.27 | E84: ='третья ц.к.'!$P$109 -> 4789.93 | F84: ='третья ц.к.'!$P$110 -> 4805.72 | G84: ='третья ц.к.'!$P$111 -> 4925.03 | H84: ='третья ц.к.'!$P$112 -> 5112.18 | I84: ='третья ц.к.'!$P$113 -> 5360.46 | J84: ='третья ц.к.'!$P$114 -> 5745.8 | K84: ='третья ц.к.'!$P$115 -> 5865.38 | L84: ='третья ц.к.'!$P$116 -> 5821.28 | M84: ='третья ц.к.'!$P$117 -> 5824.32 | N84: ='третья ц.к.'!$P$118 -> 5801.8 | O84: ='третья ц.к.'!$P$119 -> 5805.06 | P84: ='третья ц.к.'!$P$120 -> 5806.86 | Q84: ='третья ц.к.'!$P$121 -> 5834.35 | R84: ='третья ц.к.'!$P$122 -> 5862.42 | S84: ='третья ц.к.'!$P$123 -> 5903.18 | T84: ='третья ц.к.'!$P$124 -> 5905.95 | U84: ='третья ц.к.'!$P$125 -> 5896.51 | V84: ='третья ц.к.'!$P$126 -> 5830.61 | W84: ='третья ц.к.'!$P$127 -> 5727.66 | X84: ='третья ц.к.'!$P$128 -> 5345.37 | Y84: ='третья ц.к.'!$P$129 -> 5062.66
A85: =A84+1 -> 6 | B85: ='третья ц.к.'!$P$130 -> 4883.26 | C85: ='третья ц.к.'!$P$131 -> 4807.82 | D85: ='третья ц.к.'!$P$132 -> 4709.36 | E85: ='третья ц.к.'!$P$133 -> 4767.82 | F85: ='третья ц.к.'!$P$134 -> 4831.21 | G85: ='третья ц.к.'!$P$135 -> 4930.58 | H85: ='третья ц.к.'!$P$136 -> 5183.68 | I85: ='третья ц.к.'!$P$137 -> 5448.33 | J85: ='третья ц.к.'!$P$138 -> 5808.78 | K85: ='третья ц.к.'!$P$139 -> 5910.19 | L85: ='третья ц.к.'!$P$140 -> 5879.45 | M85: ='третья ц.к.'!$P$141 -> 5870.36 | N85: ='третья ц.к.'!$P$142 -> 5840.04 | O85: ='третья ц.к.'!$P$143 -> 5863.49 | P85: ='третья ц.к.'!$P$144 -> 5860.29 | Q85: ='третья ц.к.'!$P$145 -> 5903.11 | R85: ='третья ц.к.'!$P$146 -> 5907.12 | S85: ='третья ц.к.'!$P$147 -> 5927.53 | T85: ='третья ц.к.'!$P$148 -> 5918.36 | U85: ='третья ц.к.'!$P$149 -> 5892.52 | V85: ='третья ц.к.'!$P$150 -> 5774.86 | W85: ='третья ц.к.'!$P$151 -> 5697.73 | X85: ='третья ц.к.'!$P$152 -> 5513.43 | Y85: ='третья ц.к.'!$P$153 -> 5042
A86: =A85+1 -> 7 | B86: ='третья ц.к.'!$P$154 -> 4871.98 | C86: ='третья ц.к.'!$P$155 -> 4826.97 | D86: ='третья ц.к.'!$P$156 -> 4746.66 | E86: ='третья ц.к.'!$P$157 -> 4788.29 | F86: ='третья ц.к.'!$P$158 -> 4826.43 | G86: ='третья ц.к.'!$P$159 -> 5050.87 | H86: ='третья ц.к.'!$P$160 -> 5274.07 | I86: ='третья ц.к.'!$P$161 -> 5654.71 | J86: ='третья ц.к.'!$P$162 -> 5829.8 | K86: ='третья ц.к.'!$P$163 -> 5885.52 | L86: ='третья ц.к.'!$P$164 -> 5872.95 | M86: ='третья ц.к.'!$P$165 -> 5867.1 | N86: ='третья ц.к.'!$P$166 -> 5853.2 | O86: ='третья ц.к.'!$P$167 -> 5873.17 | P86: ='третья ц.к.'!$P$168 -> 5873.13 | Q86: ='третья ц.к.'!$P$169 -> 5890.6 | R86: ='третья ц.к.'!$P$170 -> 5902.52 | S86: ='третья ц.к.'!$P$171 -> 5995.19 | T86: ='третья ц.к.'!$P$172 -> 5944.56 | U86: ='третья ц.к.'!$P$173 -> 5923.56 | V86: ='третья ц.к.'!$P$174 -> 5847.4 | W86: ='третья ц.к.'!$P$175 -> 5802.05 | X86: ='третья ц.к.'!$P$176 -> 5682.37 | Y86: ='третья ц.к.'!$P$177 -> 5579.81
A87: =A86+1 -> 8 | B87: ='третья ц.к.'!$P$178 -> 5534.04 | C87: ='третья ц.к.'!$P$179 -> 5082.99 | D87: ='третья ц.к.'!$P$180 -> 4959.02 | E87: ='третья ц.к.'!$P$181 -> 4978.12 | F87: ='третья ц.к.'!$P$182 -> 5079.2 | G87: ='третья ц.к.'!$P$183 -> 5703.33 | H87: ='третья ц.к.'!$P$184 -> 5859.18 | I87: ='третья ц.к.'!$P$185 -> 5926.04 | J87: ='третья ц.к.'!$P$186 -> 6171.43 | K87: ='третья ц.к.'!$P$187 -> 6210.61 | L87: ='третья ц.к.'!$P$188 -> 6175.25 | M87: ='третья ц.к.'!$P$189 -> 6161.83 | N87: ='третья ц.к.'!$P$190 -> 6134.68 | O87: ='третья ц.к.'!$P$191 -> 6148.74 | P87: ='третья ц.к.'!$P$192 -> 6150.03 | Q87: ='третья ц.к.'!$P$193 -> 6166.05 | R87: ='третья ц.к.'!$P$194 -> 6183.19 | S87: ='третья ц.к.'!$P$195 -> 6238.47 | T87: ='третья ц.к.'!$P$196 -> 6282.23 | U87: ='третья ц.к.'!$P$197 -> 6248.88 | V87: ='третья ц.к.'!$P$198 -> 6159.21 | W87: ='третья ц.к.'!$P$199 -> 6132.07 | X87: ='третья ц.к.'!$P$200 -> 5874.82 | Y87: ='третья ц.к.'!$P$201 -> 5789.02
A88: =A87+1 -> 9 | B88: ='третья ц.к.'!$P$202 -> 5345.66 | C88: ='третья ц.к.'!$P$203 -> 5038.33 | D88: ='третья ц.к.'!$P$204 -> 4959.93 | E88: ='третья ц.к.'!$P$205 -> 4951.61 | F88: ='третья ц.к.'!$P$206 -> 4973.18 | G88: ='третья ц.к.'!$P$207 -> 5189.67 | H88: ='третья ц.к.'!$P$208 -> 5565.06 | I88: ='третья ц.к.'!$P$209 -> 5642.56 | J88: ='третья ц.к.'!$P$210 -> 5803.67 | K88: ='третья ц.к.'!$P$211 -> 5978.41 | L88: ='третья ц.к.'!$P$212 -> 5936.28 | M88: ='третья ц.к.'!$P$213 -> 5925.08 | N88: ='третья ц.к.'!$P$214 -> 5910.72 | O88: ='третья ц.к.'!$P$215 -> 5903.03 | P88: ='третья ц.к.'!$P$216 -> 5893.52 | Q88: ='третья ц.к.'!$P$217 -> 5902.29 | R88: ='третья ц.к.'!$P$218 -> 5919.09 | S88: ='третья ц.к.'!$P$219 -> 6039.6 | T88: ='третья ц.к.'!$P$220 -> 5885.25 | U88: ='третья ц.к.'!$P$221 -> 5879.7 | V88: ='третья ц.к.'!$P$222 -> 5869.71 | W88: ='третья ц.к.'!$P$223 -> 5806.46 | X88: ='третья ц.к.'!$P$224 -> 5686.68 | Y88: ='третья ц.к.'!$P$225 -> 5549.75
A89: =A88+1 -> 10 | B89: ='третья ц.к.'!$P$226 -> 5143.39 | C89: ='третья ц.к.'!$P$227 -> 4978.28 | D89: ='третья ц.к.'!$P$228 -> 4900.73 | E89: ='третья ц.к.'!$P$229 -> 4901.32 | F89: ='третья ц.к.'!$P$230 -> 4907.56 | G89: ='третья ц.к.'!$P$231 -> 5012.14 | H89: ='третья ц.к.'!$P$232 -> 5261.43 | I89: ='третья ц.к.'!$P$233 -> 5564.9 | J89: ='третья ц.к.'!$P$234 -> 5701.34 | K89: ='третья ц.к.'!$P$235 -> 5801.97 | L89: ='третья ц.к.'!$P$236 -> 5823.67 | M89: ='третья ц.к.'!$P$237 -> 5840.16 | N89: ='третья ц.к.'!$P$238 -> 5835.56 | O89: ='третья ц.к.'!$P$239 -> 5841.54 | P89: ='третья ц.к.'!$P$240 -> 5845.5 | Q89: ='третья ц.к.'!$P$241 -> 5868.24 | R89: ='третья ц.к.'!$P$242 -> 5864.1 | S89: ='третья ц.к.'!$P$243 -> 5919.52 | T89: ='третья ц.к.'!$P$244 -> 5915.84 | U89: ='третья ц.к.'!$P$245 -> 5909.78 | V89: ='третья ц.к.'!$P$246 -> 5864.67 | W89: ='третья ц.к.'!$P$247 -> 5810.24 | X89: ='третья ц.к.'!$P$248 -> 5740.91 | Y89: ='третья ц.к.'!$P$249 -> 5566.44
A90: =A89+1 -> 11 | B90: ='третья ц.к.'!$P$250 -> 5183.43 | C90: ='третья ц.к.'!$P$251 -> 5002 | D90: ='третья ц.к.'!$P$252 -> 4905.74 | E90: ='третья ц.к.'!$P$253 -> 4912.7 | F90: ='третья ц.к.'!$P$254 -> 4928.48 | G90: ='третья ц.к.'!$P$255 -> 5187.69 | H90: ='третья ц.к.'!$P$256 -> 5579.18 | I90: ='третья ц.к.'!$P$257 -> 5767.05 | J90: ='третья ц.к.'!$P$258 -> 5923.46 | K90: ='третья ц.к.'!$P$259 -> 5987 | L90: ='третья ц.к.'!$P$260 -> 5963.37 | M90: ='третья ц.к.'!$P$261 -> 5953.39 | N90: ='третья ц.к.'!$P$262 -> 5940.66 | O90: ='третья ц.к.'!$P$263 -> 5946.91 | P90: ='третья ц.к.'!$P$264 -> 5969.52 | Q90: ='третья ц.к.'!$P$265 -> 5961.68 | R90: ='третья ц.к.'!$P$266 -> 5965.12 | S90: ='третья ц.к.'!$P$267 -> 6053.19 | T90: ='третья ц.к.'!$P$268 -> 6086.3 | U90: ='третья ц.к.'!$P$269 -> 6061.82 | V90: ='третья ц.к.'!$P$270 -> 5865.3 | W90: ='третья ц.к.'!$P$271 -> 5808.27 | X90: ='третья ц.к.'!$P$272 -> 5659.28 | Y90: ='третья ц.к.'!$P$273 -> 5275.85
A91: =A90+1 -> 12 | B91: ='третья ц.к.'!$P$274 -> 5181.71 | C91: ='третья ц.к.'!$P$275 -> 5006.26 | D91: ='третья ц.к.'!$P$276 -> 4928.12 | E91: ='третья ц.к.'!$P$277 -> 4933.84 | F91: ='третья ц.к.'!$P$278 -> 4937.52 | G91: ='третья ц.к.'!$P$279 -> 5179.6 | H91: ='третья ц.к.'!$P$280 -> 5663.13 | I91: ='третья ц.к.'!$P$281 -> 5756.72 | J91: ='третья ц.к.'!$P$282 -> 5880.41 | K91: ='третья ц.к.'!$P$283 -> 5878.83 | L91: ='третья ц.к.'!$P$284 -> 5908.5 | M91: ='третья ц.к.'!$P$285 -> 5867.6 | N91: ='третья ц.к.'!$P$286 -> 5864.32 | O91: ='третья ц.к.'!$P$287 -> 5869.9 | P91: ='третья ц.к.'!$P$288 -> 5867.73 | Q91: ='третья ц.к.'!$P$289 -> 5871.72 | R91: ='третья ц.к.'!$P$290 -> 5874.96 | S91: ='третья ц.к.'!$P$291 -> 6040.35 | T91: ='третья ц.к.'!$P$292 -> 6002.82 | U91: ='третья ц.к.'!$P$293 -> 5965.18 | V91: ='третья ц.к.'!$P$294 -> 5873.13 | W91: ='третья ц.к.'!$P$295 -> 5802.89 | X91: ='третья ц.к.'!$P$296 -> 5542.76 | Y91: ='третья ц.к.'!$P$297 -> 5334.53
A92: =A91+1 -> 13 | B92: ='третья ц.к.'!$P$298 -> 4989.91 | C92: ='третья ц.к.'!$P$299 -> 4901.8 | D92: ='третья ц.к.'!$P$300 -> 4822.93 | E92: ='третья ц.к.'!$P$301 -> 4801.41 | F92: ='третья ц.к.'!$P$302 -> 4815.37 | G92: ='третья ц.к.'!$P$303 -> 5052.5 | H92: ='третья ц.к.'!$P$304 -> 5532.48 | I92: ='третья ц.к.'!$P$305 -> 5768.79 | J92: ='третья ц.к.'!$P$306 -> 5869.69 | K92: ='третья ц.к.'!$P$307 -> 5927.79 | L92: ='третья ц.к.'!$P$308 -> 5904.45 | M92: ='третья ц.к.'!$P$309 -> 5904.46 | N92: ='третья ц.к.'!$P$310 -> 5932.08 | O92: ='третья ц.к.'!$P$311 -> 5963.47 | P92: ='третья ц.к.'!$P$312 -> 5964.91 | Q92: ='третья ц.к.'!$P$313 -> 5975.72 | R92: ='третья ц.к.'!$P$314 -> 5992.81 | S92: ='третья ц.к.'!$P$315 -> 6058.33 | T92: ='третья ц.к.'!$P$316 -> 6097.51 | U92: ='третья ц.к.'!$P$317 -> 6071.69 | V92: ='третья ц.к.'!$P$318 -> 6017.03 | W92: ='третья ц.к.'!$P$319 -> 6172.27 | X92: ='третья ц.к.'!$P$320 -> 5576.97 | Y92: ='третья ц.к.'!$P$321 -> 5432.53
A93: =A92+1 -> 14 | B93: ='третья ц.к.'!$P$322 -> 5477.01 | C93: ='третья ц.к.'!$P$323 -> 5179.48 | D93: ='третья ц.к.'!$P$324 -> 5022.04 | E93: ='третья ц.к.'!$P$325 -> 5031.66 | F93: ='третья ц.к.'!$P$326 -> 5177.05 | G93: ='третья ц.к.'!$P$327 -> 5487.15 | H93: ='третья ц.к.'!$P$328 -> 5789.66 | I93: ='третья ц.к.'!$P$329 -> 5936.15 | J93: ='третья ц.к.'!$P$330 -> 6431.76 | K93: ='третья ц.к.'!$P$331 -> 6505.97 | L93: ='третья ц.к.'!$P$332 -> 6475.67 | M93: ='третья ц.к.'!$P$333 -> 6465.78 | N93: ='третья ц.к.'!$P$334 -> 6442 | O93: ='третья ц.к.'!$P$335 -> 6467.25 | P93: ='третья ц.к.'!$P$336 -> 6464.18 | Q93: ='третья ц.к.'!$P$337 -> 6468.28 | R93: ='третья ц.к.'!$P$338 -> 6463.7 | S93: ='третья ц.к.'!$P$339 -> 6533.46 | T93: ='третья ц.к.'!$P$340 -> 6544.07 | U93: ='третья ц.к.'!$P$341 -> 6475.01 | V93: ='третья ц.к.'!$P$342 -> 6413.44 | W93: ='третья ц.к.'!$P$343 -> 6327.07 | X93: ='третья ц.к.'!$P$344 -> 5784.08 | Y93: ='третья ц.к.'!$P$345 -> 5610.98
A94: =A93+1 -> 15 | B94: ='третья ц.к.'!$P$346 -> 5632.28 | C94: ='третья ц.к.'!$P$347 -> 5199.55 | D94: ='третья ц.к.'!$P$348 -> 5056.54 | E94: ='третья ц.к.'!$P$349 -> 5076.57 | F94: ='третья ц.к.'!$P$350 -> 5173.58 | G94: ='третья ц.к.'!$P$351 -> 5656.99 | H94: ='третья ц.к.'!$P$352 -> 5789.21 | I94: ='третья ц.к.'!$P$353 -> 6025.08 | J94: ='третья ц.к.'!$P$354 -> 6360.49 | K94: ='третья ц.к.'!$P$355 -> 6439.98 | L94: ='третья ц.к.'!$P$356 -> 6411.24 | M94: ='третья ц.к.'!$P$357 -> 6394.55 | N94: ='третья ц.к.'!$P$358 -> 6379.55 | O94: ='третья ц.к.'!$P$359 -> 6387.49 | P94: ='третья ц.к.'!$P$360 -> 6374.1 | Q94: ='третья ц.к.'!$P$361 -> 6384.93 | R94: ='третья ц.к.'!$P$362 -> 6419.21 | S94: ='третья ц.к.'!$P$363 -> 6474.65 | T94: ='третья ц.к.'!$P$364 -> 6831 | U94: ='третья ц.к.'!$P$365 -> 6448.17 | V94: ='третья ц.к.'!$P$366 -> 6338.44 | W94: ='третья ц.к.'!$P$367 -> 6274.28 | X94: ='третья ц.к.'!$P$368 -> 5839.07 | Y94: ='третья ц.к.'!$P$369 -> 5757.2
A95: =A94+1 -> 16 | B95: ='третья ц.к.'!$P$370 -> 5696.33 | C95: ='третья ц.к.'!$P$371 -> 5521.66 | D95: ='третья ц.к.'!$P$372 -> 5330.37 | E95: ='третья ц.к.'!$P$373 -> 5323.64 | F95: ='третья ц.к.'!$P$374 -> 5292.12 | G95: ='третья ц.к.'!$P$375 -> 5636.27 | H95: ='третья ц.к.'!$P$376 -> 5766.77 | I95: ='третья ц.к.'!$P$377 -> 5819.18 | J95: ='третья ц.к.'!$P$378 -> 6224.89 | K95: ='третья ц.к.'!$P$379 -> 6319.02 | L95: ='третья ц.к.'!$P$380 -> 6289.62 | M95: ='третья ц.к.'!$P$381 -> 6283.38 | N95: ='третья ц.к.'!$P$382 -> 6258.26 | O95: ='третья ц.к.'!$P$383 -> 6256.51 | P95: ='третья ц.к.'!$P$384 -> 6280.46 | Q95: ='третья ц.к.'!$P$385 -> 6279.32 | R95: ='третья ц.к.'!$P$386 -> 6291.21 | S95: ='третья ц.к.'!$P$387 -> 6336.19 | T95: ='третья ц.к.'!$P$388 -> 6389.87 | U95: ='третья ц.к.'!$P$389 -> 6364.4 | V95: ='третья ц.к.'!$P$390 -> 6320.95 | W95: ='третья ц.к.'!$P$391 -> 6310.79 | X95: ='третья ц.к.'!$P$392 -> 6117.76 | Y95: ='третья ц.к.'!$P$393 -> 5747.97
A96: =A95+1 -> 17 | B96: ='третья ц.к.'!$P$394 -> 5602.76 | C96: ='третья ц.к.'!$P$395 -> 5626.14 | D96: ='третья ц.к.'!$P$396 -> 5205.44 | E96: ='третья ц.к.'!$P$397 -> 5237.18 | F96: ='третья ц.к.'!$P$398 -> 5276.1 | G96: ='третья ц.к.'!$P$399 -> 5491.18 | H96: ='третья ц.к.'!$P$400 -> 5662.29 | I96: ='третья ц.к.'!$P$401 -> 5762.34 | J96: ='третья ц.к.'!$P$402 -> 6094.05 | K96: ='третья ц.к.'!$P$403 -> 6153.42 | L96: ='третья ц.к.'!$P$404 -> 6091.41 | M96: ='третья ц.к.'!$P$405 -> 6167.74 | N96: ='третья ц.к.'!$P$406 -> 6143.78 | O96: ='третья ц.к.'!$P$407 -> 6167.19 | P96: ='третья ц.к.'!$P$408 -> 6182.29 | Q96: ='третья ц.к.'!$P$409 -> 6184.89 | R96: ='третья ц.к.'!$P$410 -> 6193.05 | S96: ='третья ц.к.'!$P$411 -> 6208.51 | T96: ='третья ц.к.'!$P$412 -> 6285.61 | U96: ='третья ц.к.'!$P$413 -> 6256.37 | V96: ='третья ц.к.'!$P$414 -> 6161.46 | W96: ='третья ц.к.'!$P$415 -> 6133.27 | X96: ='третья ц.к.'!$P$416 -> 6056.48 | Y96: ='третья ц.к.'!$P$417 -> 5761
A97: =A96+1 -> 18 | B97: ='третья ц.к.'!$P$418 -> 5550.4 | C97: ='третья ц.к.'!$P$419 -> 5164.08 | D97: ='третья ц.к.'!$P$420 -> 5038.88 | E97: ='третья ц.к.'!$P$421 -> 5026.96 | F97: ='третья ц.к.'!$P$422 -> 5165.28 | G97: ='третья ц.к.'!$P$423 -> 5388.35 | H97: ='третья ц.к.'!$P$424 -> 5729.21 | I97: ='третья ц.к.'!$P$425 -> 5910.05 | J97: ='третья ц.к.'!$P$426 -> 6170.2 | K97: ='третья ц.к.'!$P$427 -> 6221.15 | L97: ='третья ц.к.'!$P$428 -> 6200.04 | M97: ='третья ц.к.'!$P$429 -> 6111.24 | N97: ='третья ц.к.'!$P$430 -> 6087.16 | O97: ='третья ц.к.'!$P$431 -> 6149.46 | P97: ='третья ц.к.'!$P$432 -> 6072.42 | Q97: ='третья ц.к.'!$P$433 -> 6074.39 | R97: ='третья ц.к.'!$P$434 -> 6078.05 | S97: ='третья ц.к.'!$P$435 -> 6202.09 | T97: ='третья ц.к.'!$P$436 -> 6255.72 | U97: ='третья ц.к.'!$P$437 -> 6224.69 | V97: ='третья ц.к.'!$P$438 -> 6209.48 | W97: ='третья ц.к.'!$P$439 -> 6148.79 | X97: ='третья ц.к.'!$P$440 -> 5800 | Y97: ='третья ц.к.'!$P$441 -> 5596.15
A98: =A97+1 -> 19 | B98: ='третья ц.к.'!$P$442 -> 5466.85 | C98: ='третья ц.к.'!$P$443 -> 5129.65 | D98: ='третья ц.к.'!$P$444 -> 5030.91 | E98: ='третья ц.к.'!$P$445 -> 5025.36 | F98: ='третья ц.к.'!$P$446 -> 5084.19 | G98: ='третья ц.к.'!$P$447 -> 5427.15 | H98: ='третья ц.к.'!$P$448 -> 5701.22 | I98: ='третья ц.к.'!$P$449 -> 5992.39 | J98: ='третья ц.к.'!$P$450 -> 6659.62 | K98: ='третья ц.к.'!$P$451 -> 6659.67 | L98: ='третья ц.к.'!$P$452 -> 6663.08 | M98: ='третья ц.к.'!$P$453 -> 6624.83 | N98: ='третья ц.к.'!$P$454 -> 6619.62 | O98: ='третья ц.к.'!$P$455 -> 6372.43 | P98: ='третья ц.к.'!$P$456 -> 6349.31 | Q98: ='третья ц.к.'!$P$457 -> 6669.8 | R98: ='третья ц.к.'!$P$458 -> 6707.57 | S98: ='третья ц.к.'!$P$459 -> 6414.6 | T98: ='третья ц.к.'!$P$460 -> 6797 | U98: ='третья ц.к.'!$P$461 -> 6724.67 | V98: ='третья ц.к.'!$P$462 -> 6629.04 | W98: ='третья ц.к.'!$P$463 -> 6696.47 | X98: ='третья ц.к.'!$P$464 -> 6390.33 | Y98: ='третья ц.к.'!$P$465 -> 5705.23
A99: =A98+1 -> 20 | B99: ='третья ц.к.'!$P$466 -> 5216.26 | C99: ='третья ц.к.'!$P$467 -> 5119.23 | D99: ='третья ц.к.'!$P$468 -> 5008.14 | E99: ='третья ц.к.'!$P$469 -> 4988.37 | F99: ='третья ц.к.'!$P$470 -> 5047.23 | G99: ='третья ц.к.'!$P$471 -> 5349.29 | H99: ='третья ц.к.'!$P$472 -> 5667.25 | I99: ='третья ц.к.'!$P$473 -> 5821.63 | J99: ='третья ц.к.'!$P$474 -> 5921.81 | K99: ='третья ц.к.'!$P$475 -> 5951.14 | L99: ='третья ц.к.'!$P$476 -> 5934.21 | M99: ='третья ц.к.'!$P$477 -> 5914.33 | N99: ='третья ц.к.'!$P$478 -> 5843.05 | O99: ='третья ц.к.'!$P$479 -> 5842.01 | P99: ='третья ц.к.'!$P$480 -> 5900.22 | Q99: ='третья ц.к.'!$P$481 -> 5888.83 | R99: ='третья ц.к.'!$P$482 -> 5888.26 | S99: ='третья ц.к.'!$P$483 -> 5909.3 | T99: ='третья ц.к.'!$P$484 -> 5903.16 | U99: ='третья ц.к.'!$P$485 -> 5825.45 | V99: ='третья ц.к.'!$P$486 -> 5804.7 | W99: ='третья ц.к.'!$P$487 -> 5744.27 | X99: ='третья ц.к.'!$P$488 -> 5589.44 | Y99: ='третья ц.к.'!$P$489 -> 5173
A100: =A99+1 -> 21 | B100: ='третья ц.к.'!$P$490 -> 4935.91 | C100: ='третья ц.к.'!$P$491 -> 4845.6 | D100: ='третья ц.к.'!$P$492 -> 4823.18 | E100: ='третья ц.к.'!$P$493 -> 4821.93 | F100: ='третья ц.к.'!$P$494 -> 4866.47 | G100: ='третья ц.к.'!$P$495 -> 5017.3 | H100: ='третья ц.к.'!$P$496 -> 5299.52 | I100: ='третья ц.к.'!$P$497 -> 5674.78 | J100: ='третья ц.к.'!$P$498 -> 5826.01 | K100: ='третья ц.к.'!$P$499 -> 5858.07 | L100: ='третья ц.к.'!$P$500 -> 5868.93 | M100: ='третья ц.к.'!$P$501 -> 5854.11 | N100: ='третья ц.к.'!$P$502 -> 5831.94 | O100: ='третья ц.к.'!$P$503 -> 5833.9 | P100: ='третья ц.к.'!$P$504 -> 5828.97 | Q100: ='третья ц.к.'!$P$505 -> 5824.14 | R100: ='третья ц.к.'!$P$506 -> 5825.99 | S100: ='третья ц.к.'!$P$507 -> 5835.7 | T100: ='третья ц.к.'!$P$508 -> 5827.75 | U100: ='третья ц.к.'!$P$509 -> 5815.62 | V100: ='третья ц.к.'!$P$510 -> 5782.17 | W100: ='третья ц.к.'!$P$511 -> 5747.43 | X100: ='третья ц.к.'!$P$512 -> 5541.46 | Y100: ='третья ц.к.'!$P$513 -> 5033.65
A101: =A100+1 -> 22 | B101: ='третья ц.к.'!$P$514 -> 4877.54 | C101: ='третья ц.к.'!$P$515 -> 4808.4 | D101: ='третья ц.к.'!$P$516 -> 4778.12 | E101: ='третья ц.к.'!$P$517 -> 4788.54 | F101: ='третья ц.к.'!$P$518 -> 4846.9 | G101: ='третья ц.к.'!$P$519 -> 5080.91 | H101: ='третья ц.к.'!$P$520 -> 5555.05 | I101: ='третья ц.к.'!$P$521 -> 5817.59 | J101: ='третья ц.к.'!$P$522 -> 5937.63 | K101: ='третья ц.к.'!$P$523 -> 6065.25 | L101: ='третья ц.к.'!$P$524 -> 6061.85 | M101: ='третья ц.к.'!$P$525 -> 5968.75 | N101: ='третья ц.к.'!$P$526 -> 5924.33 | O101: ='третья ц.к.'!$P$527 -> 5939.44 | P101: ='третья ц.к.'!$P$528 -> 5916.75 | Q101: ='третья ц.к.'!$P$529 -> 5898.62 | R101: ='третья ц.к.'!$P$530 -> 5910.91 | S101: ='третья ц.к.'!$P$531 -> 5915.15 | T101: ='третья ц.к.'!$P$532 -> 5891.74 | U101: ='третья ц.к.'!$P$533 -> 5848.01 | V101: ='третья ц.к.'!$P$534 -> 5790.6 | W101: ='третья ц.к.'!$P$535 -> 5772.14 | X101: ='третья ц.к.'!$P$536 -> 5627.95 | Y101: ='третья ц.к.'!$P$537 -> 5265.2
A102: =A101+1 -> 23 | B102: ='третья ц.к.'!$P$538 -> 5106.35 | C102: ='третья ц.к.'!$P$539 -> 4940.3 | D102: ='третья ц.к.'!$P$540 -> 4892.72 | E102: ='третья ц.к.'!$P$541 -> 4867.07 | F102: ='третья ц.к.'!$P$542 -> 4875.47 | G102: ='третья ц.к.'!$P$543 -> 4975.14 | H102: ='третья ц.к.'!$P$544 -> 5088.7 | I102: ='третья ц.к.'!$P$545 -> 5292.76 | J102: ='третья ц.к.'!$P$546 -> 5662.23 | K102: ='третья ц.к.'!$P$547 -> 5769.57 | L102: ='третья ц.к.'!$P$548 -> 5787.7 | M102: ='третья ц.к.'!$P$549 -> 5784.66 | N102: ='третья ц.к.'!$P$550 -> 5769.39 | O102: ='третья ц.к.'!$P$551 -> 5790.03 | P102: ='третья ц.к.'!$P$552 -> 5767.64 | Q102: ='третья ц.к.'!$P$553 -> 5772.2 | R102: ='третья ц.к.'!$P$554 -> 5792.77 | S102: ='третья ц.к.'!$P$555 -> 5825.06 | T102: ='третья ц.к.'!$P$556 -> 5820.31 | U102: ='третья ц.к.'!$P$557 -> 5818.23 | V102: ='третья ц.к.'!$P$558 -> 5784.07 | W102: ='третья ц.к.'!$P$559 -> 5706.08 | X102: ='третья ц.к.'!$P$560 -> 5484.41 | Y102: ='третья ц.к.'!$P$561 -> 5201.57
A103: =A102+1 -> 24 | B103: ='третья ц.к.'!$P$562 -> 5120.49 | C103: ='третья ц.к.'!$P$563 -> 4943.14 | D103: ='третья ц.к.'!$P$564 -> 4830.97 | E103: ='третья ц.к.'!$P$565 -> 4827 | F103: ='третья ц.к.'!$P$566 -> 4824.35 | G103: ='третья ц.к.'!$P$567 -> 4893.33 | H103: ='третья ц.к.'!$P$568 -> 4954.88 | I103: ='третья ц.к.'!$P$569 -> 5094.32 | J103: ='третья ц.к.'!$P$570 -> 5458.06 | K103: ='третья ц.к.'!$P$571 -> 5714.65 | L103: ='третья ц.к.'!$P$572 -> 5755.85 | M103: ='третья ц.к.'!$P$573 -> 5757.44 | N103: ='третья ц.к.'!$P$574 -> 5740.34 | O103: ='третья ц.к.'!$P$575 -> 5744.45 | P103: ='третья ц.к.'!$P$576 -> 5748.01 | Q103: ='третья ц.к.'!$P$577 -> 5750.53 | R103: ='третья ц.к.'!$P$578 -> 5775.06 | S103: ='третья ц.к.'!$P$579 -> 5864.66 | T103: ='третья ц.к.'!$P$580 -> 5905.84 | U103: ='третья ц.к.'!$P$581 -> 5904.31 | V103: ='третья ц.к.'!$P$582 -> 5842.35 | W103: ='третья ц.к.'!$P$583 -> 5764.17 | X103: ='третья ц.к.'!$P$584 -> 5648.67 | Y103: ='третья ц.к.'!$P$585 -> 5516.77
A104: =A103+1 -> 25 | B104: ='третья ц.к.'!$P$586 -> 5053.33 | C104: ='третья ц.к.'!$P$587 -> 4932.02 | D104: ='третья ц.к.'!$P$588 -> 4908.99 | E104: ='третья ц.к.'!$P$589 -> 4922.27 | F104: ='третья ц.к.'!$P$590 -> 4946.94 | G104: ='третья ц.к.'!$P$591 -> 5210.12 | H104: ='третья ц.к.'!$P$592 -> 5628.21 | I104: ='третья ц.к.'!$P$593 -> 5830.73 | J104: ='третья ц.к.'!$P$594 -> 6023.07 | K104: ='третья ц.к.'!$P$595 -> 6109.66 | L104: ='третья ц.к.'!$P$596 -> 6044.22 | M104: ='третья ц.к.'!$P$597 -> 6017.35 | N104: ='третья ц.к.'!$P$598 -> 5953.34 | O104: ='третья ц.к.'!$P$599 -> 5973.93 | P104: ='третья ц.к.'!$P$600 -> 5987.42 | Q104: ='третья ц.к.'!$P$601 -> 5992.25 | R104: ='третья ц.к.'!$P$602 -> 6054.28 | S104: ='третья ц.к.'!$P$603 -> 6171.47 | T104: ='третья ц.к.'!$P$604 -> 6160.62 | U104: ='третья ц.к.'!$P$605 -> 6102.07 | V104: ='третья ц.к.'!$P$606 -> 5984.72 | W104: ='третья ц.к.'!$P$607 -> 5868.27 | X104: ='третья ц.к.'!$P$608 -> 5697.09 | Y104: ='третья ц.к.'!$P$609 -> 5419.88
A105: =A104+1 -> 26 | B105: ='третья ц.к.'!$P$610 -> 5073.33 | C105: ='третья ц.к.'!$P$611 -> 4941.18 | D105: ='третья ц.к.'!$P$612 -> 4899.42 | E105: ='третья ц.к.'!$P$613 -> 4907.13 | F105: ='третья ц.к.'!$P$614 -> 5003.15 | G105: ='третья ц.к.'!$P$615 -> 5401.48 | H105: ='третья ц.к.'!$P$616 -> 5763.68 | I105: ='третья ц.к.'!$P$617 -> 5843.7 | J105: ='третья ц.к.'!$P$618 -> 6072.64 | K105: ='третья ц.к.'!$P$619 -> 6139.49 | L105: ='третья ц.к.'!$P$620 -> 6102.86 | M105: ='третья ц.к.'!$P$621 -> 6120.25 | N105: ='третья ц.к.'!$P$622 -> 6092.83 | O105: ='третья ц.к.'!$P$623 -> 6090.64 | P105: ='третья ц.к.'!$P$624 -> 6084.89 | Q105: ='третья ц.к.'!$P$625 -> 6104.98 | R105: ='третья ц.к.'!$P$626 -> 6146.88 | S105: ='третья ц.к.'!$P$627 -> 6202.67 | T105: ='третья ц.к.'!$P$628 -> 6190.79 | U105: ='третья ц.к.'!$P$629 -> 6142.93 | V105: ='третья ц.к.'!$P$630 -> 6100.86 | W105: ='третья ц.к.'!$P$631 -> 6905.73 | X105: ='третья ц.к.'!$P$632 -> 5795.07 | Y105: ='третья ц.к.'!$P$633 -> 5658.45
A106: =A105+1 -> 27 | B106: ='третья ц.к.'!$P$634 -> 5477.05 | C106: ='третья ц.к.'!$P$635 -> 5002.52 | D106: ='третья ц.к.'!$P$636 -> 4965.88 | E106: ='третья ц.к.'!$P$637 -> 4953.76 | F106: ='третья ц.к.'!$P$638 -> 5003.84 | G106: ='третья ц.к.'!$P$639 -> 5317.28 | H106: ='третья ц.к.'!$P$640 -> 5761.27 | I106: ='третья ц.к.'!$P$641 -> 5873.69 | J106: ='третья ц.к.'!$P$642 -> 6092.9 | K106: ='третья ц.к.'!$P$643 -> 6173.52 | L106: ='третья ц.к.'!$P$644 -> 6158.69 | M106: ='третья ц.к.'!$P$645 -> 6143.5 | N106: ='третья ц.к.'!$P$646 -> 6126.61 | O106: ='третья ц.к.'!$P$647 -> 6122.55 | P106: ='третья ц.к.'!$P$648 -> 6126.21 | Q106: ='третья ц.к.'!$P$649 -> 6132.7 | R106: ='третья ц.к.'!$P$650 -> 6172.28 | S106: ='третья ц.к.'!$P$651 -> 6177.51 | T106: ='третья ц.к.'!$P$652 -> 6165.97 | U106: ='третья ц.к.'!$P$653 -> 6125.01 | V106: ='третья ц.к.'!$P$654 -> 6035.03 | W106: ='третья ц.к.'!$P$655 -> 5901.01 | X106: ='третья ц.к.'!$P$656 -> 5767.86 | Y106: ='третья ц.к.'!$P$657 -> 5645.45
A107: =A106+1 -> 28 | B107: ='третья ц.к.'!$P$658 -> 5235.24 | C107: ='третья ц.к.'!$P$659 -> 4997.29 | D107: ='третья ц.к.'!$P$660 -> 4959.69 | E107: ='третья ц.к.'!$P$661 -> 4979.11 | F107: ='третья ц.к.'!$P$662 -> 5020.36 | G107: ='третья ц.к.'!$P$663 -> 5254.92 | H107: ='третья ц.к.'!$P$664 -> 5715.1 | I107: ='третья ц.к.'!$P$665 -> 5905.49 | J107: ='третья ц.к.'!$P$666 -> 6054.3 | K107: ='третья ц.к.'!$P$667 -> 6129.19 | L107: ='третья ц.к.'!$P$668 -> 6134.61 | M107: ='третья ц.к.'!$P$669 -> 5861.16 | N107: ='третья ц.к.'!$P$670 -> 6103.38 | O107: ='третья ц.к.'!$P$671 -> 6113.82 | P107: ='третья ц.к.'!$P$672 -> 6078.49 | Q107: ='третья ц.к.'!$P$673 -> 6095.84 | R107: ='третья ц.к.'!$P$674 -> 6102.45 | S107: ='третья ц.к.'!$P$675 -> 6188.36 | T107: ='третья ц.к.'!$P$676 -> 6174.19 | U107: ='третья ц.к.'!$P$677 -> 6129.17 | V107: ='третья ц.к.'!$P$678 -> 6069.4 | W107: ='третья ц.к.'!$P$679 -> 6108.46 | X107: ='третья ц.к.'!$P$680 -> 5776.46 | Y107: ='третья ц.к.'!$P$681 -> 5663.11
A108: =A107+1 -> 29 | B108: ='третья ц.к.'!$P$682 -> 5549.87 | C108: ='третья ц.к.'!$P$683 -> 5229.31 | D108: ='третья ц.к.'!$P$684 -> 5064.76 | E108: ='третья ц.к.'!$P$685 -> 5233 | F108: ='третья ц.к.'!$P$686 -> 5216.65 | G108: ='третья ц.к.'!$P$687 -> 5612.5 | H108: ='третья ц.к.'!$P$688 -> 5811.79 | I108: ='третья ц.к.'!$P$689 -> 5997.04 | J108: ='третья ц.к.'!$P$690 -> 6180.2 | K108: ='третья ц.к.'!$P$691 -> 6259.72 | L108: ='третья ц.к.'!$P$692 -> 6253.9 | M108: ='третья ц.к.'!$P$693 -> 6225.69 | N108: ='третья ц.к.'!$P$694 -> 6195.15 | O108: ='третья ц.к.'!$P$695 -> 6210.11 | P108: ='третья ц.к.'!$P$696 -> 6214.41 | Q108: ='третья ц.к.'!$P$697 -> 6219.51 | R108: ='третья ц.к.'!$P$698 -> 6253.45 | S108: ='третья ц.к.'!$P$699 -> 6258.54 | T108: ='третья ц.к.'!$P$700 -> 7440.22 | U108: ='третья ц.к.'!$P$701 -> 6197.1 | V108: ='третья ц.к.'!$P$702 -> 6128.14 | W108: ='третья ц.к.'!$P$703 -> 6160.63 | X108: ='третья ц.к.'!$P$704 -> 5823.78 | Y108: ='третья ц.к.'!$P$705 -> 5744.2
A109: =A108+1 -> 30 | B109: ='третья ц.к.'!$P$706 -> 5644.29 | C109: ='третья ц.к.'!$P$707 -> 5245.93 | D109: ='третья ц.к.'!$P$708 -> 5095.77 | E109: ='третья ц.к.'!$P$709 -> 5097.69 | F109: ='третья ц.к.'!$P$710 -> 5111.17 | G109: ='третья ц.к.'!$P$711 -> 5307.31 | H109: ='третья ц.к.'!$P$712 -> 5646.39 | I109: ='третья ц.к.'!$P$713 -> 5803.85 | J109: ='третья ц.к.'!$P$714 -> 6004.74 | K109: ='третья ц.к.'!$P$715 -> 5875.3 | L109: ='третья ц.к.'!$P$716 -> 6164.47 | M109: ='третья ц.к.'!$P$717 -> 6177.3 | N109: ='третья ц.к.'!$P$718 -> 6171.35 | O109: ='третья ц.к.'!$P$719 -> 6174.45 | P109: ='третья ц.к.'!$P$720 -> 6168.41 | Q109: ='третья ц.к.'!$P$721 -> 6176.43 | R109: ='третья ц.к.'!$P$722 -> 6217.01 | S109: ='третья ц.к.'!$P$723 -> 6435.01 | T109: ='третья ц.к.'!$P$724 -> 7646.85 | U109: ='третья ц.к.'!$P$725 -> 7472.89 | V109: ='третья ц.к.'!$P$726 -> 6233.51 | W109: ='третья ц.к.'!$P$727 -> 7035.25 | X109: ='третья ц.к.'!$P$728 -> 6073.33 | Y109: ='третья ц.к.'!$P$729 -> 5802.64
A110: =A109+1 -> 31 | B110: ='третья ц.к.'!$P$730 -> 0 | C110: ='третья ц.к.'!$P$731 -> 0 | D110: ='третья ц.к.'!$P$732 -> 0 | E110: ='третья ц.к.'!$P$733 -> 0 | F110: ='третья ц.к.'!$P$734 -> 0 | G110: ='третья ц.к.'!$P$735 -> 0 | H110: ='третья ц.к.'!$P$736 -> 0 | I110: ='третья ц.к.'!$P$737 -> 0 | J110: ='третья ц.к.'!$P$738 -> 0 | K110: ='третья ц.к.'!$P$739 -> 0 | L110: ='третья ц.к.'!$P$740 -> 0 | M110: ='третья ц.к.'!$P$741 -> 0 | N110: ='третья ц.к.'!$P$742 -> 0 | O110: ='третья ц.к.'!$P$743 -> 0 | P110: ='третья ц.к.'!$P$744 -> 0 | Q110: ='третья ц.к.'!$P$745 -> 0 | R110: ='третья ц.к.'!$P$746 -> 0 | S110: ='третья ц.к.'!$P$747 -> 0 | T110: ='третья ц.к.'!$P$748 -> 0 | U110: ='третья ц.к.'!$P$749 -> 0 | V110: ='третья ц.к.'!$P$750 -> 0 | W110: ='третья ц.к.'!$P$751 -> 0 | X110: ='третья ц.к.'!$P$752 -> 0 | Y110: ='третья ц.к.'!$P$753 -> 0
A112: Дата | B112: Ставка для фактических почасовых объемов покупки электрической энергии. отпущенных на уровне напряжения СН I
B115: 0:00-1:00 | C115: 1:00-2:00 | D115: 2:00-3:00 | E115: 3:00-4:00 | F115: 4:00-5:00 | G115: 5:00-6:00 | H115: 6:00-7:00 | I115: 7:00-8:00 | J115: 8:00-9:00 | K115: 9:00-10:00 | L115: 10:00-11:00 | M115: 11:00-12:00 | N115: 12:00-13:00 | O115: 13:00-14:00 | P115: 14:00-15:00 | Q115: 15:00-16:00 | R115: 16:00-17:00 | S115: 17:00-18:00 | T115: 18:00-19:00 | U115: 19:00-20:00 | V115: 20:00-21:00 | W115: 21:00-22:00 | X115: 22:00-23:00 | Y115: 23:00-0:00
A116: 1 | B116: ='третья ц.к.'!$Q$10 -> 5370.4 | C116: ='третья ц.к.'!$Q$11 -> 5349.05 | D116: ='третья ц.к.'!$Q$12 -> 5349.02 | E116: ='третья ц.к.'!$Q$13 -> 5258.35 | F116: ='третья ц.к.'!$Q$14 -> 5311.27 | G116: ='третья ц.к.'!$Q$15 -> 5658.92 | H116: ='третья ц.к.'!$Q$16 -> 5726.3 | I116: ='третья ц.к.'!$Q$17 -> 6069.58 | J116: ='третья ц.к.'!$Q$18 -> 6292.77 | K116: ='третья ц.к.'!$Q$19 -> 6321.39 | L116: ='третья ц.к.'!$Q$20 -> 6294.65 | M116: ='третья ц.к.'!$Q$21 -> 6239.28 | N116: ='третья ц.к.'!$Q$22 -> 6219.84 | O116: ='третья ц.к.'!$Q$23 -> 6237.73 | P116: ='третья ц.к.'!$Q$24 -> 6230.54 | Q116: ='третья ц.к.'!$Q$25 -> 6218.77 | R116: ='третья ц.к.'!$Q$26 -> 6200.28 | S116: ='третья ц.к.'!$Q$27 -> 6219.43 | T116: ='третья ц.к.'!$Q$28 -> 6248 | U116: ='третья ц.к.'!$Q$29 -> 6229.92 | V116: ='третья ц.к.'!$Q$30 -> 6152.05 | W116: ='третья ц.к.'!$Q$31 -> 6110.87 | X116: ='третья ц.к.'!$Q$32 -> 5801.53 | Y116: ='третья ц.к.'!$Q$33 -> 5464.51
A117: =A116+1 -> 2 | B117: ='третья ц.к.'!$Q$34 -> 5174.29 | C117: ='третья ц.к.'!$Q$35 -> 5092.32 | D117: ='третья ц.к.'!$Q$36 -> 5044.04 | E117: ='третья ц.к.'!$Q$37 -> 5003.15 | F117: ='третья ц.к.'!$Q$38 -> 5029.46 | G117: ='третья ц.к.'!$Q$39 -> 5210.7 | H117: ='третья ц.к.'!$Q$40 -> 5372.86 | I117: ='третья ц.к.'!$Q$41 -> 5645.26 | J117: ='третья ц.к.'!$Q$42 -> 5918.96 | K117: ='третья ц.к.'!$Q$43 -> 5979.3 | L117: ='третья ц.к.'!$Q$44 -> 5983.46 | M117: ='третья ц.к.'!$Q$45 -> 5976.63 | N117: ='третья ц.к.'!$Q$46 -> 5969.62 | O117: ='третья ц.к.'!$Q$47 -> 5972.06 | P117: ='третья ц.к.'!$Q$48 -> 5970 | Q117: ='третья ц.к.'!$Q$49 -> 5972.36 | R117: ='третья ц.к.'!$Q$50 -> 5955.3 | S117: ='третья ц.к.'!$Q$51 -> 5989.98 | T117: ='третья ц.к.'!$Q$52 -> 6006.06 | U117: ='третья ц.к.'!$Q$53 -> 6008.82 | V117: ='третья ц.к.'!$Q$54 -> 5992.69 | W117: ='третья ц.к.'!$Q$55 -> 5917.52 | X117: ='третья ц.к.'!$Q$56 -> 5664.77 | Y117: ='третья ц.к.'!$Q$57 -> 5483
A118: =A117+1 -> 3 | B118: ='третья ц.к.'!$Q$58 -> 5403.18 | C118: ='третья ц.к.'!$Q$59 -> 5305.98 | D118: ='третья ц.к.'!$Q$60 -> 5310.45 | E118: ='третья ц.к.'!$Q$61 -> 5234.74 | F118: ='третья ц.к.'!$Q$62 -> 5304.05 | G118: ='третья ц.к.'!$Q$63 -> 5381.05 | H118: ='третья ц.к.'!$Q$64 -> 5519.79 | I118: ='третья ц.к.'!$Q$65 -> 5661.57 | J118: ='третья ц.к.'!$Q$66 -> 6062.46 | K118: ='третья ц.к.'!$Q$67 -> 6118.12 | L118: ='третья ц.к.'!$Q$68 -> 6138.83 | M118: ='третья ц.к.'!$Q$69 -> 6138.36 | N118: ='третья ц.к.'!$Q$70 -> 6131.2 | O118: ='третья ц.к.'!$Q$71 -> 6121.79 | P118: ='третья ц.к.'!$Q$72 -> 6131.64 | Q118: ='третья ц.к.'!$Q$73 -> 6142.13 | R118: ='третья ц.к.'!$Q$74 -> 6164.57 | S118: ='третья ц.к.'!$Q$75 -> 6192.2 | T118: ='третья ц.к.'!$Q$76 -> 6228.53 | U118: ='третья ц.к.'!$Q$77 -> 6239.37 | V118: ='третья ц.к.'!$Q$78 -> 6199.84 | W118: ='третья ц.к.'!$Q$79 -> 6164.22 | X118: ='третья ц.к.'!$Q$80 -> 5871.27 | Y118: ='третья ц.к.'!$Q$81 -> 5630.41
...

Sheet ПУНЦ от 10 МВт
A1: ПРЕДЕЛЬНЫЕ УРОВНИ НЕРЕГУЛИРУЕМЫХ ЦЕН НА ЭЛЕКТРИЧЕСКУЮ ЭНЕРГИЮ (МОЩНОСТЬ), ПОСТАВЛЯЕМУЮ ПОТРЕБИТЕЛЯМ (ПОКУПАТЕЛЯМ) с максимальной мощностью энергопринимающих устройств свыше 10 МВт ПАО "ТНС энерго Ростов-на-Дону" В ноябре 2024г.
A2: I. ПЕРВАЯ ЦЕНОВАЯ КАТЕГОРИЯ (для объемов покупки электрической энергии (мощности). учет которых осуществляется в целом за расчетный период)
A4: 1. Предельный уровень нерегулируемых цен без НДС
A5: Категория потребителей | E5: По договорам энергоснабжения | I5: По договорам купли-продажи
E6: ВН | F6: СН1 | G6: СН11 | H6: НН | I6: ВН | J6: СН1 | K6: СН11 | L6: НН
A7: 2 | E7: 12=3+4+5+6+7+8 | F7: 13=3+4+5+6+7+9 | G7: 14=3+4+5+6+7+10 | H7: 15=3+4+5+6+7+11 | I7: 12=3+4+5+6+7+8 | J7: 13=3+4+5+6+7+9 | K7: 14=3+4+5+6+7+10 | L7: 15=3+4+5+6+7+11
A8: Иные прочие потребители
A9: Для потребителей ПАО "ТНС энерго Ростов-на-Дону" | E9: ='1, 2 ц.к.'!K36 -> 7390.76 | F9: ='1, 2 ц.к.'!L36 -> 7742.98 | G9: ='1, 2 ц.к.'!M36 -> 7886.82 | H9: ='1, 2 ц.к.'!N36 -> 8868.63 | I9: ='1, 2 ц.к.'!O36 -> 4184.98 | J9: ='1, 2 ц.к.'!P36 -> 4184.98 | K9: ='1, 2 ц.к.'!Q36 -> 4184.98 | L9: ='1, 2 ц.к.'!R36 -> 4184.98
A11: Для Сетевых организаций по договорам купли-продажи для целей компенсации потерь(объемы не превышающие значения в сводном прогнозном балансе) | E11: ='1, 2 ц.к.'!K20 -> x | F11: ='1, 2 ц.к.'!L20 -> x | G11: ='1, 2 ц.к.'!M20 -> x | H11: ='1, 2 ц.к.'!N20 -> x | I11: ='1, 2 ц.к.'!O46 -> 4386.24 | J11: ='1, 2 ц.к.'!P46 -> 4386.24 | K11: ='1, 2 ц.к.'!Q46 -> 4386.24 | L11: ='1, 2 ц.к.'!R46 -> 4386.24
A12: Для Сетевых организаций по договорам купли-продажи для целей компенсации потерь(объемы превышающие значения в сводном прогнозном балансе) | E12: п. 96 ППРФ №442 определено, что при превышении балансового объема потерь, в расчетах используется сбытовая надбавка для группы прочие потребители с макс. мощностью энергопринимающих устройств от 670 КВт до 10 МВт
A13: 2. Средневзвешенная нерегулируемая цена на электрическую энергию (мощность), используемая для расчета предельного уровня нерегулируемых цен для первой ценовой категории, руб/МВт*ч без НДС | H13: ='ПУНЦ до 670 кВт'!H13 -> 3835.54
A14: 3. Составляющие расчета средневзвешенной нерегулируемой цены на электрическую энергию (мощность). используемой для расчета предельного уровня нерегулируемых цен для первой ценовой категории:
A15: а) Средневзвешенная нерегулируемая цена на электрическую энергию на оптовом рынке, руб/МВт*ч | H15: ='ПУНЦ до 670 кВт'!H15 -> 2159,1
A16: б) Средневзвешенная нерегулируемая цена на мощность на оптовом рынке, руб/МВт | H16: ='ПУНЦ до 670 кВт'!H16 -> 917570,48
A17: в) Коэфициент оплаты мощности потребителями (покупателями), осуществляющими расчеты по первой ценовой категории 1/час | H17: ='ПУНЦ до 670 кВт'!H17 -> 0.001827039
A18: г) Объем фактического пикового потребления гарантирующего поставщика на оптовом рынке, МВт | H18: ='ПУНЦ до 670 кВт'!H18 -> 1783.92
A19: д) Величина мощности, соответствующей покупке электрической энергии гарантирующим поставщиком у производителей электрической энергии (мощности) на розничных рынках, МВт | H19: ='ПУНЦ до 670 кВт'!H19 -> #VALUE!
A20: е) Сумма величин мощности, оплачиваемой на розничном рынке потребителями (покупателями), осуществляющими расчеты по второй - шестой ценовым категориям, МВт | H20: ='ПУНЦ до 670 кВт'!H20 -> 268.63755
A21: в том числе:
A22: по второй ценовой категории, МВт | H22: ='ПУНЦ до 670 кВт'!H22 -> 1.964976
A23: по третьей ценовой категории, МВт | H23: ='ПУНЦ до 670 кВт'!H23 -> 235.28626
A24: по четвертой ценовой категории, МВт | H24: ='ПУНЦ до 670 кВт'!H24 -> 31.386319
A25: по пятой ценовой категории, МВт | H25: ='ПУНЦ до 670 кВт'!H25 -> 0
A26: по шестой ценовой категории, МВт | H26: ='ПУНЦ до 670 кВт'!H26 -> 0
A27: ж) Объем потребления мощности населением и приравненными к нему категориями потребителей, МВт | H27: ='ПУНЦ до 670 кВт'!H27 -> 640.85
A28: з) Объем потребления электрической энергии потребителями (покупателями), осуществляющими расчеты по второй ценовой категории, МВт*ч | H28: ='ПУНЦ до 670 кВт'!H28 -> 907.285
A29: в том числе: для трех зон суток, МВт*ч: | H29: ='ПУНЦ до 670 кВт'!H29 -> 107.074
A30: по ночной зоне суток, МВт*ч | H30: ='ПУНЦ до 670 кВт'!H30 -> 78.456
A31: по полупиковой зоне суток, МВт*ч | H31: ='ПУНЦ до 670 кВт'!H31 -> 18.758
A32: по пиковой зоне суток, МВт*ч | H32: ='ПУНЦ до 670 кВт'!H32 -> 9.86
A33: в том числе: для двух зон суток, МВт*ч: | H33: ='ПУНЦ до 670 кВт'!H33 -> 800.211
... A39: л) Сумма объемов потребления электрической энергии потребителями (покупателями), осуществляющими расчеты по второй - шестой ценовым категориям, МВт*ч | H39: ='ПУНЦ до 670 кВт'!H39 -> 215390.66
A40: в том числе:
A41: по второй ценовой категории, МВт*ч | H41: ='ПУНЦ до 670 кВт'!H41 -> 907.285
A42: по третьей ценовой категории, МВт*ч | H42: ='ПУНЦ до 670 кВт'!H42 -> 192297.35
A43: по четвертой ценовой категории, МВт*ч | H43: ='ПУНЦ до 670 кВт'!H43 -> 22186.028
A44: по пятой ценовой категории, МВт*ч | H44: ='ПУНЦ до 670 кВт'!H44 -> 0
A45: по шестой ценовой категории, МВт*ч | H45: ='ПУНЦ до 670 кВт'!H45 -> 0
A46: м) Объем потребления электрической энергии населением и приравненными к нему категориями потребителей, МВт*ч | H46: ='ПУНЦ до 670 кВт'!H46 -> 400531.1
A47: н) Величина изменения средневзвешенной нерегулируемой цены на электрическую энергию (мощность), связанная с учетом данных за предыдущие расчетные периоды, руб/МВт*ч | H47: ='ПУНЦ до 670 кВт'!H47 -> 0
A48: 4. Плата за услуги по управлению изменением режима потребления электрической энергии для потребителей, осуществляющих расчеты по первой и второй ценовым категориям, руб/МВт*ч | H48: ='ПУНЦ до 670 кВт'!H48 -> 0.83
A49: а) Средневзвешенная цена услуг по управлению изменением режима потребления электрической энергии, руб/МВт | H49: ='ПУНЦ до 670 кВт'!H49 -> #VALUE!
A50: б) Коэффициент оплаты услуг по управлению изменением режима потребления электрической энергии потребителями (покупателями), осуществляющими расчеты по первой и второй ценовым категориям | H50: ='ПУНЦ до 670 кВт'!H50 -> #VALUE!
A51: в) Величина мощности, учитываемая при расчете коэффициента оплаты услуг по управлению изменением режима потребления электрической энергии потребителями (покупателями), осуществляющими расчеты по первой и второй ценовым категориям, МВт | H51: ='ПУНЦ до 670 кВт'!H51 -> #VALUE!
A52: г) Сумма объемов потребления электрической энергии потребителями (покупателями), осуществляющими расчеты по первой и второй ценовым категориям, МВт*ч | H52: ='ПУНЦ до 670 кВт'!H52 -> #VALUE!
A53: в том числе:
A54: по первой ценовой категории, МВт*ч | H54: =OFFSET('[1]2024'!$B$3,105,MATCH("ноябрь",'[1]2024'!$C$3:$N$3,0)) -> #VALUE!
A55: по второй ценовой категории, МВт*ч | H55: =H41 -> 907.285
A57: II. ВТОРАЯ ЦЕНОВАЯ КАТЕГОРИЯ (для объемов покупки электрической энергии (мощности). учет которых осуществляется по зонам суток расчетного периода)
A59: 1. Предельный уровень нерегулируемых цен для трех зон суток. руб/МВт*чбез НДС
A60: Зоны суток | E60: По договорам энергоснабжения | I60: По договорам купли-продажи
E61: ВН | F61: СН1 | G61: СН11 | H61: НН | I61: ВН | J61: СН1 | K61: СН11 | L61: НН
A62: Ночная зона | E62: ='1, 2 ц.к.'!K40 -> 5162.74 | F62: ='1, 2 ц.к.'!L40 -> 5514.96 | G62: ='1, 2 ц.к.'!M40 -> 5658.8 | H62: ='1, 2 ц.к.'!N40 -> 6640.61 | I62: ='1, 2 ц.к.'!O40 -> 1956.96 | J62: ='1, 2 ц.к.'!P40 -> 1956.96 | K62: ='1, 2 ц.к.'!Q40 -> 1956.96 | L62: ='1, 2 ц.к.'!R40 -> 1956.96
A63: Полупиковая зона | E63: ='1, 2 ц.к.'!K41 -> 7463.07 | F63: ='1, 2 ц.к.'!L41 -> 7815.29 | G63: ='1, 2 ц.к.'!M41 -> 7959.13 | H63: ='1, 2 ц.к.'!N41 -> 8940.94 | I63: ='1, 2 ц.к.'!O41 -> 4257.29 | J63: ='1, 2 ц.к.'!P41 -> 4257.29 | K63: ='1, 2 ц.к.'!Q41 -> 4257.29 | L63: ='1, 2 ц.к.'!R41 -> 4257.29
A64: Пиковая зона | E64: ='1, 2 ц.к.'!K42 -> 14858.3 | F64: ='1, 2 ц.к.'!L42 -> 15210.52 | G64: ='1, 2 ц.к.'!M42 -> 15354.36 | H64: ='1, 2 ц.к.'!N42 -> 16336.17 | I64: ='1, 2 ц.к.'!O42 -> 11652.52 | J64: ='1, 2 ц.к.'!P42 -> 11652.52 | K64: ='1, 2 ц.к.'!Q42 -> 11652.52 | L64: ='1, 2 ц.к.'!R42 -> 11652.52
A66: 2. Предельный уровень нерегулируемых цен для двух зон суток. руб/МВт*чбез НДС
A67: Зоны суток | E67: По договорам энергоснабжения | I67: По договорам купли-продажи
E68: ВН | F68: СН1 | G68: СН11 | H68: НН | I68: ВН | J68: СН1 | K68: СН11 | L68: НН
A69: Ночная зона | E69: ='1, 2 ц.к.'!K44 -> 5162.74 | F69: ='1, 2 ц.к.'!L44 -> 5514.96 | G69: ='1, 2 ц.к.'!M44 -> 5658.8 | H69: ='1, 2 ц.к.'!N44 -> 6640.61 | I69: ='1, 2 ц.к.'!O44 -> 1956.96 | J69: ='1, 2 ц.к.'!P44 -> 1956.96 | K69: ='1, 2 ц.к.'!Q44 -> 1956.96 | L69: ='1, 2 ц.к.'!R44 -> 1956.96
A70: Дневная зона | E70: ='1, 2 ц.к.'!K45 -> 9641.73 | F70: ='1, 2 ц.к.'!L45 -> 9993.95 | G70: ='1, 2 ц.к.'!M45 -> 10137.79 | H70: ='1, 2 ц.к.'!N45 -> 11119.6 | I70: ='1, 2 ц.к.'!O45 -> 6435.95 | J70: ='1, 2 ц.к.'!P45 -> 6435.95 | K70: ='1, 2 ц.к.'!Q45 -> 6435.95 | L70: ='1, 2 ц.к.'!R45 -> 6435.95
A73: III. ТРЕТЬЯ ЦЕНОВАЯ КАТЕГОРИЯ (для объемов покупки электрической энергии (мощности). в отношении которых в расчетном периоде осуществляется почасовой учет. и стоимость услуг по передаче электрической энергии определяется по цене услуг в одноставочном исчислении)
A75: 1. Ставка за электрическую энергию предельного уровня нерегулируемых цен. руб/МВт*чбез НДС
A76: Дата | B76: Ставка для фактических почасовых объемов покупки электрической энергии. отпущенных на уровне напряжения ВН
B79: 0:00-1:00 | C79: 1:00-2:00 | D79: 2:00-3:00 | E79: 3:00-4:00 | F79: 4:00-5:00 | G79: 5:00-6:00 | H79: 6:00-7:00 | I79: 7:00-8:00 | J79: 8:00-9:00 | K79: 9:00-10:00 | L79: 10:00-11:00 | M79: 11:00-12:00 | N79: 12:00-13:00 | O79: 13:00-14:00 | P79: 14:00-15:00 | Q79: 15:00-16:00 | R79: 16:00-17:00 | S79: 17:00-18:00 | T79: 18:00-19:00 | U79: 19:00-20:00 | V79: 20:00-21:00 | W79: 21:00-22:00 | X79: 22:00-23:00 | Y79: 23:00-0:00
A80: 1 | B80: ='третья ц.к.'!$T$10 -> 5018.18 | C80: ='третья ц.к.'!$T$11 -> 4996.83 | D80: ='третья ц.к.'!$T$12 -> 4996.8 | E80: ='третья ц.к.'!$T$13 -> 4906.13 | F80: ='третья ц.к.'!$T$14 -> 4959.05 | G80: ='третья ц.к.'!$T$15 -> 5306.7 | H80: ='третья ц.к.'!$T$16 -> 5374.08 | I80: ='третья ц.к.'!$T$17 -> 5717.36 | J80: ='третья ц.к.'!$T$18 -> 5940.55 | K80: ='третья ц.к.'!$T$19 -> 5969.17 | L80: ='третья ц.к.'!$T$20 -> 5942.43 | M80: ='третья ц.к.'!$T$21 -> 5887.06 | N80: ='третья ц.к.'!$T$22 -> 5867.62 | O80: ='третья ц.к.'!$T$23 -> 5885.51 | P80: ='третья ц.к.'!$T$24 -> 5878.32 | Q80: ='третья ц.к.'!$T$25 -> 5866.55 | R80: ='третья ц.к.'!$T$26 -> 5848.06 | S80: ='третья ц.к.'!$T$27 -> 5867.21 | T80: ='третья ц.к.'!$T$28 -> 5895.78 | U80: ='третья ц.к.'!$T$29 -> 5877.7 | V80: ='третья ц.к.'!$T$30 -> 5799.83 | W80: ='третья ц.к.'!$T$31 -> 5758.65 | X80: ='третья ц.к.'!$T$32 -> 5449.31 | Y80: ='третья ц.к.'!$T$33 -> 5112.29
A81: =A80+1 -> 2 | B81: ='третья ц.к.'!$T$34 -> 4822.07 | C81: ='третья ц.к.'!$T$35 -> 4740.1 | D81: ='третья ц.к.'!$T$36 -> 4691.82 | E81: ='третья ц.к.'!$T$37 -> 4650.93 | F81: ='третья ц.к.'!$T$38 -> 4677.24 | G81: ='третья ц.к.'!$T$39 -> 4858.48 | H81: ='третья ц.к.'!$T$40 -> 5020.64 | I81: ='третья ц.к.'!$T$41 -> 5293.04 | J81: ='третья ц.к.'!$T$42 -> 5566.74 | K81: ='третья ц.к.'!$T$43 -> 5627.08 | L81: ='третья ц.к.'!$T$44 -> 5631.24 | M81: ='третья ц.к.'!$T$45 -> 5624.41 | N81: ='третья ц.к.'!$T$46 -> 5617.4 | O81: ='третья ц.к.'!$T$47 -> 5619.84 | P81: ='третья ц.к.'!$T$48 -> 5617.78 | Q81: ='третья ц.к.'!$T$49 -> 5620.14 | R81: ='третья ц.к.'!$T$50 -> 5603.08 | S81: ='третья ц.к.'!$T$51 -> 5637.76 | T81: ='третья ц.к.'!$T$52 -> 5653.84 | U81: ='третья ц.к.'!$T$53 -> 5656.6 | V81: ='третья ц.к.'!$T$54 -> 5640.47 | W81: ='третья ц.к.'!$T$55 -> 5565.3 | X81: ='третья ц.к.'!$T$56 -> 5312.55 | Y81: ='третья ц.к.'!$T$57 -> 5130.78
A82: =A81+1 -> 3 | B82: ='третья ц.к.'!$T$58 -> 5050.96 | C82: ='третья ц.к.'!$T$59 -> 4953.76 | D82: ='третья ц.к.'!$T$60 -> 4958.23 | E82: ='третья ц.к.'!$T$61 -> 4882.52 | F82: ='третья ц.к.'!$T$62 -> 4951.83 | G82: ='третья ц.к.'!$T$63 -> 5028.83 | H82: ='третья ц.к.'!$T$64 -> 5167.57 | I82: ='третья ц.к.'!$T$65 -> 5309.35 | J82: ='третья ц.к.'!$T$66 -> 5710.24 | K82: ='третья ц.к.'!$T$67 -> 5765.9 | L82: ='третья ц.к.'!$T$68 -> 5786.61 | M82: ='третья ц.к.'!$T$69 -> 5786.14 | N82: ='третья ц.к.'!$T$70 -> 5778.98 | O82: ='третья ц.к.'!$T$71 -> 5769.57 | P82: ='третья ц.к.'!$T$72 -> 5779.42 | Q82: ='третья ц.к.'!$T$73 -> 5789.91 | R82: ='третья ц.к.'!$T$74 -> 5812.35 | S82: ='третья ц.к.'!$T$75 -> 5839.98 | T82: ='третья ц.к.'!$T$76 -> 5876.31 | U82: ='третья ц.к.'!$T$77 -> 5887.15 | V82: ='третья ц.к.'!$T$78 -> 5847.62 | W82: ='третья ц.к.'!$T$79 -> 5812 | X82: ='третья ц.к.'!$T$80 -> 5519.05 | Y82: ='третья ц.к.'!$T$81 -> 5278.19
A83: =A82+1 -> 4 | B83: ='третья ц.к.'!$T$82 -> 5122.79 | C83: ='третья ц.к.'!$T$83 -> 5016.68 | D83: ='третья ц.к.'!$T$84 -> 4958.41 | E83: ='третья ц.к.'!$T$85 -> 4948.15 | F83: ='третья ц.к.'!$T$86 -> 4808.34 | G83: ='третья ц.к.'!$T$87 -> 4950.39 | H83: ='третья ц.к.'!$T$88 -> 5014.27 | I83: ='третья ц.к.'!$T$89 -> 5101.21 | J83: ='третья ц.к.'!$T$90 -> 5241.06 | K83: ='третья ц.к.'!$T$91 -> 5462.99 | L83: ='третья ц.к.'!$T$92 -> 5560.67 | M83: ='третья ц.к.'!$T$93 -> 5570.14 | N83: ='третья ц.к.'!$T$94 -> 5566.15 | O83: ='третья ц.к.'!$T$95 -> 5570.78 | P83: ='третья ц.к.'!$T$96 -> 5574.18 | Q83: ='третья ц.к.'!$T$97 -> 5581.68 | R83: ='третья ц.к.'!$T$98 -> 5578.18 | S83: ='третья ц.к.'!$T$99 -> 5614.78 | T83: ='третья ц.к.'!$T$100 -> 5641.68 | U83: ='третья ц.к.'!$T$101 -> 5606.52 | V83: ='третья ц.к.'!$T$102 -> 5586.02 | W83: ='третья ц.к.'!$T$103 -> 5565.89 | X83: ='третья ц.к.'!$T$104 -> 5297.97 | Y83: ='третья ц.к.'!$T$105 -> 4961.07
A84: =A83+1 -> 5 | B84: ='третья ц.к.'!$T$106 -> 4891.22 | C84: ='третья ц.к.'!$T$107 -> 4792.82 | D84: ='третья ц.к.'!$T$108 -> 4775.27 | E84: ='третья ц.к.'!$T$109 -> 4789.93 | F84: ='третья ц.к.'!$T$110 -> 4805.72 | G84: ='третья ц.к.'!$T$111 -> 4925.03 | H84: ='третья ц.к.'!$T$112 -> 5112.18 | I84: ='третья ц.к.'!$T$113 -> 5360.46 | J84: ='третья ц.к.'!$T$114 -> 5745.8 | K84: ='третья ц.к.'!$T$115 -> 5865.38 | L84: ='третья ц.к.'!$T$116 -> 5821.28 | M84: ='третья ц.к.'!$T$117 -> 5824.32 | N84: ='третья ц.к.'!$T$118 -> 5801.8 | O84: ='третья ц.к.'!$T$119 -> 5805.06 | P84: ='третья ц.к.'!$T$120 -> 5806.86 | Q84: ='третья ц.к.'!$T$121 -> 5834.35 | R84: ='третья ц.к.'!$T$122 -> 5862.42 | S84: ='третья ц.к.'!$T$123 -> 5903.18 | T84: ='третья ц.к.'!$T$124 -> 5905.95 | U84: ='третья ц.к.'!$T$125 -> 5896.51 | V84: ='третья ц.к.'!$T$126 -> 5830.61 | W84: ='третья ц.к.'!$T$127 -> 5727.66 | X84: ='третья ц.к.'!$T$128 -> 5345.37 | Y84: ='третья ц.к.'!$T$129 -> 5062.66
A85: =A84+1 -> 6 | B85: ='третья ц.к.'!$T$130 -> 4883.26 | C85: ='третья ц.к.'!$T$131 -> 4807.82 | D85: ='третья ц.к.'!$T$132 -> 4709.36 | E85: ='третья ц.к.'!$T$133 -> 4767.82 | F85: ='третья ц.к.'!$T$134 -> 4831.21 | G85: ='третья ц.к.'!$T$135 -> 4930.58 | H85: ='третья ц.к.'!$T$136 -> 5183.68 | I85: ='третья ц.к.'!$T$137 -> 5448.33 | J85: ='третья ц.к.'!$T$138 -> 5808.78 | K85: ='третья ц.к.'!$T$139 -> 5910.19 | L85: ='третья ц.к.'!$T$140 -> 5879.45 | M85: ='третья ц.к.'!$T$141 -> 5870.36 | N85: ='третья ц.к.'!$T$142 -> 5840.04 | O85: ='третья ц.к.'!$T$143 -> 5863.49 | P85: ='третья ц.к.'!$T$144 -> 5860.29 | Q85: ='третья ц.к.'!$T$145 -> 5903.11 | R85: ='третья ц.к.'!$T$146 -> 5907.12 | S85: ='третья ц.к.'!$T$147 -> 5927.53 | T85: ='третья ц.к.'!$T$148 -> 5918.36 | U85: ='третья ц.к.'!$T$149 -> 5892.52 | V85: ='третья ц.к.'!$T$150 -> 5774.86 | W85: ='третья ц.к.'!$T$151 -> 5697.73 | X85: ='третья ц.к.'!$T$152 -> 5513.43 | Y85: ='третья ц.к.'!$T$153 -> 5042
A86: =A85+1 -> 7 | B86: ='третья ц.к.'!$T$154 -> 4871.98 | C86: ='третья ц.к.'!$T$155 -> 4826.97 | D86: ='третья ц.к.'!$T$156 -> 4746.66 | E86: ='третья ц.к.'!$T$157 -> 4788.29 | F86: ='третья ц.к.'!$T$158 -> 4826.43 | G86: ='третья ц.к.'!$T$159 -> 5050.87 | H86: ='третья ц.к.'!$T$160 -> 5274.07 | I86: ='третья ц.к.'!$T$161 -> 5654.71 | J86: ='третья ц.к.'!$T$162 -> 5829.8 | K86: ='третья ц.к.'!$T$163 -> 5885.52 | L86: ='третья ц.к.'!$T$164 -> 5872.95 | M86: ='третья ц.к.'!$T$165 -> 5867.1 | N86: ='третья ц.к.'!$T$166 -> 5853.2 | O86: ='третья ц.к.'!$T$167 -> 5873.17 | P86: ='третья ц.к.'!$T$168 -> 5873.13 | Q86: ='третья ц.к.'!$T$169 -> 5890.6 | R86: ='третья ц.к.'!$T$170 -> 5902.52 | S86: ='третья ц.к.'!$T$171 -> 5995.19 | T86: ='третья ц.к.'!$T$172 -> 5944.56 | U86: ='третья ц.к.'!$T$173 -> 5923.56 | V86: ='третья ц.к.'!$T$174 -> 5847.4 | W86: ='третья ц.к.'!$T$175 -> 5802.05 | X86: ='третья ц.к.'!$T$176 -> 5682.37 | Y86: ='третья ц.к.'!$T$177 -> 5579.81
A87: =A86+1 -> 8 | B87: ='третья ц.к.'!$T$178 -> 5534.04 | C87: ='третья ц.к.'!$T$179 -> 5082.99 | D87: ='третья ц.к.'!$T$180 -> 4959.02 | E87: ='третья ц.к.'!$T$181 -> 4978.12 | F87: ='третья ц.к.'!$T$182 -> 5079.2 | G87: ='третья ц.к.'!$T$183 -> 5703.33 | H87: ='третья ц.к.'!$T$184 -> 5859.18 | I87: ='третья ц.к.'!$T$185 -> 5926.04 | J87: ='третья ц.к.'!$T$186 -> 6171.43 | K87: ='третья ц.к.'!$T$187 -> 6210.61 | L87: ='третья ц.к.'!$T$188 -> 6175.25 | M87: ='третья ц.к.'!$T$189 -> 6161.83 | N87: ='третья ц.к.'!$T$190 -> 6134.68 | O87: ='третья ц.к.'!$T$191 -> 6148.74 | P87: ='третья ц.к.'!$T$192 -> 6150.03 | Q87: ='третья ц.к.'!$T$193 -> 6166.05 | R87: ='третья ц.к.'!$T$194 -> 6183.19 | S87: ='третья ц.к.'!$T$195 -> 6238.47 | T87: ='третья ц.к.'!$T$196 -> 6282.23 | U87: ='третья ц.к.'!$T$197 -> 6248.88 | V87: ='третья ц.к.'!$T$198 -> 6159.21 | W87: ='третья ц.к.'!$T$199 -> 6132.07 | X87: ='третья ц.к.'!$T$200 -> 5874.82 | Y87: ='третья ц.к.'!$T$201 -> 5789.02
A88: =A87+1 -> 9 | B88: ='третья ц.к.'!$T$202 -> 5345.66 | C88: ='третья ц.к.'!$T$203 -> 5038.33 | D88: ='третья ц.к.'!$T$204 -> 4959.93 | E88: ='третья ц.к.'!$T$205 -> 4951.61 | F88: ='третья ц.к.'!$T$206 -> 4973.18 | G88: ='третья ц.к.'!$T$207 -> 5189.67 | H88: ='третья ц.к.'!$T$208 -> 5565.06 | I88: ='третья ц.к.'!$T$209 -> 5642.56 | J88: ='третья ц.к.'!$T$210 -> 5803.67 | K88: ='третья ц.к.'!$T$211 -> 5978.41 | L88: ='третья ц.к.'!$T$212 -> 5936.28 | M88: ='третья ц.к.'!$T$213 -> 5925.08 | N88: ='третья ц.к.'!$T$214 -> 5910.72 | O88: ='третья ц.к.'!$T$215 -> 5903.03 | P88: ='третья ц.к.'!$T$216 -> 5893.52 | Q88: ='третья ц.к.'!$T$217 -> 5902.29 | R88: ='третья ц.к.'!$T$218 -> 5919.09 | S88: ='третья ц.к.'!$T$219 -> 6039.6 | T88: ='третья ц.к.'!$T$220 -> 5885.25 | U88: ='третья ц.к.'!$T$221 -> 5879.7 | V88: ='третья ц.к.'!$T$222 -> 5869.71 | W88: ='третья ц.к.'!$T$223 -> 5806.46 | X88: ='третья ц.к.'!$T$224 -> 5686.68 | Y88: ='третья ц.к.'!$T$225 -> 5549.75
A89: =A88+1 -> 10 | B89: ='третья ц.к.'!$T$226 -> 5143.39 | C89: ='третья ц.к.'!$T$227 -> 4978.28 | D89: ='третья ц.к.'!$T$228 -> 4900.73 | E89: ='третья ц.к.'!$T$229 -> 4901.32 | F89: ='третья ц.к.'!$T$230 -> 4907.56 | G89: ='третья ц.к.'!$T$231 -> 5012.14 | H89: ='третья ц.к.'!$T$232 -> 5261.43 | I89: ='третья ц.к.'!$T$233 -> 5564.9 | J89: ='третья ц.к.'!$T$234 -> 5701.34 | K89: ='третья ц.к.'!$T$235 -> 5801.97 | L89: ='третья ц.к.'!$T$236 -> 5823.67 | M89: ='третья ц.к.'!$T$237 -> 5840.16 | N89: ='третья ц.к.'!$T$238 -> 5835.56 | O89: ='третья ц.к.'!$T$239 -> 5841.54 | P89: ='третья ц.к.'!$T$240 -> 5845.5 | Q89: ='третья ц.к.'!$T$241 -> 5868.24 | R89: ='третья ц.к.'!$T$242 -> 5864.1 | S89: ='третья ц.к.'!$T$243 -> 5919.52 | T89: ='третья ц.к.'!$T$244 -> 5915.84 | U89: ='третья ц.к.'!$T$245 -> 5909.78 | V89: ='третья ц.к.'!$T$246 -> 5864.67 | W89: ='третья ц.к.'!$T$247 -> 5810.24 | X89: ='третья ц.к.'!$T$248 -> 5740.91 | Y89: ='третья ц.к.'!$T$249 -> 5566.44
A90: =A89+1 -> 11 | B90: ='третья ц.к.'!$T$250 -> 5183.43 | C90: ='третья ц.к.'!$T$251 -> 5002 | D90: ='третья ц.к.'!$T$252 -> 4905.74 | E90: ='третья ц.к.'!$T$253 -> 4912.7 | F90: ='третья ц.к.'!$T$254 -> 4928.48 | G90: ='третья ц.к.'!$T$255 -> 5187.69 | H90: ='третья ц.к.'!$T$256 -> 5579.18 | I90: ='третья ц.к.'!$T$257 -> 5767.05 | J90: ='третья ц.к.'!$T$258 -> 5923.46 | K90: ='третья ц.к.'!$T$259 -> 5987 | L90: ='третья ц.к.'!$T$260 -> 5963.37 | M90: ='третья ц.к.'!$T$261 -> 5953.39 | N90: ='третья ц.к.'!$T$262 -> 5940.66 | O90: ='третья ц.к.'!$T$263 -> 5946.91 | P90: ='третья ц.к.'!$T$264 -> 5969.52 | Q90: ='третья ц.к.'!$T$265 -> 5961.68 | R90: ='третья ц.к.'!$T$266 -> 5965.12 | S90: ='третья ц.к.'!$T$267 -> 6053.19 | T90: ='третья ц.к.'!$T$268 -> 6086.3 | U90: ='третья ц.к.'!$T$269 -> 6061.82 | V90: ='третья ц.к.'!$T$270 -> 5865.3 | W90: ='третья ц.к.'!$T$271 -> 5808.27 | X90: ='третья ц.к.'!$T$272 -> 5659.28 | Y90: ='третья ц.к.'!$T$273 -> 5275.85
A91: =A90+1 -> 12 | B91: ='третья ц.к.'!$T$274 -> 5181.71 | C91: ='третья ц.к.'!$T$275 -> 5006.26 | D91: ='третья ц.к.'!$T$276 -> 4928.12 | E91: ='третья ц.к.'!$T$277 -> 4933.84 | F91: ='третья ц.к.'!$T$278 -> 4937.52 | G91: ='третья ц.к.'!$T$279 -> 5179.6 | H91: ='третья ц.к.'!$T$280 -> 5663.13 | I91: ='третья ц.к.'!$T$281 -> 5756.72 | J91: ='третья ц.к.'!$T$282 -> 5880.41 | K91: ='третья ц.к.'!$T$283 -> 5878.83 | L91: ='третья ц.к.'!$T$284 -> 5908.5 | M91: ='третья ц.к.'!$T$285 -> 5867.6 | N91: ='третья ц.к.'!$T$286 -> 5864.32 | O91: ='третья ц.к.'!$T$287 -> 5869.9 | P91: ='третья ц.к.'!$T$288 -> 5867.73 | Q91: ='третья ц.к.'!$T$289 -> 5871.72 | R91: ='третья ц.к.'!$T$290 -> 5874.96 | S91: ='третья ц.к.'!$T$291 -> 6040.35 | T91: ='третья ц.к.'!$T$292 -> 6002.82 | U91: ='третья ц.к.'!$T$293 -> 5965.18 | V91: ='третья ц.к.'!$T$294 -> 5873.13 | W91: ='третья ц.к.'!$T$295 -> 5802.89 | X91: ='третья ц.к.'!$T$296 -> 5542.76 | Y91: ='третья ц.к.'!$T$297 -> 5334.53
A92: =A91+1 -> 13 | B92: ='третья ц.к.'!$T$298 -> 4989.91 | C92: ='третья ц.к.'!$T$299 -> 4901.8 | D92: ='третья ц.к.'!$T$300 -> 4822.93 | E92: ='третья ц.к.'!$T$301 -> 4801.41 | F92: ='третья ц.к.'!$T$302 -> 4815.37 | G92: ='третья ц.к.'!$T$303 -> 5052.5 | H92: ='третья ц.к.'!$T$304 -> 5532.48 | I92: ='третья ц.к.'!$T$305 -> 5768.79 | J92: ='третья ц.к.'!$T$306 -> 5869.69 | K92: ='третья ц.к.'!$T$307 -> 5927.79 | L92: ='третья ц.к.'!$T$308 -> 5904.45 | M92: ='третья ц.к.'!$T$309 -> 5904.46 | N92: ='третья ц.к.'!$T$310 -> 5932.08 | O92: ='третья ц.к.'!$T$311 -> 5963.47 | P92: ='третья ц.к.'!$T$312 -> 5964.91 | Q92: ='третья ц.к.'!$T$313 -> 5975.72 | R92: ='третья ц.к.'!$T$314 -> 5992.81 | S92: ='третья ц.к.'!$T$315 -> 6058.33 | T92: ='третья ц.к.'!$T$316 -> 6097.51 | U92: ='третья ц.к.'!$T$317 -> 6071.69 | V92: ='третья ц.к.'!$T$318 -> 6017.03 | W92: ='третья ц.к.'!$T$319 -> 6172.27 | X92: ='третья ц.к.'!$T$320 -> 5576.97 | Y92: ='третья ц.к.'!$T$321 -> 5432.53
A93: =A92+1 -> 14 | B93: ='третья ц.к.'!$T$322 -> 5477.01 | C93: ='третья ц.к.'!$T$323 -> 5179.48 | D93: ='третья ц.к.'!$T$324 -> 5022.04 | E93: ='третья ц.к.'!$T$325 -> 5031.66 | F93: ='третья ц.к.'!$T$326 -> 5177.05 | G93: ='третья ц.к.'!$T$327 -> 5487.15 | H93: ='третья ц.к.'!$T$328 -> 5789.66 | I93: ='третья ц.к.'!$T$329 -> 5936.15 | J93: ='третья ц.к.'!$T$330 -> 6431.76 | K93: ='третья ц.к.'!$T$331 -> 6505.97 | L93: ='третья ц.к.'!$T$332 -> 6475.67 | M93: ='третья ц.к.'!$T$333 -> 6465.78 | N93: ='третья ц.к.'!$T$334 -> 6442 | O93: ='третья ц.к.'!$T$335 -> 6467.25 | P93: ='третья ц.к.'!$T$336 -> 6464.18 | Q93: ='третья ц.к.'!$T$337 -> 6468.28 | R93: ='третья ц.к.'!$T$338 -> 6463.7 | S93: ='третья ц.к.'!$T$339 -> 6533.46 | T93: ='третья ц.к.'!$T$340 -> 6544.07 | U93: ='третья ц.к.'!$T$341 -> 6475.01 | V93: ='третья ц.к.'!$T$342 -> 6413.44 | W93: ='третья ц.к.'!$T$343 -> 6327.07 | X93: ='третья ц.к.'!$T$344 -> 5784.08 | Y93: ='третья ц.к.'!$T$345 -> 5610.98
A94: =A93+1 -> 15 | B94: ='третья ц.к.'!$T$346 -> 5632.28 | C94: ='третья ц.к.'!$T$347 -> 5199.55 | D94: ='третья ц.к.'!$T$348 -> 5056.54 | E94: ='третья ц.к.'!$T$349 -> 5076.57 | F94: ='третья ц.к.'!$T$350 -> 5173.58 | G94: ='третья ц.к.'!$T$351 -> 5656.99 | H94: ='третья ц.к.'!$T$352 -> 5789.21 | I94: ='третья ц.к.'!$T$353 -> 6025.08 | J94: ='третья ц.к.'!$T$354 -> 6360.49 | K94: ='третья ц.к.'!$T$355 -> 6439.98 | L94: ='третья ц.к.'!$T$356 -> 6411.24 | M94: ='третья ц.к.'!$T$357 -> 6394.55 | N94: ='третья ц.к.'!$T$358 -> 6379.55 | O94: ='третья ц.к.'!$T$359 -> 6387.49 | P94: ='третья ц.к.'!$T$360 -> 6374.1 | Q94: ='третья ц.к.'!$T$361 -> 6384.93 | R94: ='третья ц.к.'!$T$362 -> 6419.21 | S94: ='третья ц.к.'!$T$363 -> 6474.65 | T94: ='третья ц.к.'!$T$364 -> 6831 | U94: ='третья ц.к.'!$T$365 -> 6448.17 | V94: ='третья ц.к.'!$T$366 -> 6338.44 | W94: ='третья ц.к.'!$T$367 -> 6274.28 | X94: ='третья ц.к.'!$T$368 -> 5839.07 | Y94: ='третья ц.к.'!$T$369 -> 5757.2
A95: =A94+1 -> 16 | B95: ='третья ц.к.'!$T$370 -> 5696.33 | C95: ='третья ц.к.'!$T$371 -> 5521.66 | D95: ='третья ц.к.'!$T$372 -> 5330.37 | E95: ='третья ц.к.'!$T$373 -> 5323.64 | F95: ='третья ц.к.'!$T$374 -> 5292.12 | G95: ='третья ц.к.'!$T$375 -> 5636.27 | H95: ='третья ц.к.'!$T$376 -> 5766.77 | I95: ='третья ц.к.'!$T$377 -> 5819.18 | J95: ='третья ц.к.'!$T$378 -> 6224.89 | K95: ='третья ц.к.'!$T$379 -> 6319.02 | L95: ='третья ц.к.'!$T$380 -> 6289.62 | M95: ='третья ц.к.'!$T$381 -> 6283.38 | N95: ='третья ц.к.'!$T$382 -> 6258.26 | O95: ='третья ц.к.'!$T$383 -> 6256.51 | P95: ='третья ц.к.'!$T$384 -> 6280.46 | Q95: ='третья ц.к.'!$T$385 -> 6279.32 | R95: ='третья ц.к.'!$T$386 -> 6291.21 | S95: ='третья ц.к.'!$T$387 -> 6336.19 | T95: ='третья ц.к.'!$T$388 -> 6389.87 | U95: ='третья ц.к.'!$T$389 -> 6364.4 | V95: ='третья ц.к.'!$T$390 -> 6320.95 | W95: ='третья ц.к.'!$T$391 -> 6310.79 | X95: ='третья ц.к.'!$T$392 -> 6117.76 | Y95: ='третья ц.к.'!$T$393 -> 5747.97
A96: =A95+1 -> 17 | B96: ='третья ц.к.'!$T$394 -> 5602.76 | C96: ='третья ц.к.'!$T$395 -> 5626.14 | D96: ='третья ц.к.'!$T$396 -> 5205.44 | E96: ='третья ц.к.'!$T$397 -> 5237.18 | F96: ='третья ц.к.'!$T$398 -> 5276.1 | G96: ='третья ц.к.'!$T$399 -> 5491.18 | H96: ='третья ц.к.'!$T$400 -> 5662.29 | I96: ='третья ц.к.'!$T$401 -> 5762.34 | J96: ='третья ц.к.'!$T$402 -> 6094.05 | K96: ='третья ц.к.'!$T$403 -> 6153.42 | L96: ='третья ц.к.'!$T$404 -> 6091.41 | M96: ='третья ц.к.'!$T$405 -> 6167.74 | N96: ='третья ц.к.'!$T$406 -> 6143.78 | O96: ='третья ц.к.'!$T$407 -> 6167.19 | P96: ='третья ц.к.'!$T$408 -> 6182.29 | Q96: ='третья ц.к.'!$T$409 -> 6184.89 | R96: ='третья ц.к.'!$T$410 -> 6193.05 | S96: ='третья ц.к.'!$T$411 -> 6208.51 | T96: ='третья ц.к.'!$T$412 -> 6285.61 | U96: ='третья ц.к.'!$T$413 -> 6256.37 | V96: ='третья ц.к.'!$T$414 -> 6161.46 | W96: ='третья ц.к.'!$T$415 -> 6133.27 | X96: ='третья ц.к.'!$T$416 -> 6056.48 | Y96: ='третья ц.к.'!$T$417 -> 5761
A97: =A96+1 -> 18 | B97: ='третья ц.к.'!$T$418 -> 5550.4 | C97: ='третья ц.к.'!$T$419 -> 5164.08 | D97: ='третья ц.к.'!$T$420 -> 5038.88 | E97: ='третья ц.к.'!$T$421 -> 5026.96 | F97: ='третья ц.к.'!$T$422 -> 5165.28 | G97: ='третья ц.к.'!$T$423 -> 5388.35 | H97: ='третья ц.к.'!$T$424 -> 5729.21 | I97: ='третья ц.к.'!$T$425 -> 5910.05 | J97: ='третья ц.к.'!$T$426 -> 6170.2 | K97: ='третья ц.к.'!$T$427 -> 6221.15 | L97: ='третья ц.к.'!$T$428 -> 6200.04 | M97: ='третья ц.к.'!$T$429 -> 6111.24 | N97: ='третья ц.к.'!$T$430 -> 6087.16 | O97: ='третья ц.к.'!$T$431 -> 6149.46 | P97: ='третья ц.к.'!$T$432 -> 6072.42 | Q97: ='третья ц.к.'!$T$433 -> 6074.39 | R97: ='третья ц.к.'!$T$434 -> 6078.05 | S97: ='третья ц.к.'!$T$435 -> 6202.09 | T97: ='третья ц.к.'!$T$436 -> 6255.72 | U97: ='третья ц.к.'!$T$437 -> 6224.69 | V97: ='третья ц.к.'!$T$438 -> 6209.48 | W97: ='третья ц.к.'!$T$439 -> 6148.79 | X97: ='третья ц.к.'!$T$440 -> 5800 | Y97: ='третья ц.к.'!$T$441 -> 5596.15
A98: =A97+1 -> 19 | B98: ='третья ц.к.'!$T$442 -> 5466.85 | C98: ='третья ц.к.'!$T$443 -> 5129.65 | D98: ='третья ц.к.'!$T$444 -> 5030.91 | E98: ='третья ц.к.'!$T$445 -> 5025.36 | F98: ='третья ц.к.'!$T$446 -> 5084.19 | G98: ='третья ц.к.'!$T$447 -> 5427.15 | H98: ='третья ц.к.'!$T$448 -> 5701.22 | I98: ='третья ц.к.'!$T$449 -> 5992.39 | J98: ='третья ц.к.'!$T$450 -> 6659.62 | K98: ='третья ц.к.'!$T$451 -> 6659.67 | L98: ='третья ц.к.'!$T$452 -> 6663.08 | M98: ='третья ц.к.'!$T$453 -> 6624.83 | N98: ='третья ц.к.'!$T$454 -> 6619.62 | O98: ='третья ц.к.'!$T$455 -> 6372.43 | P98: ='третья ц.к.'!$T$456 -> 6349.31 | Q98: ='третья ц.к.'!$T$457 -> 6669.8 | R98: ='третья ц.к.'!$T$458 -> 6707.57 | S98: ='третья ц.к.'!$T$459 -> 6414.6 | T98: ='третья ц.к.'!$T$460 -> 6797 | U98: ='третья ц.к.'!$T$461 -> 6724.67 | V98: ='третья ц.к.'!$T$462 -> 6629.04 | W98: ='третья ц.к.'!$T$463 -> 6696.47 | X98: ='третья ц.к.'!$T$464 -> 6390.33 | Y98: ='третья ц.к.'!$T$465 -> 5705.23
A99: =A98+1 -> 20 | B99: ='третья ц.к.'!$T$466 -> 5216.26 | C99: ='третья ц.к.'!$T$467 -> 5119.23 | D99: ='третья ц.к.'!$T$468 -> 5008.14 | E99: ='третья ц.к.'!$T$469 -> 4988.37 | F99: ='третья ц.к.'!$T$470 -> 5047.23 | G99: ='третья ц.к.'!$T$471 -> 5349.29 | H99: ='третья ц.к.'!$T$472 -> 5667.25 | I99: ='третья ц.к.'!$T$473 -> 5821.63 | J99: ='третья ц.к.'!$T$474 -> 5921.81 | K99: ='третья ц.к.'!$T$475 -> 5951.14 | L99: ='третья ц.к.'!$T$476 -> 5934.21 | M99: ='третья ц.к.'!$T$477 -> 5914.33 | N99: ='третья ц.к.'!$T$478 -> 5843.05 | O99: ='третья ц.к.'!$T$479 -> 5842.01 | P99: ='третья ц.к.'!$T$480 -> 5900.22 | Q99: ='третья ц.к.'!$T$481 -> 5888.83 | R99: ='третья ц.к.'!$T$482 -> 5888.26 | S99: ='третья ц.к.'!$T$483 -> 5909.3 | T99: ='третья ц.к.'!$T$484 -> 5903.16 | U99: ='третья ц.к.'!$T$485 -> 5825.45 | V99: ='третья ц.к.'!$T$486 -> 5804.7 | W99: ='третья ц.к.'!$T$487 -> 5744.27 | X99: ='третья ц.к.'!$T$488 -> 5589.44 | Y99: ='третья ц.к.'!$T$489 -> 5173
A100: =A99+1 -> 21 | B100: ='третья ц.к.'!$T$490 -> 4935.91 | C100: ='третья ц.к.'!$T$491 -> 4845.6 | D100: ='третья ц.к.'!$T$492 -> 4823.18 | E100: ='третья ц.к.'!$T$493 -> 4821.93 | F100: ='третья ц.к.'!$T$494 -> 4866.47 | G100: ='третья ц.к.'!$T$495 -> 5017.3 | H100: ='третья ц.к.'!$T$496 -> 5299.52 | I100: ='третья ц.к.'!$T$497 -> 5674.78 | J100: ='третья ц.к.'!$T$498 -> 5826.01 | K100: ='третья ц.к.'!$T$499 -> 5858.07 | L100: ='третья ц.к.'!$T$500 -> 5868.93 | M100: ='третья ц.к.'!$T$501 -> 5854.11 | N100: ='третья ц.к.'!$T$502 -> 5831.94 | O100: ='третья ц.к.'!$T$503 -> 5833.9 | P100: ='третья ц.к.'!$T$504 -> 5828.97 | Q100: ='третья ц.к.'!$T$505 -> 5824.14 | R100: ='третья ц.к.'!$T$506 -> 5825.99 | S100: ='третья ц.к.'!$T$507 -> 5835.7 | T100: ='третья ц.к.'!$T$508 -> 5827.75 | U100: ='третья ц.к.'!$T$509 -> 5815.62 | V100: ='третья ц.к.'!$T$510 -> 5782.17 | W100: ='третья ц.к.'!$T$511 -> 5747.43 | X100: ='третья ц.к.'!$T$512 -> 5541.46 | Y100: ='третья ц.к.'!$T$513 -> 5033.65
A101: =A100+1 -> 22 | B101: ='третья ц.к.'!$T$514 -> 4877.54 | C101: ='третья ц.к.'!$T$515 -> 4808.4 | D101: ='третья ц.к.'!$T$516 -> 4778.12 | E101: ='третья ц.к.'!$T$517 -> 4788.54 | F101: ='третья ц.к.'!$T$518 -> 4846.9 | G101: ='третья ц.к.'!$T$519 -> 5080.91 | H101: ='третья ц.к.'!$T$520 -> 5555.05 | I101: ='третья ц.к.'!$T$521 -> 5817.59 | J101: ='третья ц.к.'!$T$522 -> 5937.63 | K101: ='третья ц.к.'!$T$523 -> 6065.25 | L101: ='третья ц.к.'!$T$524 -> 6061.85 | M101: ='третья ц.к.'!$T$525 -> 5968.75 | N101: ='третья ц.к.'!$T$526 -> 5924.33 | O101: ='третья ц.к.'!$T$527 -> 5939.44 | P101: ='третья ц.к.'!$T$528 -> 5916.75 | Q101: ='третья ц.к.'!$T$529 -> 5898.62 | R101: ='третья ц.к.'!$T$530 -> 5910.91 | S101: ='третья ц.к.'!$T$531 -> 5915.15 | T101: ='третья ц.к.'!$T$532 -> 5891.74 | U101: ='третья ц.к.'!$T$533 -> 5848.01 | V101: ='третья ц.к.'!$T$534 -> 5790.6 | W101: ='третья ц.к.'!$T$535 -> 5772.14 | X101: ='третья ц.к.'!$T$536 -> 5627.95 | Y101: ='третья ц.к.'!$T$537 -> 5265.2
A102: =A101+1 -> 23 | B102: ='третья ц.к.'!$T$538 -> 5106.35 | C102: ='третья ц.к.'!$T$539 -> 4940.3 | D102: ='третья ц.к.'!$T$540 -> 4892.72 | E102: ='третья ц.к.'!$T$541 -> 4867.07 | F102: ='третья ц.к.'!$T$542 -> 4875.47 | G102: ='третья ц.к.'!$T$543 -> 4975.14 | H102: ='третья ц.к.'!$T$544 -> 5088.7 | I102: ='третья ц.к.'!$T$545 -> 5292.76 | J102: ='третья ц.к.'!$T$546 -> 5662.23 | K102: ='третья ц.к.'!$T$547 -> 5769.57 | L102: ='третья ц.к.'!$T$548 -> 5787.7 | M102: ='третья ц.к.'!$T$549 -> 5784.66 | N102: ='третья ц.к.'!$T$550 -> 5769.39 | O102: ='третья ц.к.'!$T$551 -> 5790.03 | P102: ='третья ц.к.'!$T$552 -> 5767.64 | Q102: ='третья ц.к.'!$T$553 -> 5772.2 | R102: ='третья ц.к.'!$T$554 -> 5792.77 | S102: ='третья ц.к.'!$T$555 -> 5825.06 | T102: ='третья ц.к.'!$T$556 -> 5820.31 | U102: ='третья ц.к.'!$T$557 -> 5818.23 | V102: ='третья ц.к.'!$T$558 -> 5784.07 | W102: ='третья ц.к.'!$T$559 -> 5706.08 | X102: ='третья ц.к.'!$T$560 -> 5484.41 | Y102: ='третья ц.к.'!$T$561 -> 5201.57
A103: =A102+1 -> 24 | B103: ='третья ц.к.'!$T$562 -> 5120.49 | C103: ='третья ц.к.'!$T$563 -> 4943.14 | D103: ='третья ц.к.'!$T$564 -> 4830.97 | E103: ='третья ц.к.'!$T$565 -> 4827 | F103: ='третья ц.к.'!$T$566 -> 4824.35 | G103: ='третья ц.к.'!$T$567 -> 4893.33 | H103: ='третья ц.к.'!$T$568 -> 4954.88 | I103: ='третья ц.к.'!$T$569 -> 5094.32 | J103: ='третья ц.к.'!$T$570 -> 5458.06 | K103: ='третья ц.к.'!$T$571 -> 5714.65 | L103: ='третья ц.к.'!$T$572 -> 5755.85 | M103: ='третья ц.к.'!$T$573 -> 5757.44 | N103: ='третья ц.к.'!$T$574 -> 5740.34 | O103: ='третья ц.к.'!$T$575 -> 5744.45 | P103: ='третья ц.к.'!$T$576 -> 5748.01 | Q103: ='третья ц.к.'!$T$577 -> 5750.53 | R103: ='третья ц.к.'!$T$578 -> 5775.06 | S103: ='третья ц.к.'!$T$579 -> 5864.66 | T103: ='третья ц.к.'!$T$580 -> 5905.84 | U103: ='третья ц.к.'!$T$581 -> 5904.31 | V103: ='третья ц.к.'!$T$582 -> 5842.35 | W103: ='третья ц.к.'!$T$583 -> 5764.17 | X103: ='третья ц.к.'!$T$584 -> 5648.67 | Y103: ='третья ц.к.'!$T$585 -> 5516.77
A104: =A103+1 -> 25 | B104: ='третья ц.к.'!$T$586 -> 5053.33 | C104: ='третья ц.к.'!$T$587 -> 4932.02 | D104: ='третья ц.к.'!$T$588 -> 4908.99 | E104: ='третья ц.к.'!$T$589 -> 4922.27 | F104: ='третья ц.к.'!$T$590 -> 4946.94 | G104: ='третья ц.к.'!$T$591 -> 5210.12 | H104: ='третья ц.к.'!$T$592 -> 5628.21 | I104: ='третья ц.к.'!$T$593 -> 5830.73 | J104: ='третья ц.к.'!$T$594 -> 6023.07 | K104: ='третья ц.к.'!$T$595 -> 6109.66 | L104: ='третья ц.к.'!$T$596 -> 6044.22 | M104: ='третья ц.к.'!$T$597 -> 6017.35 | N104: ='третья ц.к.'!$T$598 -> 5953.34 | O104: ='третья ц.к.'!$T$599 -> 5973.93 | P104: ='третья ц.к.'!$T$600 -> 5987.42 | Q104: ='третья ц.к.'!$T$601 -> 5992.25 | R104: ='третья ц.к.'!$T$602 -> 6054.28 | S104: ='третья ц.к.'!$T$603 -> 6171.47 | T104: ='третья ц.к.'!$T$604 -> 6160.62 | U104: ='третья ц.к.'!$T$605 -> 6102.07 | V104: ='третья ц.к.'!$T$606 -> 5984.72 | W104: ='третья ц.к.'!$T$607 -> 5868.27 | X104: ='третья ц.к.'!$T$608 -> 5697.09 | Y104: ='третья ц.к.'!$T$609 -> 5419.88
A105: =A104+1 -> 26 | B105: ='третья ц.к.'!$T$610 -> 5073.33 | C105: ='третья ц.к.'!$T$611 -> 4941.18 | D105: ='третья ц.к.'!$T$612 -> 4899.42 | E105: ='третья ц.к.'!$T$613 -> 4907.13 | F105: ='третья ц.к.'!$T$614 -> 5003.15 | G105: ='третья ц.к.'!$T$615 -> 5401.48 | H105: ='третья ц.к.'!$T$616 -> 5763.68 | I105: ='третья ц.к.'!$T$617 -> 5843.7 | J105: ='третья ц.к.'!$T$618 -> 6072.64 | K105: ='третья ц.к.'!$T$619 -> 6139.49 | L105: ='третья ц.к.'!$T$620 -> 6102.86 | M105: ='третья ц.к.'!$T$621 -> 6120.25 | N105: ='третья ц.к.'!$T$622 -> 6092.83 | O105: ='третья ц.к.'!$T$623 -> 6090.64 | P105: ='третья ц.к.'!$T$624 -> 6084.89 | Q105: ='третья ц.к.'!$T$625 -> 6104.98 | R105: ='третья ц.к.'!$T$626 -> 6146.88 | S105: ='третья ц.к.'!$T$627 -> 6202.67 | T105: ='третья ц.к.'!$T$628 -> 6190.79 | U105: ='третья ц.к.'!$T$629 -> 6142.93 | V105: ='третья ц.к.'!$T$630 -> 6100.86 | W105: ='третья ц.к.'!$T$631 -> 6905.73 | X105: ='третья ц.к.'!$T$632 -> 5795.07 | Y105: ='третья ц.к.'!$T$633 -> 5658.45
A106: =A105+1 -> 27 | B106: ='третья ц.к.'!$T$634 -> 5477.05 | C106: ='третья ц.к.'!$T$635 -> 5002.52 | D106: ='третья ц.к.'!$T$636 -> 4965.88 | E106: ='третья ц.к.'!$T$637 -> 4953.76 | F106: ='третья ц.к.'!$T$638 -> 5003.84 | G106: ='третья ц.к.'!$T$639 -> 5317.28 | H106: ='третья ц.к.'!$T$640 -> 5761.27 | I106: ='третья ц.к.'!$T$641 -> 5873.69 | J106: ='третья ц.к.'!$T$642 -> 6092.9 | K106: ='третья ц.к.'!$T$643 -> 6173.52 | L106: ='третья ц.к.'!$T$644 -> 6158.69 | M106: ='третья ц.к.'!$T$645 -> 6143.5 | N106: ='третья ц.к.'!$T$646 -> 6126.61 | O106: ='третья ц.к.'!$T$647 -> 6122.55 | P106: ='третья ц.к.'!$T$648 -> 6126.21 | Q106: ='третья ц.к.'!$T$649 -> 6132.7 | R106: ='третья ц.к.'!$T$650 -> 6172.28 | S106: ='третья ц.к.'!$T$651 -> 6177.51 | T106: ='третья ц.к.'!$T$652 -> 6165.97 | U106: ='третья ц.к.'!$T$653 -> 6125.01 | V106: ='третья ц.к.'!$T$654 -> 6035.03 | W106: ='третья ц.к.'!$T$655 -> 5901.01 | X106: ='третья ц.к.'!$T$656 -> 5767.86 | Y106: ='третья ц.к.'!$T$657 -> 5645.45
A107: =A106+1 -> 28 | B107: ='третья ц.к.'!$T$658 -> 5235.24 | C107: ='третья ц.к.'!$T$659 -> 4997.29 | D107: ='третья ц.к.'!$T$660 -> 4959.69 | E107: ='третья ц.к.'!$T$661 -> 4979.11 | F107: ='третья ц.к.'!$T$662 -> 5020.36 | G107: ='третья ц.к.'!$T$663 -> 5254.92 | H107: ='третья ц.к.'!$T$664 -> 5715.1 | I107: ='третья ц.к.'!$T$665 -> 5905.49 | J107: ='третья ц.к.'!$T$666 -> 6054.3 | K107: ='третья ц.к.'!$T$667 -> 6129.19 | L107: ='третья ц.к.'!$T$668 -> 6134.61 | M107: ='третья ц.к.'!$T$669 -> 5861.16 | N107: ='третья ц.к.'!$T$670 -> 6103.38 | O107: ='третья ц.к.'!$T$671 -> 6113.82 | P107: ='третья ц.к.'!$T$672 -> 6078.49 | Q107: ='третья ц.к.'!$T$673 -> 6095.84 | R107: ='третья ц.к.'!$T$674 -> 6102.45 | S107: ='третья ц.к.'!$T$675 -> 6188.36 | T107: ='третья ц.к.'!$T$676 -> 6174.19 | U107: ='третья ц.к.'!$T$677 -> 6129.17 | V107: ='третья ц.к.'!$T$678 -> 6069.4 | W107: ='третья ц.к.'!$T$679 -> 6108.46 | X107: ='третья ц.к.'!$T$680 -> 5776.46 | Y107: ='третья ц.к.'!$T$681 -> 5663.11
A108: =A107+1 -> 29 | B108: ='третья ц.к.'!$T$682 -> 5549.87 | C108: ='третья ц.к.'!$T$683 -> 5229.31 | D108: ='третья ц.к.'!$T$684 -> 5064.76 | E108: ='третья ц.к.'!$T$685 -> 5233 | F108: ='третья ц.к.'!$T$686 -> 5216.65 | G108: ='третья ц.к.'!$T$687 -> 5612.5 | H108: ='третья ц.к.'!$T$688 -> 5811.79 | I108: ='третья ц.к.'!$T$689 -> 5997.04 | J108: ='третья ц.к.'!$T$690 -> 6180.2 | K108: ='третья ц.к.'!$T$691 -> 6259.72 | L108: ='третья ц.к.'!$T$692 -> 6253.9 | M108: ='третья ц.к.'!$T$693 -> 6225.69 | N108: ='третья ц.к.'!$T$694 -> 6195.15 | O108: ='третья ц.к.'!$T$695 -> 6210.11 | P108: ='третья ц.к.'!$T$696 -> 6214.41 | Q108: ='третья ц.к.'!$T$697 -> 6219.51 | R108: ='третья ц.к.'!$T$698 -> 6253.45 | S108: ='третья ц.к.'!$T$699 -> 6258.54 | T108: ='третья ц.к.'!$T$700 -> 7440.22 | U108: ='третья ц.к.'!$T$701 -> 6197.1 | V108: ='третья ц.к.'!$T$702 -> 6128.14 | W108: ='третья ц.к.'!$T$703 -> 6160.63 | X108: ='третья ц.к.'!$T$704 -> 5823.78 | Y108: ='третья ц.к.'!$T$705 -> 5744.2
A109: =A108+1 -> 30 | B109: ='третья ц.к.'!$T$706 -> 5644.29 | C109: ='третья ц.к.'!$T$707 -> 5245.93 | D109: ='третья ц.к.'!$T$708 -> 5095.77 | E109: ='третья ц.к.'!$T$709 -> 5097.69 | F109: ='третья ц.к.'!$T$710 -> 5111.17 | G109: ='третья ц.к.'!$T$711 -> 5307.31 | H109: ='третья ц.к.'!$T$712 -> 5646.39 | I109: ='третья ц.к.'!$T$713 -> 5803.85 | J109: ='третья ц.к.'!$T$714 -> 6004.74 | K109: ='третья ц.к.'!$T$715 -> 5875.3 | L109: ='третья ц.к.'!$T$716 -> 6164.47 | M109: ='третья ц.к.'!$T$717 -> 6177.3 | N109: ='третья ц.к.'!$T$718 -> 6171.35 | O109: ='третья ц.к.'!$T$719 -> 6174.45 | P109: ='третья ц.к.'!$T$720 -> 6168.41 | Q109: ='третья ц.к.'!$T$721 -> 6176.43 | R109: ='третья ц.к.'!$T$722 -> 6217.01 | S109: ='третья ц.к.'!$T$723 -> 6435.01 | T109: ='третья ц.к.'!$T$724 -> 7646.85 | U109: ='третья ц.к.'!$T$725 -> 7472.89 | V109: ='третья ц.к.'!$T$726 -> 6233.51 | W109: ='третья ц.к.'!$T$727 -> 7035.25 | X109: ='третья ц.к.'!$T$728 -> 6073.33 | Y109: ='третья ц.к.'!$T$729 -> 5802.64
A110: =A109+1 -> 31 | B110: ='третья ц.к.'!$T$730 -> 0 | C110: ='третья ц.к.'!$T$731 -> 0 | D110: ='третья ц.к.'!$T$732 -> 0 | E110: ='третья ц.к.'!$T$733 -> 0 | F110: ='третья ц.к.'!$T$734 -> 0 | G110: ='третья ц.к.'!$T$735 -> 0 | H110: ='третья ц.к.'!$T$736 -> 0 | I110: ='третья ц.к.'!$T$737 -> 0 | J110: ='третья ц.к.'!$T$738 -> 0 | K110: ='третья ц.к.'!$T$739 -> 0 | L110: ='третья ц.к.'!$T$740 -> 0 | M110: ='третья ц.к.'!$T$741 -> 0 | N110: ='третья ц.к.'!$T$742 -> 0 | O110: ='третья ц.к.'!$T$743 -> 0 | P110: ='третья ц.к.'!$T$744 -> 0 | Q110: ='третья ц.к.'!$T$745 -> 0 | R110: ='третья ц.к.'!$T$746 -> 0 | S110: ='третья ц.к.'!$T$747 -> 0 | T110: ='третья ц.к.'!$T$748 -> 0 | U110: ='третья ц.к.'!$T$749 -> 0 | V110: ='третья ц.к.'!$T$750 -> 0 | W110: ='третья ц.к.'!$T$751 -> 0 | X110: ='третья ц.к.'!$T$752 -> 0 | Y110: ='третья ц.к.'!$T$753 -> 0
A112: Дата | B112: Ставка для фактических почасовых объемов покупки электрической энергии. отпущенных на уровне напряжения СН I
B115: 0:00-1:00 | C115: 1:00-2:00 | D115: 2:00-3:00 | E115: 3:00-4:00 | F115: 4:00-5:00 | G115: 5:00-6:00 | H115: 6:00-7:00 | I115: 7:00-8:00 | J115: 8:00-9:00 | K115: 9:00-10:00 | L115: 10:00-11:00 | M115: 11:00-12:00 | N115: 12:00-13:00 | O115: 13:00-14:00 | P115: 14:00-15:00 | Q115: 15:00-16:00 | R115: 16:00-17:00 | S115: 17:00-18:00 | T115: 18:00-19:00 | U115: 19:00-20:00 | V115: 20:00-21:00 | W115: 21:00-22:00 | X115: 22:00-23:00 | Y115: 23:00-0:00
A116: 1 | B116: ='третья ц.к.'!$U$10 -> 5370.4 | C116: ='третья ц.к.'!$U$11 -> 5349.05 | D116: ='третья ц.к.'!$U$12 -> 5349.02 | E116: ='третья ц.к.'!$U$13 -> 5258.35 | F116: ='третья ц.к.'!$U$14 -> 5311.27 | G116: ='третья ц.к.'!$U$15 -> 5658.92 | H116: ='третья ц.к.'!$U$16 -> 5726.3 | I116: ='третья ц.к.'!$U$17 -> 6069.58 | J116: ='третья ц.к.'!$U$18 -> 6292.77 | K116: ='третья ц.к.'!$U$19 -> 6321.39 | L116: ='третья ц.к.'!$U$20 -> 6294.65 | M116: ='третья ц.к.'!$U$21 -> 6239.28 | N116: ='третья ц.к.'!$U$22 -> 6219.84 | O116: ='третья ц.к.'!$U$23 -> 6237.73 | P116: ='третья ц.к.'!$U$24 -> 6230.54 | Q116: ='третья ц.к.'!$U$25 -> 6218.77 | R116: ='третья ц.к.'!$U$26 -> 6200.28 | S116: ='третья ц.к.'!$U$27 -> 6219.43 | T116: ='третья ц.к.'!$U$28 -> 6248 | U116: ='третья ц.к.'!$U$29 -> 6229.92 | V116: ='третья ц.к.'!$U$30 -> 6152.05 | W116: ='третья ц.к.'!$U$31 -> 6110.87 | X116: ='третья ц.к.'!$U$32 -> 5801.53 | Y116: ='третья ц.к.'!$U$33 -> 5464.51
A117: =A116+1 -> 2 | B117: ='третья ц.к.'!$U$34 -> 5174.29 | C117: ='третья ц.к.'!$U$35 -> 5092.32 | D117: ='третья ц.к.'!$U$36 -> 5044.04 | E117: ='третья ц.к.'!$U$37 -> 5003.15 | F117: ='третья ц.к.'!$U$38 -> 5029.46 | G117: ='третья ц.к.'!$U$39 -> 5210.7 | H117: ='третья ц.к.'!$U$40 -> 5372.86 | I117: ='третья ц.к.'!$U$41 -> 5645.26 | J117: ='третья ц.к.'!$U$42 -> 5918.96 | K117: ='третья ц.к.'!$U$43 -> 5979.3 | L117: ='третья ц.к.'!$U$44 -> 5983.46 | M117: ='третья ц.к.'!$U$45 -> 5976.63 | N117: ='третья ц.к.'!$U$46 -> 5969.62 | O117: ='третья ц.к.'!$U$47 -> 5972.06 | P117: ='третья ц.к.'!$U$48 -> 5970 | Q117: ='третья ц.к.'!$U$49 -> 5972.36 | R117: ='третья ц.к.'!$U$50 -> 5955.3 | S117: ='третья ц.к.'!$U$51 -> 5989.98 | T117: ='третья ц.к.'!$U$52 -> 6006.06 | U117: ='третья ц.к.'!$U$53 -> 6008.82 | V117: ='третья ц.к.'!$U$54 -> 5992.69 | W117: ='третья ц.к.'!$U$55 -> 5917.52 | X117: ='третья ц.к.'!$U$56 -> 5664.77 | Y117: ='третья ц.к.'!$U$57 -> 5483
A118: =A117+1 -> 3 | B118: ='третья ц.к.'!$U$58 -> 5403.18 | C118: ='третья ц.к.'!$U$59 -> 5305.98 | D118: ='третья ц.к.'!$U$60 -> 5310.45 | E118: ='третья ц.к.'!$U$61 -> 5234.74 | F118: ='третья ц.к.'!$U$62 -> 5304.05 | G118: ='третья ц.к.'!$U$63 -> 5381.05 | H118: ='третья ц.к.'!$U$64 -> 5519.79 | I118: ='третья ц.к.'!$U$65 -> 5661.57 | J118: ='третья ц.к.'!$U$66 -> 6062.46 | K118: ='третья ц.к.'!$U$67 -> 6118.12 | L118: ='третья ц.к.'!$U$68 -> 6138.83 | M118: ='третья ц.к.'!$U$69 -> 6138.36 | N118: ='третья ц.к.'!$U$70 -> 6131.2 | O118: ='третья ц.к.'!$U$71 -> 6121.79 | P118: ='третья ц.к.'!$U$72 -> 6131.64 | Q118: ='третья ц.к.'!$U$73 -> 6142.13 | R118: ='третья ц.к.'!$U$74 -> 6164.57 | S118: ='третья ц.к.'!$U$75 -> 6192.2 | T118: ='третья ц.к.'!$U$76 -> 6228.53 | U118: ='третья ц.к.'!$U$77 -> 6239.37 | V118: ='третья ц.к.'!$U$78 -> 6199.84 | W118: ='третья ц.к.'!$U$79 -> 6164.22 | X118: ='третья ц.к.'!$U$80 -> 5871.27 | Y118: ='третья ц.к.'!$U$81 -> 5630.41
...

Sheet 1, 2 ц.к.
A1: Фактический предельный уровень нерегулируемых цен на электрическую энергию
A2: для потребителей ПАО "ТНС энерго Ростов-на-Дону" за ноябрь 2024 г.
Q3: без НДС
A4: № п/п | B4: Тарифные группы потребителей | C4: Средневзвешенная свободная (нерегулируемая) цена, сложившаяся на оптовом рынке по данным АО "АТС", руб/МВт*ч | D4: Размер платы за регулируемые услуги в одноставочном выражении, руб/МВт*ч | K4: Предельные уровни нерегулируемых цен для потребителей, заключивших договоры энергоснабжения, руб/МВт*ч | O4: Предельные уровни нерегулируемых цен для потребителей, заключивших договоры купли-продажи, руб/МВт*ч
D5: Плата за иные прочие услуги, руб/МВт*ч | E5: Плата за услуги по упр. изменением режима потребления ээ, руб/МВт*ч | F5: Сбытовая надбавка ПАО "ТНС энерго Ростов-на-Дону", утв. Пост.РСТ РО №755 от 30.11.2023г., Пост.РСТ РО №834 от 19.12.2023г., руб/МВт*ч | G5: Тариф на услуги по передаче, утвержденный Постановлением РСТ РО №790 от 06.12.2023г., руб/МВт*ч
G7: ВН | H7: СН1 | I7: СН11 | J7: НН | K7: ВН | L7: СН1 | M7: СН11 | N7: НН | O7: ВН | P7: СН1 | Q7: СН11 | R7: НН
A8: 1 | B8: 2 | C8: 3 | D8: 4 | E8: 5 | F8: 6 | G8: 7 | H8: 8 | I8: 9 | J8: 10 | K8: 11=3+4+5+6+7 | L8: 12=3+4+5+6+8 | M8: 13=3+4+5+6+9 | N8: 14=3+4+5+6+10 | O8: 15=3+4+5+6 | P8: 16=3+4+5+6 | Q8: 17=3+4+5+6 | R8: 18=3+4+5+6
B9: Для потребителей до 670 кВт | F9: 1018.54
A10: 1. | B10: 1 ценовая категория | C10: =ROUND('ПУНЦ до 670 кВт'!H13,2) -> 3835.54 | D10: =VLOOKUP("Плата за иные услуги, рублей/МВт*ч",'[1]2024'!$B$59:$N$59,MATCH("ноябрь",'[1]2024'!$B$3:$N$3,0),0) -> 4.81 | E10: ='[1]2024'!$M$92 -> 0.83 | F10: 1018.54 | G10: 3205.78 | H10: 3558 | I10: 3701.84 | J10: 4683.65 | K10: =C10+D10+E10+F10+G10 -> 8065.5 | L10: =C10+D10+E10+F10+H10 -> 8417.72 | M10: =C10+D10+E10+F10+I10 -> 8561.56 | N10: =C10+D10+E10+F10+J10 -> 9543.37 | O10: =C10+D10+E10+F10 -> 4859.72 | P10: =C10+D10+E10+F10 -> 4859.72 | Q10: =C10+D10+E10+F10 -> 4859.72 | R10: =C10+D10+E10+F10 -> 4859.72 | S10: =C10/1000 -> 3.83554 | T10: =N10*0.05 -> 477.1685
A12: 2. | B12: 2 ценовая категория
A13: 2.1. | B13: Тарифы, дифференцированные по трем зонам суток
B14: -ночная зона | C14: =ROUND([2]Лист1!B11,2) -> 1607.52 | D14: =$D$10 -> 4.81 | E14: =$E$10 -> 0.83 | F14: =F9 -> 1018.54 | G14: =$G$10 -> 3205.78 | H14: =$H$10 -> 3558 | I14: =$I$10 -> 3701.84 | J14: =$J$10 -> 4683.65 | K14: =C14+D14+E14+F14+G14 -> 5837.48 | L14: =C14+D14+E14+F14+H14 -> 6189.7 | M14: =C14+D14+E14+F14+I14 -> 6333.54 | N14: =C14+D14+E14+F14+J14 -> 7315.35 | O14: =C14+D14+E14+F14 -> 2631.7 | P14: =C14+D14+E14+F14 -> 2631.7 | Q14: =C14+D14+E14+F14 -> 2631.7 | R14: =C14+D14+E14+F14 -> 2631.7 | S14: =C14/1000 -> 1.60752 | T14: =F14/1000 -> 1.01854
B15: -полупиковая зона | C15: =ROUND([2]Лист1!B12,2) -> 3907.85 | D15: =$D$10 -> 4.81 | E15: =$E$10 -> 0.83 | F15: =F9 -> 1018.54 | G15: =$G$10 -> 3205.78 | H15: =$H$10 -> 3558 | I15: =$I$10 -> 3701.84 | J15: =$J$10 -> 4683.65 | K15: =C15+D15+E15+F15+G15 -> 8137.81 | L15: =C15+D15+E15+F15+H15 -> 8490.03 | M15: =C15+D15+E15+F15+I15 -> 8633.87 | N15: =C15+D15+E15+F15+J15 -> 9615.68 | O15: =C15+D15+E15+F15 -> 4932.03 | P15: =C15+D15+E15+F15 -> 4932.03 | Q15: =C15+D15+E15+F15 -> 4932.03 | R15: =C15+D15+E15+F15 -> 4932.03 | S15: =C15/1000 -> 3.90785
B16: -пиковая зона | C16: =ROUND([2]Лист1!B13,2) -> 11303.08 | D16: =$D$10 -> 4.81 | E16: =$E$10 -> 0.83 | F16: =F9 -> 1018.54 | G16: =$G$10 -> 3205.78 | H16: =$H$10 -> 3558 | I16: =$I$10 -> 3701.84 | J16: =$J$10 -> 4683.65 | K16: =C16+D16+E16+F16+G16 -> 15533.04 | L16: =C16+D16+E16+F16+H16 -> 15885.26 | M16: =C16+D16+E16+F16+I16 -> 16029.1 | N16: =C16+D16+E16+F16+J16 -> 17010.91 | O16: =C16+D16+E16+F16 -> 12327.26 | P16: =C16+D16+E16+F16 -> 12327.26 | Q16: =C16+D16+E16+F16 -> 12327.26 | R16: =C16+D16+E16+F16 -> 12327.26 | S16: =C16/1000 -> 11.30308
A17: 2.2. | B17: Тарифы, дифференцированные по двум зонам суток | E17: =$E$10 -> 0.83
B18: -ночная зона | C18: =ROUND([2]Лист1!$B$15,2) -> 1607.52 | D18: =$D$10 -> 4.81 | E18: =$E$10 -> 0.83 | F18: =F9 -> 1018.54 | G18: =$G$10 -> 3205.78 | H18: =$H$10 -> 3558 | I18: =$I$10 -> 3701.84 | J18: =$J$10 -> 4683.65 | K18: =C18+D18+E18+F18+G18 -> 5837.48 | L18: =C18+D18+E18+F18+H18 -> 6189.7 | M18: =C18+D18+E18+F18+I18 -> 6333.54 | N18: =C18+D18+E18+F18+J18 -> 7315.35 | O18: =C18+D18+E18+F18 -> 2631.7 | P18: =C18+D18+E18+F18 -> 2631.7 | Q18: =C18+D18+E18+F18 -> 2631.7 | R18: =C18+D18+E18+F18 -> 2631.7 | S18: =C18/1000 -> 1.60752
B19: -дневная зона | C19: =ROUND([2]Лист1!$B$16,2) -> 6086.51 | D19: =$D$10 -> 4.81 | E19: =$E$10 -> 0.83 | F19: =F9 -> 1018.54 | G19: =$G$10 -> 3205.78 | H19: =$H$10 -> 3558 | I19: =$I$10 -> 3701.84 | J19: =$J$10 -> 4683.65 | K19: =C19+D19+E19+F19+G19 -> 10316.47 | L19: =C19+D19+E19+F19+H19 -> 10668.69 | M19: =C19+D19+E19+F19+I19 -> 10812.53 | N19: =C19+D19+E19+F19+J19 -> 11794.34 | O19: =C19+D19+E19+F19 -> 7110.69 | P19: =C19+D19+E19+F19 -> 7110.69 | Q19: =C19+D19+E19+F19 -> 7110.69 | R19: =C19+D19+E19+F19 -> 7110.69 | S19: =C19/1000 -> 6.08651
A20: 2.3. | B20: Компенсация потерь РСК (объемы не превышающие значения в сводном прогнозном балансе) | C20: =$C$10 -> 3835.54 | D20: =$D$10 -> 4.81 | E20: =$E$10 -> 0.83 | F20: 545.06 | G20: x | H20: x | I20: x | J20: x | K20: x | L20: x | M20: x | N20: x | O20: =C20+D20+E20+F20 -> 4386.24 | P20: =C20+D20+E20+F20 -> 4386.24 | Q20: =C20+D20+E20+F20 -> 4386.24 | R20: =C20+D20+E20+F20 -> 4386.24
A21: 2.4. | B21: Компенсация потерь РСК (объемы превышающие значения в сводном прогнозном балансе) | C21: х | D21: х | E21: х | F21: х | G21: x | H21: x | I21: x | J21: x | K21: x | L21: x | M21: x | N21: x | O21: х | P21: х | Q21: х | R21: х
B22: Для потребителей от 670 кВт до 10 МВт | F22: 343.8
A23: 1. | B23: 1 ценовая категория | C23: =$C$10 -> 3835.54 | D23: =$D$10 -> 4.81 | E23: =$E$10 -> 0.83 | F23: =F22 -> 343.8 | G23: =$G$10 -> 3205.78 | H23: =$H$10 -> 3558 | I23: =$I$10 -> 3701.84 | J23: =$J$10 -> 4683.65 | K23: =C23+D23+E23+F23+G23 -> 7390.76 | L23: =C23+D23+E23+F23+H23 -> 7742.98 | M23: =C23+D23+E23+F23+I23 -> 7886.82 | N23: =C23+D23+E23+F23+J23 -> 8868.63 | O23: =C23+D23+E23+F23 -> 4184.98 | P23: =C23+D23+E23+F23 -> 4184.98 | Q23: =C23+D23+E23+F23 -> 4184.98 | R23: =C23+D23+E23+F23 -> 4184.98
A25: 2. | B25: 2 ценовая категория
A26: 2.1. | B26: Тарифы, дифференцированные по трем зонам суток
B27: -ночная зона | C27: =$C$14 -> 1607.52 | D27: =$D$10 -> 4.81 | E27: =$E$10 -> 0.83 | F27: =F22 -> 343.8 | G27: =$G$10 -> 3205.78 | H27: =$H$10 -> 3558 | I27: =$I$10 -> 3701.84 | J27: =$J$10 -> 4683.65 | K27: =C27+D27+E27+F27+G27 -> 5162.74 | L27: =C27+D27+E27+F27+H27 -> 5514.96 | M27: =C27+D27+E27+F27+I27 -> 5658.8 | N27: =C27+D27+E27+F27+J27 -> 6640.61 | O27: =C27+D27+E27+F27 -> 1956.96 | P27: =C27+D27+E27+F27 -> 1956.96 | Q27: =C27+D27+E27+F27 -> 1956.96 | R27: =C27+D27+E27+F27 -> 1956.96
B28: -полупиковая зона | C28: =$C$15 -> 3907.85 | D28: =$D$10 -> 4.81 | E28: =$E$10 -> 0.83 | F28: =F22 -> 343.8 | G28: =$G$10 -> 3205.78 | H28: =$H$10 -> 3558 | I28: =$I$10 -> 3701.84 | J28: =$J$10 -> 4683.65 | K28: =C28+D28+E28+F28+G28 -> 7463.07 | L28: =C28+D28+E28+F28+H28 -> 7815.29 | M28: =C28+D28+E28+F28+I28 -> 7959.13 | N28: =C28+D28+E28+F28+J28 -> 8940.94 | O28: =C28+D28+E28+F28 -> 4257.29 | P28: =C28+D28+E28+F28 -> 4257.29 | Q28: =C28+D28+E28+F28 -> 4257.29 | R28: =C28+D28+E28+F28 -> 4257.29
B29: -пиковая зона | C29: =$C$16 -> 11303.08 | D29: =$D$10 -> 4.81 | E29: =$E$10 -> 0.83 | F29: =F22 -> 343.8 | G29: =$G$10 -> 3205.78 | H29: =$H$10 -> 3558 | I29: =$I$10 -> 3701.84 | J29: =$J$10 -> 4683.65 | K29: =C29+D29+E29+F29+G29 -> 14858.3 | L29: =C29+D29+E29+F29+H29 -> 15210.52 | M29: =C29+D29+E29+F29+I29 -> 15354.36 | N29: =C29+D29+E29+F29+J29 -> 16336.17 | O29: =C29+D29+E29+F29 -> 11652.52 | P29: =C29+D29+E29+F29 -> 11652.52 | Q29: =C29+D29+E29+F29 -> 11652.52 | R29: =C29+D29+E29+F29 -> 11652.52
A30: 2.2. | B30: Тарифы, дифференцированные по двум зонам суток
B31: -ночная зона | C31: =$C$18 -> 1607.52 | D31: =$D$10 -> 4.81 | E31: =$E$10 -> 0.83 | F31: =F22 -> 343.8 | G31: =$G$10 -> 3205.78 | H31: =$H$10 -> 3558 | I31: =$I$10 -> 3701.84 | J31: =$J$10 -> 4683.65 | K31: =C31+D31+E31+F31+G31 -> 5162.74 | L31: =C31+D31+E31+F31+H31 -> 5514.96 | M31: =C31+D31+E31+F31+I31 -> 5658.8 | N31: =C31+D31+E31+F31+J31 -> 6640.61 | O31: =C31+D31+E31+F31 -> 1956.96 | P31: =C31+D31+E31+F31 -> 1956.96 | Q31: =C31+D31+E31+F31 -> 1956.96 | R31: =C31+D31+E31+F31 -> 1956.96
B32: -дневная зона | C32: =$C$19 -> 6086.51 | D32: =$D$10 -> 4.81 | E32: =$E$10 -> 0.83 | F32: =F22 -> 343.8 | G32: =$G$10 -> 3205.78 | H32: =$H$10 -> 3558 | I32: =$I$10 -> 3701.84 | J32: =$J$10 -> 4683.65 | K32: =C32+D32+E32+F32+G32 -> 9641.73 | L32: =C32+D32+E32+F32+H32 -> 9993.95 | M32: =C32+D32+E32+F32+I32 -> 10137.79 | N32: =C32+D32+E32+F32+J32 -> 11119.6 | O32: =C32+D32+E32+F32 -> 6435.95 | P32: =C32+D32+E32+F32 -> 6435.95 | Q32: =C32+D32+E32+F32 -> 6435.95 | R32: =C32+D32+E32+F32 -> 6435.95
A33: 2.3. | B33: Компенсация потерь РСК (объемы не превышающие значения в сводном прогнозном балансе) | C33: =$C$10 -> 3835.54 | D33: =$D$10 -> 4.81 | E33: =$E$10 -> 0.83 | F33: =F20 -> 545.06 | G33: x | H33: x | I33: x | J33: x | K33: x | L33: x | M33: x | N33: x | O33: =C33+D33+E33+F33 -> 4386.24 | P33: =C33+D33+E33+F33 -> 4386.24 | Q33: =C33+D33+E33+F33 -> 4386.24 | R33: =C33+D33+E33+F33 -> 4386.24
A34: 2.4. | B34: Компенсация потерь РСК (объемы превышающие значения в сводном прогнозном балансе) п. 96 ППРФ №442 определено, что при превышении балансового объема потерь, в расчетах используется сбытовая надбавка для группы прочие потребители с макс. мощностью энергопринимающих устройств от 670 КВт до 10 МВт | C34: =$C$10 -> 3835.54 | D34: =$D$10 -> 4.81 | E34: =$E$10 -> 0.83 | F34: =F22 -> 343.8 | G34: x | H34: x | I34: x | J34: x | K34: x | L34: x | M34: x | N34: x | O34: =C34+D34+E34+F34 -> 4184.98 | P34: =C34+D34+E34+F34 -> 4184.98 | Q34: =C34+D34+E34+F34 -> 4184.98 | R34: =C34+D34+E34+F34 -> 4184.98
B35: Для потребителей от 10 МВт | F35: 343.8
A36: 1. | B36: 1 ценовая категория | C36: =$C$10 -> 3835.54 | D36: =$D$10 -> 4.81 | E36: =$E$10 -> 0.83 | F36: =F35 -> 343.8 | G36: =$G$10 -> 3205.78 | H36: =$H$10 -> 3558 | I36: =$I$10 -> 3701.84 | J36: =$J$10 -> 4683.65 | K36: =C36+D36+E36+F36+G36 -> 7390.76 | L36: =C36+D36+E36+F36+H36 -> 7742.98 | M36: =C36+D36+E36+F36+I36 -> 7886.82 | N36: =C36+D36+E36+F36+J36 -> 8868.63 | O36: =C36+D36+E36+F36 -> 4184.98 | P36: =C36+D36+E36+F36 -> 4184.98 | Q36: =C36+D36+E36+F36 -> 4184.98 | R36: =C36+D36+E36+F36 -> 4184.98
A38: 2. | B38: 2 ценовая категория
A39: 2.1. | B39: Тарифы, дифференцированные по трем зонам суток
B40: -ночная зона | C40: =$C$14 -> 1607.52 | D40: =$D$10 -> 4.81 | E40: =$E$10 -> 0.83 | F40: =F35 -> 343.8 | G40: =$G$10 -> 3205.78 | H40: =$H$10 -> 3558 | I40: =$I$10 -> 3701.84 | J40: =$J$10 -> 4683.65 | K40: =C40+D40+E40+F40+G40 -> 5162.74 | L40: =C40+D40+E40+F40+H40 -> 5514.96 | M40: =C40+D40+E40+F40+I40 -> 5658.8 | N40: =C40+D40+E40+F40+J40 -> 6640.61 | O40: =C40+D40+E40+F40 -> 1956.96 | P40: =C40+D40+E40+F40 -> 1956.96 | Q40: =C40+D40+E40+F40 -> 1956.96 | R40: =C40+D40+E40+F40 -> 1956.96
B41: -полупиковая зона | C41: =$C$15 -> 3907.85 | D41: =$D$10 -> 4.81 | E41: =$E$10 -> 0.83 | F41: =F35 -> 343.8 | G41: =$G$10 -> 3205.78 | H41: =$H$10 -> 3558 | I41: =$I$10 -> 3701.84 | J41: =$J$10 -> 4683.65 | K41: =C41+D41+E41+F41+G41 -> 7463.07 | L41: =C41+D41+E41+F41+H41 -> 7815.29 | M41: =C41+D41+E41+F41+I41 -> 7959.13 | N41: =C41+D41+E41+F41+J41 -> 8940.94 | O41: =C41+D41+E41+F41 -> 4257.29 | P41: =C41+D41+E41+F41 -> 4257.29 | Q41: =C41+D41+E41+F41 -> 4257.29 | R41: =C41+D41+E41+F41 -> 4257.29
B42: -пиковая зона | C42: =$C$16 -> 11303.08 | D42: =$D$10 -> 4.81 | E42: =$E$10 -> 0.83 | F42: =F35 -> 343.8 | G42: =$G$10 -> 3205.78 | H42: =$H$10 -> 3558 | I42: =$I$10 -> 3701.84 | J42: =$J$10 -> 4683.65 | K42: =C42+D42+E42+F42+G42 -> 14858.3 | L42: =C42+D42+E42+F42+H42 -> 15210.52 | M42: =C42+D42+E42+F42+I42 -> 15354.36 | N42: =C42+D42+E42+F42+J42 -> 16336.17 | O42: =C42+D42+E42+F42 -> 11652.52 | P42: =C42+D42+E42+F42 -> 11652.52 | Q42: =C42+D42+E42+F42 -> 11652.52 | R42: =C42+D42+E42+F42 -> 11652.52
A43: 2.2. | B43: Тарифы, дифференцированные по двум зонам суток
B44: -ночная зона | C44: =$C$18 -> 1607.52 | D44: =$D$10 -> 4.81 | E44: =$E$10 -> 0.83 | F44: =F35 -> 343.8 | G44: =$G$10 -> 3205.78 | H44: =$H$10 -> 3558 | I44: =$I$10 -> 3701.84 | J44: =$J$10 -> 4683.65 | K44: =C44+D44+E44+F44+G44 -> 5162.74 | L44: =C44+D44+E44+F44+H44 -> 5514.96 | M44: =C44+D44+E44+F44+I44 -> 5658.8 | N44: =C44+D44+E44+F44+J44 -> 6640.61 | O44: =C44+D44+E44+F44 -> 1956.96 | P44: =C44+D44+E44+F44 -> 1956.96 | Q44: =C44+D44+E44+F44 -> 1956.96 | R44: =C44+D44+E44+F44 -> 1956.96
B45: -дневная зона | C45: =$C$19 -> 6086.51 | D45: =$D$10 -> 4.81 | E45: =$E$10 -> 0.83 | F45: =F35 -> 343.8 | G45: =$G$10 -> 3205.78 | H45: =$H$10 -> 3558 | I45: =$I$10 -> 3701.84 | J45: =$J$10 -> 4683.65 | K45: =C45+D45+E45+F45+G45 -> 9641.73 | L45: =C45+D45+E45+F45+H45 -> 9993.95 | M45: =C45+D45+E45+F45+I45 -> 10137.79 | N45: =C45+D45+E45+F45+J45 -> 11119.6 | O45: =C45+D45+E45+F45 -> 6435.95 | P45: =C45+D45+E45+F45 -> 6435.95 | Q45: =C45+D45+E45+F45 -> 6435.95 | R45: =C45+D45+E45+F45 -> 6435.95
A46: 2.3. | B46: Компенсация потерь РСК (объемы не превышающие значения в сводном прогнозном балансе) | C46: =$C$10 -> 3835.54 | D46: =$D$10 -> 4.81 | E46: =$E$10 -> 0.83 | F46: =F20 -> 545.06 | G46: x | H46: x | I46: x | J46: x | K46: x | L46: x | M46: x | N46: x | O46: =C46+D46+E46+F46 -> 4386.24 | P46: =C46+D46+E46+F46 -> 4386.24 | Q46: =C46+D46+E46+F46 -> 4386.24 | R46: =C46+D46+E46+F46 -> 4386.24
A47: 2.4. | B47: Компенсация потерь РСК (объемы превышающие значения в сводном прогнозном балансе) | C47: х | D47: х | E47: х | F47: х | G47: x | H47: x | I47: x | J47: x | K47: x | L47: x | M47: x | N47: x | O47: х | P47: х | Q47: х | R47: х

Sheet третья ц.к.
A1: III. Третья ценовая категория (для объемов покупки электрической энергии (мощности), в отношении которых в расчетном периоде осуществляется почасовой учет, и стоимость услуг по передаче электрической энергии определяется по цене услуг в одноставочном исчислении)
A4: 1. Ставка за электрическую энергию предельного уровня нерегулируемой цены
A5: факт | V5: без НДС
A6: Дата | B6: Час | C6: Нерегули-руемая цена на ОРЭ, определяемая КО на РСВ И БР, руб/МВт*ч | D6: Размер платы за регулируемые услуги в одноставочном выражении, руб/МВт*ч | H6: Одноставочный тариф на услуги по передаче, утвержденный Постановлением РСТ РО №790 от 06.12.2023г., руб/МВт*ч | L6: Ставка, применяемая к фактическому почасовому объему покупки электрической энергии, руб/МВт*ч
D7: Плата за иные услуги, руб/МВт*ч | E7: ='1, 2 ц.к.'!F5 -> Сбытовая надбавка ПАО "ТНС энерго Ростов-на-Дону", утв. Пост.РСТ РО №755 от 30.11.2023г., Пост.РСТ РО №834 от 19.12.2023г., руб/МВт*ч
L8: до 670 кВт | P8: 670 кВт-10 МВт | T8: свыше 10 МВт
E9: до 670 | F9: 670-10000 | G9: свыше 10МВт | H9: ВН | I9: СН1 | J9: СН11 | K9: НН | L9: ВН | M9: СН1 | N9: СН11 | O9: НН | P9: ВН | Q9: СН1 | R9: СН11 | S9: НН | T9: ВН | U9: СН1 | V9: СН11 | W9: НН
A10: 45597 | B10: 0 | C10: =ROUND([2]Лист1!F57,2) -> 1463.79 | D10: ='1, 2 ц.к.'!$D$10 -> 4.81 | E10: ='1, 2 ц.к.'!$F$9 -> 1018.54 | F10: ='1, 2 ц.к.'!$F$22 -> 343.8 | G10: ='1, 2 ц.к.'!$F$35 -> 343.8 | H10: ='1, 2 ц.к.'!G10 -> 3205.78 | I10: ='1, 2 ц.к.'!H10 -> 3558 | J10: ='1, 2 ц.к.'!I10 -> 3701.84 | K10: ='1, 2 ц.к.'!J10 -> 4683.65 | L10: =ROUND(C10+D10+E10+H10,2) -> 5692.92 | M10: =ROUND(C10+D10+E10+I10,2) -> 6045.14 | N10: =ROUND(C10+D10+E10+J10,2) -> 6188.98 | O10: =ROUND(C10+D10+E10+K10,2) -> 7170.79 | P10: =ROUND(C10+D10+F10+H10,2) -> 5018.18 | Q10: =ROUND(C10+D10+F10+I10,2) -> 5370.4 | R10: =ROUND(C10+D10+F10+J10,2) -> 5514.24 | S10: =ROUND(C10+D10+F10+K10,2) -> 6496.05 | T10: =ROUND(C10+D10+G10+H10,2) -> 5018.18 | U10: =ROUND(C10+D10+G10+I10,2) -> 5370.4 | V10: =ROUND(C10+D10+G10+J10,2) -> 5514.24 | W10: =ROUND(C10+D10+G10+K10,2) -> 6496.05
A11: 01.06.2008 | B11: 1 | C11: =ROUND([2]Лист1!F58,2) -> 1442.44 | D11: =D10 -> 4.81 | E11: =E10 -> 1018.54 | F11: =F10 -> 343.8 | G11: =G10 -> 343.8 | H11: =H10 -> 3205.78 | I11: =I10 -> 3558 | J11: =J10 -> 3701.84 | K11: =K10 -> 4683.65 | L11: =ROUND(C11+D11+E11+H11,2) -> 5671.57 | M11: =ROUND(C11+D11+E11+I11,2) -> 6023.79 | N11: =ROUND(C11+D11+E11+J11,2) -> 6167.63 | O11: =ROUND(C11+D11+E11+K11,2) -> 7149.44 | P11: =ROUND(C11+D11+F11+H11,2) -> 4996.83 | Q11: =ROUND(C11+D11+F11+I11,2) -> 5349.05 | R11: =ROUND(C11+D11+F11+J11,2) -> 5492.89 | S11: =ROUND(C11+D11+F11+K11,2) -> 6474.7 | T11: =ROUND(C11+D11+G11+H11,2) -> 4996.83 | U11: =ROUND(C11+D11+G11+I11,2) -> 5349.05 | V11: =ROUND(C11+D11+G11+J11,2) -> 5492.89 | W11: =ROUND(C11+D11+G11+K11,2) -> 6474.7
A12: 01.06.2008 | B12: 2 | C12: =ROUND([2]Лист1!F59,2) -> 1442.41 | D12: =D11 -> 4.81 | E12: =E11 -> 1018.54 | F12: =F11 -> 343.8 | G12: =G11 -> 343.8 | H12: =H11 -> 3205.78 | I12: =I11 -> 3558 | J12: =J11 -> 3701.84 | K12: =K11 -> 4683.65 | L12: =ROUND(C12+D12+E12+H12,2) -> 5671.54 | M12: =ROUND(C12+D12+E12+I12,2) -> 6023.76 | N12: =ROUND(C12+D12+E12+J12,2) -> 6167.6 | O12: =ROUND(C12+D12+E12+K12,2) -> 7149.41 | P12: =ROUND(C12+D12+F12+H12,2) -> 4996.8 | Q12: =ROUND(C12+D12+F12+I12,2) -> 5349.02 | R12: =ROUND(C12+D12+F12+J12,2) -> 5492.86 | S12: =ROUND(C12+D12+F12+K12,2) -> 6474.67 | T12: =ROUND(C12+D12+G12+H12,2) -> 4996.8 | U12: =ROUND(C12+D12+G12+I12,2) -> 5349.02 | V12: =ROUND(C12+D12+G12+J12,2) -> 5492.86 | W12: =ROUND(C12+D12+G12+K12,2) -> 6474.67
A13: 01.06.2008 | B13: 3 | C13: =ROUND([2]Лист1!F60,2) -> 1351.74 | D13: =D12 -> 4.81 | E13: =E12 -> 1018.54 | F13: =F12 -> 343.8 | G13: =G12 -> 343.8 | H13: =H12 -> 3205.78 | I13: =I12 -> 3558 | J13: =J12 -> 3701.84 | K13: =K12 -> 4683.65 | L13: =ROUND(C13+D13+E13+H13,2) -> 5580.87 | M13: =ROUND(C13+D13+E13+I13,2) -> 5933.09 | N13: =ROUND(C13+D13+E13+J13,2) -> 6076.93 | O13: =ROUND(C13+D13+E13+K13,2) -> 7058.74 | P13: =ROUND(C13+D13+F13+H13,2) -> 4906.13 | Q13: =ROUND(C13+D13+F13+I13,2) -> 5258.35 | R13: =ROUND(C13+D13+F13+J13,2) -> 5402.19 | S13: =ROUND(C13+D13+F13+K13,2) -> 6384 | T13: =ROUND(C13+D13+G13+H13,2) -> 4906.13 | U13: =ROUND(C13+D13+G13+I13,2) -> 5258.35 | V13: =ROUND(C13+D13+G13+J13,2) -> 5402.19 | W13: =ROUND(C13+D13+G13+K13,2) -> 6384
A14: 01.06.2008 | B14: 4 | C14: =ROUND([2]Лист1!F61,2) -> 1404.66 | D14: =D13 -> 4.81 | E14: =E13 -> 1018.54 | F14: =F13 -> 343.8 | G14: =G13 -> 343.8 | H14: =H13 -> 3205.78 | I14: =I13 -> 3558 | J14: =J13 -> 3701.84 | K14: =K13 -> 4683.65 | L14: =ROUND(C14+D14+E14+H14,2) -> 5633.79 | M14: =ROUND(C14+D14+E14+I14,2) -> 5986.01 | N14: =ROUND(C14+D14+E14+J14,2) -> 6129.85 | O14: =ROUND(C14+D14+E14+K14,2) -> 7111.66 | P14: =ROUND(C14+D14+F14+H14,2) -> 4959.05 | Q14: =ROUND(C14+D14+F14+I14,2) -> 5311.27 | R14: =ROUND(C14+D14+F14+J14,2) -> 5455.11 | S14: =ROUND(C14+D14+F14+K14,2) -> 6436.92 | T14: =ROUND(C14+D14+G14+H14,2) -> 4959.05 | U14: =ROUND(C14+D14+G14+I14,2) -> 5311.27 | V14: =ROUND(C14+D14+G14+J14,2) -> 5455.11 | W14: =ROUND(C14+D14+G14+K14,2) -> 6436.92
A15: 01.06.2008 | B15: 5 | C15: =ROUND([2]Лист1!F62,2) -> 1752.31 | D15: =D14 -> 4.81 | E15: =E14 -> 1018.54 | F15: =F14 -> 343.8 | G15: =G14 -> 343.8 | H15: =H14 -> 3205.78 | I15: =I14 -> 3558 | J15: =J14 -> 3701.84 | K15: =K14 -> 4683.65 | L15: =ROUND(C15+D15+E15+H15,2) -> 5981.44 | M15: =ROUND(C15+D15+E15+I15,2) -> 6333.66 | N15: =ROUND(C15+D15+E15+J15,2) -> 6477.5 | O15: =ROUND(C15+D15+E15+K15,2) -> 7459.31 | P15: =ROUND(C15+D15+F15+H15,2) -> 5306.7 | Q15: =ROUND(C15+D15+F15+I15,2) -> 5658.92 | R15: =ROUND(C15+D15+F15+J15,2) -> 5802.76 | S15: =ROUND(C15+D15+F15+K15,2) -> 6784.57 | T15: =ROUND(C15+D15+G15+H15,2) -> 5306.7 | U15: =ROUND(C15+D15+G15+I15,2) -> 5658.92 | V15: =ROUND(C15+D15+G15+J15,2) -> 5802.76 | W15: =ROUND(C15+D15+G15+K15,2) -> 6784.57
A16: 01.06.2008 | B16: 6 | C16: =ROUND([2]Лист1!F63,2) -> 1819.69 | D16: =D15 -> 4.81 | E16: =E15 -> 1018.54 | F16: =F15 -> 343.8 | G16: =G15 -> 343.8 | H16: =H15 -> 3205.78 | I16: =I15 -> 3558 | J16: =J15 -> 3701.84 | K16: =K15 -> 4683.65 | L16: =ROUND(C16+D16+E16+H16,2) -> 6048.82 | M16: =ROUND(C16+D16+E16+I16,2) -> 6401.04 | N16: =ROUND(C16+D16+E16+J16,2) -> 6544.88 | O16: =ROUND(C16+D16+E16+K16,2) -> 7526.69 | P16: =ROUND(C16+D16+F16+H16,2) -> 5374.08 | Q16: =ROUND(C16+D16+F16+I16,2) -> 5726.3 | R16: =ROUND(C16+D16+F16+J16,2) -> 5870.14 | S16: =ROUND(C16+D16+F16+K16,2) -> 6851.95 | T16: =ROUND(C16+D16+G16+H16,2) -> 5374.08 | U16: =ROUND(C16+D16+G16+I16,2) -> 5726.3 | V16: =ROUND(C16+D16+G16+J16,2) -> 5870.14 | W16: =ROUND(C16+D16+G16+K16,2) -> 6851.95
A17: 01.06.2008 | B17: 7 | C17: =ROUND([2]Лист1!F64,2) -> 2162.97 | D17: =D16 -> 4.81 | E17: =E16 -> 1018.54 | F17: =F16 -> 343.8 | G17: =G16 -> 343.8 | H17: =H16 -> 3205.78 | I17: =I16 -> 3558 | J17: =J16 -> 3701.84 | K17: =K16 -> 4683.65 | L17: =ROUND(C17+D17+E17+H17,2) -> 6392.1 | M17: =ROUND(C17+D17+E17+I17,2) -> 6744.32 | N17: =ROUND(C17+D17+E17+J17,2) -> 6888.16 | O17: =ROUND(C17+D17+E17+K17,2) -> 7869.97 | P17: =ROUND(C17+D17+F17+H17,2) -> 5717.36 | Q17: =ROUND(C17+D17+F17+I17,2) -> 6069.58 | R17: =ROUND(C17+D17+F17+J17,2) -> 6213.42 | S17: =ROUND(C17+D17+F17+K17,2) -> 7195.23 | T17: =ROUND(C17+D17+G17+H17,2) -> 5717.36 | U17: =ROUND(C17+D17+G17+I17,2) -> 6069.58 | V17: =ROUND(C17+D17+G17+J17,2) -> 6213.42 | W17: =ROUND(C17+D17+G17+K17,2) -> 7195.23
A18: 01.06.2008 | B18: 8 | C18: =ROUND([2]Лист1!F65,2) -> 2386.16 | D18: =D17 -> 4.81 | E18: =E17 -> 1018.54 | F18: =F17 -> 343.8 | G18: =G17 -> 343.8 | H18: =H17 -> 3205.78 | I18: =I17 -> 3558 | J18: =J17 -> 3701.84 | K18: =K17 -> 4683.65 | L18: =ROUND(C18+D18+E18+H18,2) -> 6615.29 | M18: =ROUND(C18+D18+E18+I18,2) -> 6967.51 | N18: =ROUND(C18+D18+E18+J18,2) -> 7111.35 | O18: =ROUND(C18+D18+E18+K18,2) -> 8093.16 | P18: =ROUND(C18+D18+F18+H18,2) -> 5940.55 | Q18: =ROUND(C18+D18+F18+I18,2) -> 6292.77 | R18: =ROUND(C18+D18+F18+J18,2) -> 6436.61 | S18: =ROUND(C18+D18+F18+K18,2) -> 7418.42 | T18: =ROUND(C18+D18+G18+H18,2) -> 5940.55 | U18: =ROUND(C18+D18+G18+I18,2) -> 6292.77 | V18: =ROUND(C18+D18+G18+J18,2) -> 6436.61 | W18: =ROUND(C18+D18+G18+K18,2) -> 7418.42
A19: 01.06.2008 | B19: 9 | C19: =ROUND([2]Лист1!F66,2) -> 2414.78 | D19: =D18 -> 4.81 | E19: =E18 -> 1018.54 | F19: =F18 -> 343.8 | G19: =G18 -> 343.8 | H19: =H18 -> 3205.78 | I19: =I18 -> 3558 | J19: =J18 -> 3701.84 | K19: =K18 -> 4683.65 | L19: =ROUND(C19+D19+E19+H19,2) -> 6643.91 | M19: =ROUND(C19+D19+E19+I19,2) -> 6996.13 | N19: =ROUND(C19+D19+E19+J19,2) -> 7139.97 | O19: =ROUND(C19+D19+E19+K19,2) -> 8121.78 | P19: =ROUND(C19+D19+F19+H19,2) -> 5969.17 | Q19: =ROUND(C19+D19+F19+I19,2) -> 6321.39 | R19: =ROUND(C19+D19+F19+J19,2) -> 6465.23 | S19: =ROUND(C19+D19+F19+K19,2) -> 7447.04 | T19: =ROUND(C19+D19+G19+H19,2) -> 5969.17 | U19: =ROUND(C19+D19+G19+I19,2) -> 6321.39 | V19: =ROUND(C19+D19+G19+J19,2) -> 6465.23 | W19: =ROUND(C19+D19+G19+K19,2) -> 7447.04
A20: 01.06.2008 | B20: 10 | C20: =ROUND([2]Лист1!F67,2) -> 2388.04 | D20: =D19 -> 4.81 | E20: =E19 -> 1018.54 | F20: =F19 -> 343.8 | G20: =G19 -> 343.8 | H20: =H19 -> 3205.78 | I20: =I19 -> 3558 | J20: =J19 -> 3701.84 | K20: =K19 -> 4683.65 | L20: =ROUND(C20+D20+E20+H20,2) -> 6617.17 | M20: =ROUND(C20+D20+E20+I20,2) -> 6969.39 | N20: =ROUND(C20+D20+E20+J20,2) -> 7113.23 | O20: =ROUND(C20+D20+E20+K20,2) -> 8095.04 | P20: =ROUND(C20+D20+F20+H20,2) -> 5942.43 | Q20: =ROUND(C20+D20+F20+I20,2) -> 6294.65 | R20: =ROUND(C20+D20+F20+J20,2) -> 6438.49 | S20: =ROUND(C20+D20+F20+K20,2) -> 7420.3 | T20: =ROUND(C20+D20+G20+H20,2) -> 5942.43 | U20: =ROUND(C20+D20+G20+I20,2) -> 6294.65 | V20: =ROUND(C20+D20+G20+J20,2) -> 6438.49 | W20: =ROUND(C20+D20+G20+K20,2) -> 7420.3
A21: 01.06.2008 | B21: 11 | C21: =ROUND([2]Лист1!F68,2) -> 2332.67 | D21: =D20 -> 4.81 | E21: =E20 -> 1018.54 | F21: =F20 -> 343.8 | G21: =G20 -> 343.8 | H21: =H20 -> 3205.78 | I21: =I20 -> 3558 | J21: =J20 -> 3701.84 | K21: =K20 -> 4683.65 | L21: =ROUND(C21+D21+E21+H21,2) -> 6561.8 | M21: =ROUND(C21+D21+E21+I21,2) -> 6914.02 | N21: =ROUND(C21+D21+E21+J21,2) -> 7057.86 | O21: =ROUND(C21+D21+E21+K21,2) -> 8039.67 | P21: =ROUND(C21+D21+F21+H21,2) -> 5887.06 | Q21: =ROUND(C21+D21+F21+I21,2) -> 6239.28 | R21: =ROUND(C21+D21+F21+J21,2) -> 6383.12 | S21: =ROUND(C21+D21+F21+K21,2) -> 7364.93 | T21: =ROUND(C21+D21+G21+H21,2) -> 5887.06 | U21: =ROUND(C21+D21+G21+I21,2) -> 6239.28 | V21: =ROUND(C21+D21+G21+J21,2) -> 6383.12 | W21: =ROUND(C21+D21+G21+K21,2) -> 7364.93
A22: 01.06.2008 | B22: 12 | C22: =ROUND([2]Лист1!F69,2) -> 2313.23 | D22: =D21 -> 4.81 | E22: =E21 -> 1018.54 | F22: =F21 -> 343.8 | G22: =G21 -> 343.8 | H22: =H21 -> 3205.78 | I22: =I21 -> 3558 | J22: =J21 -> 3701.84 | K22: =K21 -> 4683.65 | L22: =ROUND(C22+D22+E22+H22,2) -> 6542.36 | M22: =ROUND(C22+D22+E22+I22,2) -> 6894.58 | N22: =ROUND(C22+D22+E22+J22,2) -> 7038.42 | O22: =ROUND(C22+D22+E22+K22,2) -> 8020.23 | P22: =ROUND(C22+D22+F22+H22,2) -> 5867.62 | Q22: =ROUND(C22+D22+F22+I22,2) -> 6219.84 | R22: =ROUND(C22+D22+F22+J22,2) -> 6363.68 | S22: =ROUND(C22+D22+F22+K22,2) -> 7345.49 | T22: =ROUND(C22+D22+G22+H22,2) -> 5867.62 | U22: =ROUND(C22+D22+G22+I22,2) -> 6219.84 | V22: =ROUND(C22+D22+G22+J22,2) -> 6363.68 | W22: =ROUND(C22+D22+G22+K22,2) -> 7345.49
... A33: 01.06.2008 | B33: 23 | C33: =ROUND([2]Лист1!F80,2) -> 1557.9 | D33: =D32 -> 4.81 | E33: =E32 -> 1018.54 | F33: =F32 -> 343.8 | G33: =G32 -> 343.8 | H33: =H32 -> 3205.78 | I33: =I32 -> 3558 | J33: =J32 -> 3701.84 | K33: =K32 -> 4683.65 | L33: =ROUND(C33+D33+E33+H33,2) -> 5787.03 | M33: =ROUND(C33+D33+E33+I33,2) -> 6139.25 | N33: =ROUND(C33+D33+E33+J33,2) -> 6283.09 | O33: =ROUND(C33+D33+E33+K33,2) -> 7264.9 | P33: =ROUND(C33+D33+F33+H33,2) -> 5112.29 | Q33: =ROUND(C33+D33+F33+I33,2) -> 5464.51 | R33: =ROUND(C33+D33+F33+J33,2) -> 5608.35 | S33: =ROUND(C33+D33+F33+K33,2) -> 6590.16 | T33: =ROUND(C33+D33+G33+H33,2) -> 5112.29 | U33: =ROUND(C33+D33+G33+I33,2) -> 5464.51 | V33: =ROUND(C33+D33+G33+J33,2) -> 5608.35 | W33: =ROUND(C33+D33+G33+K33,2) -> 6590.16
A34: 45598 | B34: 0 | C34: =ROUND([2]Лист1!F81,2) -> 1267.68 | D34: =D33 -> 4.81 | E34: =E33 -> 1018.54 | F34: =F33 -> 343.8 | G34: =G33 -> 343.8 | H34: =H33 -> 3205.78 | I34: =I33 -> 3558 | J34: =J33 -> 3701.84 | K34: =K33 -> 4683.65 | L34: =ROUND(C34+D34+E34+H34,2) -> 5496.81 | M34: =ROUND(C34+D34+E34+I34,2) -> 5849.03 | N34: =ROUND(C34+D34+E34+J34,2) -> 5992.87 | O34: =ROUND(C34+D34+E34+K34,2) -> 6974.68 | P34: =ROUND(C34+D34+F34+H34,2) -> 4822.07 | Q34: =ROUND(C34+D34+F34+I34,2) -> 5174.29 | R34: =ROUND(C34+D34+F34+J34,2) -> 5318.13 | S34: =ROUND(C34+D34+F34+K34,2) -> 6299.94 | T34: =ROUND(C34+D34+G34+H34,2) -> 4822.07 | U34: =ROUND(C34+D34+G34+I34,2) -> 5174.29 | V34: =ROUND(C34+D34+G34+J34,2) -> 5318.13 | W34: =ROUND(C34+D34+G34+K34,2) -> 6299.94
A35: 01.06.2008 | B35: 1 | C35: =ROUND([2]Лист1!F82,2) -> 1185.71 | D35: =D34 -> 4.81 | E35: =E34 -> 1018.54 | F35: =F34 -> 343.8 | G35: =G34 -> 343.8 | H35: =H34 -> 3205.78 | I35: =I34 -> 3558 | J35: =J34 -> 3701.84 | K35: =K34 -> 4683.65 | L35: =ROUND(C35+D35+E35+H35,2) -> 5414.84 | M35: =ROUND(C35+D35+E35+I35,2) -> 5767.06 | N35: =ROUND(C35+D35+E35+J35,2) -> 5910.9 | O35: =ROUND(C35+D35+E35+K35,2) -> 6892.71 | P35: =ROUND(C35+D35+F35+H35,2) -> 4740.1 | Q35: =ROUND(C35+D35+F35+I35,2) -> 5092.32 | R35: =ROUND(C35+D35+F35+J35,2) -> 5236.16 | S35: =ROUND(C35+D35+F35+K35,2) -> 6217.97 | T35: =ROUND(C35+D35+G35+H35,2) -> 4740.1 | U35: =ROUND(C35+D35+G35+I35,2) -> 5092.32 | V35: =ROUND(C35+D35+G35+J35,2) -> 5236.16 | W35: =ROUND(C35+D35+G35+K35,2) -> 6217.97
A36: 01.06.2008 | B36: 2 | C36: =ROUND([2]Лист1!F83,2) -> 1137.43 | D36: =D35 -> 4.81 | E36: =E35 -> 1018.54 | F36: =F35 -> 343.8 | G36: =G35 -> 343.8 | H36: =H35 -> 3205.78 | I36: =I35 -> 3558 | J36: =J35 -> 3701.84 | K36: =K35 -> 4683.65 | L36: =ROUND(C36+D36+E36+H36,2) -> 5366.56 | M36: =ROUND(C36+D36+E36+I36,2) -> 5718.78 | N36: =ROUND(C36+D36+E36+J36,2) -> 5862.62 | O36: =ROUND(C36+D36+E36+K36,2) -> 6844.43 | P36: =ROUND(C36+D36+F36+H36,2) -> 4691.82 | Q36: =ROUND(C36+D36+F36+I36,2) -> 5044.04 | R36: =ROUND(C36+D36+F36+J36,2) -> 5187.88 | S36: =ROUND(C36+D36+F36+K36,2) -> 6169.69 | T36: =ROUND(C36+D36+G36+H36,2) -> 4691.82 | U36: =ROUND(C36+D36+G36+I36,2) -> 5044.04 | V36: =ROUND(C36+D36+G36+J36,2) -> 5187.88 | W36: =ROUND(C36+D36+G36+K36,2) -> 6169.69
A37: 01.06.2008 | B37: 3 | C37: =ROUND([2]Лист1!F84,2) -> 1096.54 | D37: =D36 -> 4.81 | E37: =E36 -> 1018.54 | F37: =F36 -> 343.8 | G37: =G36 -> 343.8 | H37: =H36 -> 3205.78 | I37: =I36 -> 3558 | J37: =J36 -> 3701.84 | K37: =K36 -> 4683.65 | L37: =ROUND(C37+D37+E37+H37,2) -> 5325.67 | M37: =ROUND(C37+D37+E37+I37,2) -> 5677.89 | N37: =ROUND(C37+D37+E37+J37,2) -> 5821.73 | O37: =ROUND(C37+D37+E37+K37,2) -> 6803.54 | P37: =ROUND(C37+D37+F37+H37,2) -> 4650.93 | Q37: =ROUND(C37+D37+F37+I37,2) -> 5003.15 | R37: =ROUND(C37+D37+F37+J37,2) -> 5146.99 | S37: =ROUND(C37+D37+F37+K37,2) -> 6128.8 | T37: =ROUND(C37+D37+G37+H37,2) -> 4650.93 | U37: =ROUND(C37+D37+G37+I37,2) -> 5003.15 | V37: =ROUND(C37+D37+G37+J37,2) -> 5146.99 | W37: =ROUND(C37+D37+G37+K37,2) -> 6128.8
A38: 01.06.2008 | B38: 4 | C38: =ROUND([2]Лист1!F85,2) -> 1122.85 | D38: =D37 -> 4.81 | E38: =E37 -> 1018.54 | F38: =F37 -> 343.8 | G38: =G37 -> 343.8 | H38: =H37 -> 3205.78 | I38: =I37 -> 3558 | J38: =J37 -> 3701.84 | K38: =K37 -> 4683.65 | L38: =ROUND(C38+D38+E38+H38,2) -> 5351.98 | M38: =ROUND(C38+D38+E38+I38,2) -> 5704.2 | N38: =ROUND(C38+D38+E38+J38,2) -> 5848.04 | O38: =ROUND(C38+D38+E38+K38,2) -> 6829.85 | P38: =ROUND(C38+D38+F38+H38,2) -> 4677.24 | Q38: =ROUND(C38+D38+F38+I38,2) -> 5029.46 | R38: =ROUND(C38+D38+F38+J38,2) -> 5173.3 | S38: =ROUND(C38+D38+F38+K38,2) -> 6155.11 | T38: =ROUND(C38+D38+G38+H38,2) -> 4677.24 | U38: =ROUND(C38+D38+G38+I38,2) -> 5029.46 | V38: =ROUND(C38+D38+G38+J38,2) -> 5173.3 | W38: =ROUND(C38+D38+G38+K38,2) -> 6155.11
A39: 01.06.2008 | B39: 5 | C39: =ROUND([2]Лист1!F86,2) -> 1304.09 | D39: =D38 -> 4.81 | E39: =E38 -> 1018.54 | F39: =F38 -> 343.8 | G39: =G38 -> 343.8 | H39: =H38 -> 3205.78 | I39: =I38 -> 3558 | J39: =J38 -> 3701.84 | K39: =K38 -> 4683.65 | L39: =ROUND(C39+D39+E39+H39,2) -> 5533.22 | M39: =ROUND(C39+D39+E39+I39,2) -> 5885.44 | N39: =ROUND(C39+D39+E39+J39,2) -> 6029.28 | O39: =ROUND(C39+D39+E39+K39,2) -> 7011.09 | P39: =ROUND(C39+D39+F39+H39,2) -> 4858.48 | Q39: =ROUND(C39+D39+F39+I39,2) -> 5210.7 | R39: =ROUND(C39+D39+F39+J39,2) -> 5354.54 | S39: =ROUND(C39+D39+F39+K39,2) -> 6336.35 | T39: =ROUND(C39+D39+G39+H39,2) -> 4858.48 | U39: =ROUND(C39+D39+G39+I39,2) -> 5210.7 | V39: =ROUND(C39+D39+G39+J39,2) -> 5354.54 | W39: =ROUND(C39+D39+G39+K39,2) -> 6336.35
A40: 01.06.2008 | B40: 6 | C40: =ROUND([2]Лист1!F87,2) -> 1466.25 | D40: =D39 -> 4.81 | E40: =E39 -> 1018.54 | F40: =F39 -> 343.8 | G40: =G39 -> 343.8 | H40: =H39 -> 3205.78 | I40: =I39 -> 3558 | J40: =J39 -> 3701.84 | K40: =K39 -> 4683.65 | L40: =ROUND(C40+D40+E40+H40,2) -> 5695.38 | M40: =ROUND(C40+D40+E40+I40,2) -> 6047.6 | N40: =ROUND(C40+D40+E40+J40,2) -> 6191.44 | O40: =ROUND(C40+D40+E40+K40,2) -> 7173.25 | P40: =ROUND(C40+D40+F40+H40,2) -> 5020.64 | Q40: =ROUND(C40+D40+F40+I40,2) -> 5372.86 | R40: =ROUND(C40+D40+F40+J40,2) -> 5516.7 | S40: =ROUND(C40+D40+F40+K40,2) -> 6498.51 | T40: =ROUND(C40+D40+G40+H40,2) -> 5020.64 | U40: =ROUND(C40+D40+G40+I40,2) -> 5372.86 | V40: =ROUND(C40+D40+G40+J40,2) -> 5516.7 | W40: =ROUND(C40+D40+G40+K40,2) -> 6498.51
A41: 01.06.2008 | B41: 7 | C41: =ROUND([2]Лист1!F88,2) -> 1738.65 | D41: =D40 -> 4.81 | E41: =E40 -> 1018.54 | F41: =F40 -> 343.8 | G41: =G40 -> 343.8 | H41: =H40 -> 3205.78 | I41: =I40 -> 3558 | J41: =J40 -> 3701.84 | K41: =K40 -> 4683.65 | L41: =ROUND(C41+D41+E41+H41,2) -> 5967.78 | M41: =ROUND(C41+D41+E41+I41,2) -> 6320 | N41: =ROUND(C41+D41+E41+J41,2) -> 6463.84 | O41: =ROUND(C41+D41+E41+K41,2) -> 7445.65 | P41: =ROUND(C41+D41+F41+H41,2) -> 5293.04 | Q41: =ROUND(C41+D41+F41+I41,2) -> 5645.26 | R41: =ROUND(C41+D41+F41+J41,2) -> 5789.1 | S41: =ROUND(C41+D41+F41+K41,2) -> 6770.91 | T41: =ROUND(C41+D41+G41+H41,2) -> 5293.04 | U41: =ROUND(C41+D41+G41+I41,2) -> 5645.26 | V41: =ROUND(C41+D41+G41+J41,2) -> 5789.1 | W41: =ROUND(C41+D41+G41+K41,2) -> 6770.91
A42: 01.06.2008 | B42: 8 | C42: =ROUND([2]Лист1!F89,2) -> 2012.35 | D42: =D41 -> 4.81 | E42: =E41 -> 1018.54 | F42: =F41 -> 343.8 | G42: =G41 -> 343.8 | H42: =H41 -> 3205.78 | I42: =I41 -> 3558 | J42: =J41 -> 3701.84 | K42: =K41 -> 4683.65 | L42: =ROUND(C42+D42+E42+H42,2) -> 6241.48 | M42: =ROUND(C42+D42+E42+I42,2) -> 6593.7 | N42: =ROUND(C42+D42+E42+J42,2) -> 6737.54 | O42: =ROUND(C42+D42+E42+K42,2) -> 7719.35 | P42: =ROUND(C42+D42+F42+H42,2) -> 5566.74 | Q42: =ROUND(C42+D42+F42+I42,2) -> 5918.96 | R42: =ROUND(C42+D42+F42+J42,2) -> 6062.8 | S42: =ROUND(C42+D42+F42+K42,2) -> 7044.61 | T42: =ROUND(C42+D42+G42+H42,2) -> 5566.74 | U42: =ROUND(C42+D42+G42+I42,2) -> 5918.96 | V42: =ROUND(C42+D42+G42+J42,2) -> 6062.8 | W42: =ROUND(C42+D42+G42+K42,2) -> 7044.61
A43: 01.06.2008 | B43: 9 | C43: =ROUND([2]Лист1!F90,2) -> 2072.69 | D43: =D42 -> 4.81 | E43: =E42 -> 1018.54 | F43: =F42 -> 343.8 | G43: =G42 -> 343.8 | H43: =H42 -> 3205.78 | I43: =I42 -> 3558 | J43: =J42 -> 3701.84 | K43: =K42 -> 4683.65 | L43: =ROUND(C43+D43+E43+H43,2) -> 6301.82 | M43: =ROUND(C43+D43+E43+I43,2) -> 6654.04 | N43: =ROUND(C43+D43+E43+J43,2) -> 6797.88 | O43: =ROUND(C43+D43+E43+K43,2) -> 7779.69 | P43: =ROUND(C43+D43+F43+H43,2) -> 5627.08 | Q43: =ROUND(C43+D43+F43+I43,2) -> 5979.3 | R43: =ROUND(C43+D43+F43+J43,2) -> 6123.14 | S43: =ROUND(C43+D43+F43+K43,2) -> 7104.95 | T43: =ROUND(C43+D43+G43+H43,2) -> 5627.08 | U43: =ROUND(C43+D43+G43+I43,2) -> 5979.3 | V43: =ROUND(C43+D43+G43+J43,2) -> 6123.14 | W43: =ROUND(C43+D43+G43+K43,2) -> 7104.95
A44: 01.06.2008 | B44: 10 | C44: =ROUND([2]Лист1!F91,2) -> 2076.85 | D44: =D43 -> 4.81 | E44: =E43 -> 1018.54 | F44: =F43 -> 343.8 | G44: =G43 -> 343.8 | H44: =H43 -> 3205.78 | I44: =I43 -> 3558 | J44: =J43 -> 3701.84 | K44: =K43 -> 4683.65 | L44: =ROUND(C44+D44+E44+H44,2) -> 6305.98 | M44: =ROUND(C44+D44+E44+I44,2) -> 6658.2 | N44: =ROUND(C44+D44+E44+J44,2) -> 6802.04 | O44: =ROUND(C44+D44+E44+K44,2) -> 7783.85 | P44: =ROUND(C44+D44+F44+H44,2) -> 5631.24 | Q44: =ROUND(C44+D44+F44+I44,2) -> 5983.46 | R44: =ROUND(C44+D44+F44+J44,2) -> 6127.3 | S44: =ROUND(C44+D44+F44+K44,2) -> 7109.11 | T44: =ROUND(C44+D44+G44+H44,2) -> 5631.24 | U44: =ROUND(C44+D44+G44+I44,2) -> 5983.46 | V44: =ROUND(C44+D44+G44+J44,2) -> 6127.3 | W44: =ROUND(C44+D44+G44+K44,2) -> 7109.11
A45: 01.06.2008 | B45: 11 | C45: =ROUND([2]Лист1!F92,2) -> 2070.02 | D45: =D44 -> 4.81 | E45: =E44 -> 1018.54 | F45: =F44 -> 343.8 | G45: =G44 -> 343.8 | H45: =H44 -> 3205.78 | I45: =I44 -> 3558 | J45: =J44 -> 3701.84 | K45: =K44 -> 4683.65 | L45: =ROUND(C45+D45+E45+H45,2) -> 6299.15 | M45: =ROUND(C45+D45+E45+I45,2) -> 6651.37 | N45: =ROUND(C45+D45+E45+J45,2) -> 6795.21 | O45: =ROUND(C45+D45+E45+K45,2) -> 7777.02 | P45: =ROUND(C45+D45+F45+H45,2) -> 5624.41 | Q45: =ROUND(C45+D45+F45+I45,2) -> 5976.63 | R45: =ROUND(C45+D45+F45+J45,2) -> 6120.47 | S45: =ROUND(C45+D45+F45+K45,2) -> 7102.28 | T45: =ROUND(C45+D45+G45+H45,2) -> 5624.41 | U45: =ROUND(C45+D45+G45+I45,2) -> 5976.63 | V45: =ROUND(C45+D45+G45+J45,2) -> 6120.47 | W45: =ROUND(C45+D45+G45+K45,2) -> 7102.28
A46: 01.06.2008 | B46: 12 | C46: =ROUND([2]Лист1!F93,2) -> 2063.01 | D46: =D45 -> 4.81 | E46: =E45 -> 1018.54 | F46: =F45 -> 343.8 | G46: =G45 -> 343.8 | H46: =H45 -> 3205.78 | I46: =I45 -> 3558 | J46: =J45 -> 3701.84 | K46: =K45 -> 4683.65 | L46: =ROUND(C46+D46+E46+H46,2) -> 6292.14 | M46: =ROUND(C46+D46+E46+I46,2) -> 6644.36 | N46: =ROUND(C46+D46+E46+J46,2) -> 6788.2 | O46: =ROUND(C46+D46+E46+K46,2) -> 7770.01 | P46: =ROUND(C46+D46+F46+H46,2) -> 5617.4 | Q46: =ROUND(C46+D46+F46+I46,2) -> 5969.62 | R46: =ROUND(C46+D46+F46+J46,2) -> 6113.46 | S46: =ROUND(C46+D46+F46+K46,2) -> 7095.27 | T46: =ROUND(C46+D46+G46+H46,2) -> 5617.4 | U46: =ROUND(C46+D46+G46+I46,2) -> 5969.62 | V46: =ROUND(C46+D46+G46+J46,2) -> 6113.46 | W46: =ROUND(C46+D46+G46+K46,2) -> 7095.27
... A57: 01.06.2008 | B57: 23 | C57: =ROUND([2]Лист1!F104,2) -> 1576.39 | D57: =D56 -> 4.81 | E57: =E56 -> 1018.54 | F57: =F56 -> 343.8 | G57: =G56 -> 343.8 | H57: =H56 -> 3205.78 | I57: =I56 -> 3558 | J57: =J56 -> 3701.84 | K57: =K56 -> 4683.65 | L57: =ROUND(C57+D57+E57+H57,2) -> 5805.52 | M57: =ROUND(C57+D57+E57+I57,2) -> 6157.74 | N57: =ROUND(C57+D57+E57+J57,2) -> 6301.58 | O57: =ROUND(C57+D57+E57+K57,2) -> 7283.39 | P57: =ROUND(C57+D57+F57+H57,2) -> 5130.78 | Q57: =ROUND(C57+D57+F57+I57,2) -> 5483 | R57: =ROUND(C57+D57+F57+J57,2) -> 5626.84 | S57: =ROUND(C57+D57+F57+K57,2) -> 6608.65 | T57: =ROUND(C57+D57+G57+H57,2) -> 5130.78 | U57: =ROUND(C57+D57+G57+I57,2) -> 5483 | V57: =ROUND(C57+D57+G57+J57,2) -> 5626.84 | W57: =ROUND(C57+D57+G57+K57,2) -> 6608.65
A58: 45599 | B58: 0 | C58: =ROUND([2]Лист1!F105,2) -> 1496.57 | D58: =D57 -> 4.81 | E58: =E57 -> 1018.54 | F58: =F57 -> 343.8 | G58: =G57 -> 343.8 | H58: =H57 -> 3205.78 | I58: =I57 -> 3558 | J58: =J57 -> 3701.84 | K58: =K57 -> 4683.65 | L58: =ROUND(C58+D58+E58+H58,2) -> 5725.7 | M58: =ROUND(C58+D58+E58+I58,2) -> 6077.92 | N58: =ROUND(C58+D58+E58+J58,2) -> 6221.76 | O58: =ROUND(C58+D58+E58+K58,2) -> 7203.57 | P58: =ROUND(C58+D58+F58+H58,2) -> 5050.96 | Q58: =ROUND(C58+D58+F58+I58,2) -> 5403.18 | R58: =ROUND(C58+D58+F58+J58,2) -> 5547.02 | S58: =ROUND(C58+D58+F58+K58,2) -> 6528.83 | T58: =ROUND(C58+D58+G58+H58,2) -> 5050.96 | U58: =ROUND(C58+D58+G58+I58,2) -> 5403.18 | V58: =ROUND(C58+D58+G58+J58,2) -> 5547.02 | W58: =ROUND(C58+D58+G58+K58,2) -> 6528.83
A59: 01.06.2008 | B59: 1 | C59: =ROUND([2]Лист1!F106,2) -> 1399.37 | D59: =D58 -> 4.81 | E59: =E58 -> 1018.54 | F59: =F58 -> 343.8 | G59: =G58 -> 343.8 | H59: =H58 -> 3205.78 | I59: =I58 -> 3558 | J59: =J58 -> 3701.84 | K59: =K58 -> 4683.65 | L59: =ROUND(C59+D59+E59+H59,2) -> 5628.5 | M59: =ROUND(C59+D59+E59+I59,2) -> 5980.72 | N59: =ROUND(C59+D59+E59+J59,2) -> 6124.56 | O59: =ROUND(C59+D59+E59+K59,2) -> 7106.37 | P59: =ROUND(C59+D59+F59+H59,2) -> 4953.76 | Q59: =ROUND(C59+D59+F59+I59,2) -> 5305.98 | R59: =ROUND(C59+D59+F59+J59,2) -> 5449.82 | S59: =ROUND(C59+D59+F59+K59,2) -> 6431.63 | T59: =ROUND(C59+D59+G59+H59,2) -> 4953.76 | U59: =ROUND(C59+D59+G59+I59,2) -> 5305.98 | V59: =ROUND(C59+D59+G59+J59,2) -> 5449.82 | W59: =ROUND(C59+D59+G59+K59,2) -> 6431.63
A60: 01.06.2008 | B60: 2 | C60: =ROUND([2]Лист1!F107,2) -> 1403.84 | D60: =D59 -> 4.81 | E60: =E59 -> 1018.54 | F60: =F59 -> 343.8 | G60: =G59 -> 343.8 | H60: =H59 -> 3205.78 | I60: =I59 -> 3558 | J60: =J59 -> 3701.84 | K60: =K59 -> 4683.65 | L60: =ROUND(C60+D60+E60+H60,2) -> 5632.97 | M60: =ROUND(C60+D60+E60+I60,2) -> 5985.19 | N60: =ROUND(C60+D60+E60+J60,2) -> 6129.03 | O60: =ROUND(C60+D60+E60+K60,2) -> 7110.84 | P60: =ROUND(C60+D60+F60+H60,2) -> 4958.23 | Q60: =ROUND(C60+D60+F60+I60,2) -> 5310.45 | R60: =ROUND(C60+D60+F60+J60,2) -> 5454.29 | S60: =ROUND(C60+D60+F60+K60,2) -> 6436.1 | T60: =ROUND(C60+D60+G60+H60,2) -> 4958.23 | U60: =ROUND(C60+D60+G60+I60,2) -> 5310.45 | V60: =ROUND(C60+D60+G60+J60,2) -> 5454.29 | W60: =ROUND(C60+D60+G60+K60,2) -> 6436.1
A61: 01.06.2008 | B61: 3 | C61: =ROUND([2]Лист1!F108,2) -> 1328.13 | D61: =D60 -> 4.81 | E61: =E60 -> 1018.54 | F61: =F60 -> 343.8 | G61: =G60 -> 343.8 | H61: =H60 -> 3205.78 | I61: =I60 -> 3558 | J61: =J60 -> 3701.84 | K61: =K60 -> 4683.65 | L61: =ROUND(C61+D61+E61+H61,2) -> 5557.26 | M61: =ROUND(C61+D61+E61+I61,2) -> 5909.48 | N61: =ROUND(C61+D61+E61+J61,2) -> 6053.32 | O61: =ROUND(C61+D61+E61+K61,2) -> 7035.13 | P61: =ROUND(C61+D61+F61+H61,2) -> 4882.52 | Q61: =ROUND(C61+D61+F61+I61,2) -> 5234.74 | R61: =ROUND(C61+D61+F61+J61,2) -> 5378.58 | S61: =ROUND(C61+D61+F61+K61,2) -> 6360.39 | T61: =ROUND(C61+D61+G61+H61,2) -> 4882.52 | U61: =ROUND(C61+D61+G61+I61,2) -> 5234.74 | V61: =ROUND(C61+D61+G61+J61,2) -> 5378.58 | W61: =ROUND(C61+D61+G61+K61,2) -> 6360.39
A62: 01.06.2008 | B62: 4 | C62: =ROUND([2]Лист1!F109,2) -> 1397.44 | D62: =D61 -> 4.81 | E62: =E61 -> 1018.54 | F62: =F61 -> 343.8 | G62: =G61 -> 343.8 | H62: =H61 -> 3205.78 | I62: =I61 -> 3558 | J62: =J61 -> 3701.84 | K62: =K61 -> 4683.65 | L62: =ROUND(C62+D62+E62+H62,2) -> 5626.57 | M62: =ROUND(C62+D62+E62+I62,2) -> 5978.79 | N62: =ROUND(C62+D62+E62+J62,2) -> 6122.63 | O62: =ROUND(C62+D62+E62+K62,2) -> 7104.44 | P62: =ROUND(C62+D62+F62+H62,2) -> 4951.83 | Q62: =ROUND(C62+D62+F62+I62,2) -> 5304.05 | R62: =ROUND(C62+D62+F62+J62,2) -> 5447.89 | S62: =ROUND(C62+D62+F62+K62,2) -> 6429.7 | T62: =ROUND(C62+D62+G62+H62,2) -> 4951.83 | U62: =ROUND(C62+D62+G62+I62,2) -> 5304.05 | V62: =ROUND(C62+D62+G62+J62,2) -> 5447.89 | W62: =ROUND(C62+D62+G62+K62,2) -> 6429.7
A63: 01.06.2008 | B63: 5 | C63: =ROUND([2]Лист1!F110,2) -> 1474.44 | D63: =D62 -> 4.81 | E63: =E62 -> 1018.54 | F63: =F62 -> 343.8 | G63: =G62 -> 343.8 | H63: =H62 -> 3205.78 | I63: =I62 -> 3558 | J63: =J62 -> 3701.84 | K63: =K62 -> 4683.65 | L63: =ROUND(C63+D63+E63+H63,2) -> 5703.57 | M63: =ROUND(C63+D63+E63+I63,2) -> 6055.79 | N63: =ROUND(C63+D63+E63+J63,2) -> 6199.63 | O63: =ROUND(C63+D63+E63+K63,2) -> 7181.44 | P63: =ROUND(C63+D63+F63+H63,2) -> 5028.83 | Q63: =ROUND(C63+D63+F63+I63,2) -> 5381.05 | R63: =ROUND(C63+D63+F63+J63,2) -> 5524.89 | S63: =ROUND(C63+D63+F63+K63,2) -> 6506.7 | T63: =ROUND(C63+D63+G63+H63,2) -> 5028.83 | U63: =ROUND(C63+D63+G63+I63,2) -> 5381.05 | V63: =ROUND(C63+D63+G63+J63,2) -> 5524.89 | W63: =ROUND(C63+D63+G63+K63,2) -> 6506.7
A64: 01.06.2008 | B64: 6 | C64: =ROUND([2]Лист1!F111,2) -> 1613.18 | D64: =D63 -> 4.81 | E64: =E63 -> 1018.54 | F64: =F63 -> 343.8 | G64: =G63 -> 343.8 | H64: =H63 -> 3205.78 | I64: =I63 -> 3558 | J64: =J63 -> 3701.84 | K64: =K63 -> 4683.65 | L64: =ROUND(C64+D64+E64+H64,2) -> 5842.31 | M64: =ROUND(C64+D64+E64+I64,2) -> 6194.53 | N64: =ROUND(C64+D64+E64+J64,2) -> 6338.37 | O64: =ROUND(C64+D64+E64+K64,2) -> 7320.18 | P64: =ROUND(C64+D64+F64+H64,2) -> 5167.57 | Q64: =ROUND(C64+D64+F64+I64,2) -> 5519.79 | R64: =ROUND(C64+D64+F64+J64,2) -> 5663.63 | S64: =ROUND(C64+D64+F64+K64,2) -> 6645.44 | T64: =ROUND(C64+D64+G64+H64,2) -> 5167.57 | U64: =ROUND(C64+D64+G64+I64,2) -> 5519.79 | V64: =ROUND(C64+D64+G64+J64,2) -> 5663.63 | W64: =ROUND(C64+D64+G64+K64,2) -> 6645.44
A65: 01.06.2008 | B65: 7 | C65: =ROUND([2]Лист1!F112,2) -> 1754.96 | D65: =D64 -> 4.81 | E65: =E64 -> 1018.54 | F65: =F64 -> 343.8 | G65: =G64 -> 343.8 | H65: =H64 -> 3205.78 | I65: =I64 -> 3558 | J65: =J64 -> 3701.84 | K65: =K64 -> 4683.65 | L65: =ROUND(C65+D65+E65+H65,2) -> 5984.09 | M65: =ROUND(C65+D65+E65+I65,2) -> 6336.31 | N65: =ROUND(C65+D65+E65+J65,2) -> 6480.15 | O65: =ROUND(C65+D65+E65+K65,2) -> 7461.96 | P65: =ROUND(C65+D65+F65+H65,2) -> 5309.35 | Q65: =ROUND(C65+D65+F65+I65,2) -> 5661.57 | R65: =ROUND(C65+D65+F65+J65,2) -> 5805.41 | S65: =ROUND(C65+D65+F65+K65,2) -> 6787.22 | T65: =ROUND(C65+D65+G65+H65,2) -> 5309.35 | U65: =ROUND(C65+D65+G65+I65,2) -> 5661.57 | V65: =ROUND(C65+D65+G65+J65,2) -> 5805.41 | W65: =ROUND(C65+D65+G65+K65,2) -> 6787.22
A66: 01.06.2008 | B66: 8 | C66: =ROUND([2]Лист1!F113,2) -> 2155.85 | D66: =D65 -> 4.81 | E66: =E65 -> 1018.54 | F66: =F65 -> 343.8 | G66: =G65 -> 343.8 | H66: =H65 -> 3205.78 | I66: =I65 -> 3558 | J66: =J65 -> 3701.84 | K66: =K65 -> 4683.65 | L66: =ROUND(C66+D66+E66+H66,2) -> 6384.98 | M66: =ROUND(C66+D66+E66+I66,2) -> 6737.2 | N66: =ROUND(C66+D66+E66+J66,2) -> 6881.04 | O66: =ROUND(C66+D66+E66+K66,2) -> 7862.85 | P66: =ROUND(C66+D66+F66+H66,2) -> 5710.24 | Q66: =ROUND(C66+D66+F66+I66,2) -> 6062.46 | R66: =ROUND(C66+D66+F66+J66,2) -> 6206.3 | S66: =ROUND(C66+D66+F66+K66,2) -> 7188.11 | T66: =ROUND(C66+D66+G66+H66,2) -> 5710.24 | U66: =ROUND(C66+D66+G66+I66,2) -> 6062.46 | V66: =ROUND(C66+D66+G66+J66,2) -> 6206.3 | W66: =ROUND(C66+D66+G66+K66,2) -> 7188.11
A67: 01.06.2008 | B67: 9 | C67: =ROUND([2]Лист1!F114,2) -> 2211.51 | D67: =D66 -> 4.81 | E67: =E66 -> 1018.54 | F67: =F66 -> 343.8 | G67: =G66 -> 343.8 | H67: =H66 -> 3205.78 | I67: =I66 -> 3558 | J67: =J66 -> 3701.84 | K67: =K66 -> 4683.65 | L67: =ROUND(C67+D67+E67+H67,2) -> 6440.64 | M67: =ROUND(C67+D67+E67+I67,2) -> 6792.86 | N67: =ROUND(C67+D67+E67+J67,2) -> 6936.7 | O67: =ROUND(C67+D67+E67+K67,2) -> 7918.51 | P67: =ROUND(C67+D67+F67+H67,2) -> 5765.9 | Q67: =ROUND(C67+D67+F67+I67,2) -> 6118.12 | R67: =ROUND(C67+D67+F67+J67,2) -> 6261.96 | S67: =ROUND(C67+D67+F67+K67,2) -> 7243.77 | T67: =ROUND(C67+D67+G67+H67,2) -> 5765.9 | U67: =ROUND(C67+D67+G67+I67,2) -> 6118.12 | V67: =ROUND(C67+D67+G67+J67,2) -> 6261.96 | W67: =ROUND(C67+D67+G67+K67,2) -> 7243.77
A68: 01.06.2008 | B68: 10 | C68: =ROUND([2]Лист1!F115,2) -> 2232.22 | D68: =D67 -> 4.81 | E68: =E67 -> 1018.54 | F68: =F67 -> 343.8 | G68: =G67 -> 343.8 | H68: =H67 -> 3205.78 | I68: =I67 -> 3558 | J68: =J67 -> 3701.84 | K68: =K67 -> 4683.65 | L68: =ROUND(C68+D68+E68+H68,2) -> 6461.35 | M68: =ROUND(C68+D68+E68+I68,2) -> 6813.57 | N68: =ROUND(C68+D68+E68+J68,2) -> 6957.41 | O68: =ROUND(C68+D68+E68+K68,2) -> 7939.22 | P68: =ROUND(C68+D68+F68+H68,2) -> 5786.61 | Q68: =ROUND(C68+D68+F68+I68,2) -> 6138.83 | R68: =ROUND(C68+D68+F68+J68,2) -> 6282.67 | S68: =ROUND(C68+D68+F68+K68,2) -> 7264.48 | T68: =ROUND(C68+D68+G68+H68,2) -> 5786.61 | U68: =ROUND(C68+D68+G68+I68,2) -> 6138.83 | V68: =ROUND(C68+D68+G68+J68,2) -> 6282.67 | W68: =ROUND(C68+D68+G68+K68,2) -> 7264.48
A69: 01.06.2008 | B69: 11 | C69: =ROUND([2]Лист1!F116,2) -> 2231.75 | D69: =D68 -> 4.81 | E69: =E68 -> 1018.54 | F69: =F68 -> 343.8 | G69: =G68 -> 343.8 | H69: =H68 -> 3205.78 | I69: =I68 -> 3558 | J69: =J68 -> 3701.84 | K69: =K68 -> 4683.65 | L69: =ROUND(C69+D69+E69+H69,2) -> 6460.88 | M69: =ROUND(C69+D69+E69+I69,2) -> 6813.1 | N69: =ROUND(C69+D69+E69+J69,2) -> 6956.94 | O69: =ROUND(C69+D69+E69+K69,2) -> 7938.75 | P69: =ROUND(C69+D69+F69+H69,2) -> 5786.14 | Q69: =ROUND(C69+D69+F69+I69,2) -> 6138.36 | R69: =ROUND(C69+D69+F69+J69,2) -> 6282.2 | S69: =ROUND(C69+D69+F69+K69,2) -> 7264.01 | T69: =ROUND(C69+D69+G69+H69,2) -> 5786.14 | U69: =ROUND(C69+D69+G69+I69,2) -> 6138.36 | V69: =ROUND(C69+D69+G69+J69,2) -> 6282.2 | W69: =ROUND(C69+D69+G69+K69,2) -> 7264.01
A70: 01.06.2008 | B70: 12 | C70: =ROUND([2]Лист1!F117,2) -> 2224.59 | D70: =D69 -> 4.81 | E70: =E69 -> 1018.54 | F70: =F69 -> 343.8 | G70: =G69 -> 343.8 | H70: =H69 -> 3205.78 | I70: =I69 -> 3558 | J70: =J69 -> 3701.84 | K70: =K69 -> 4683.65 | L70: =ROUND(C70+D70+E70+H70,2) -> 6453.72 | M70: =ROUND(C70+D70+E70+I70,2) -> 6805.94 | N70: =ROUND(C70+D70+E70+J70,2) -> 6949.78 | O70: =ROUND(C70+D70+E70+K70,2) -> 7931.59 | P70: =ROUND(C70+D70+F70+H70,2) -> 5778.98 | Q70: =ROUND(C70+D70+F70+I70,2) -> 6131.2 | R70: =ROUND(C70+D70+F70+J70,2) -> 6275.04 | S70: =ROUND(C70+D70+F70+K70,2) -> 7256.85 | T70: =ROUND(C70+D70+G70+H70,2) -> 5778.98 | U70: =ROUND(C70+D70+G70+I70,2) -> 6131.2 | V70: =ROUND(C70+D70+G70+J70,2) -> 6275.04 | W70: =ROUND(C70+D70+G70+K70,2) -> 7256.85
... A81: 01.06.2008 | B81: 23 | C81: =ROUND([2]Лист1!F128,2) -> 1723.8 | D81: =D80 -> 4.81 | E81: =E80 -> 1018.54 | F81: =F80 -> 343.8 | G81: =G80 -> 343.8 | H81: =H80 -> 3205.78 | I81: =I80 -> 3558 | J81: =J80 -> 3701.84 | K81: =K80 -> 4683.65 | L81: =ROUND(C81+D81+E81+H81,2) -> 5952.93 | M81: =ROUND(C81+D81+E81+I81,2) -> 6305.15 | N81: =ROUND(C81+D81+E81+J81,2) -> 6448.99 | O81: =ROUND(C81+D81+E81+K81,2) -> 7430.8 | P81: =ROUND(C81+D81+F81+H81,2) -> 5278.19 | Q81: =ROUND(C81+D81+F81+I81,2) -> 5630.41 | R81: =ROUND(C81+D81+F81+J81,2) -> 5774.25 | S81: =ROUND(C81+D81+F81+K81,2) -> 6756.06 | T81: =ROUND(C81+D81+G81+H81,2) -> 5278.19 | U81: =ROUND(C81+D81+G81+I81,2) -> 5630.41 | V81: =ROUND(C81+D81+G81+J81,2) -> 5774.25 | W81: =ROUND(C81+D81+G81+K81,2) -> 6756.06
A82: 45600 | B82: 0 | C82: =ROUND([2]Лист1!F129,2) -> 1568.4 | D82: =D81 -> 4.81 | E82: =E81 -> 1018.54 | F82: =F81 -> 343.8 | G82: =G81 -> 343.8 | H82: =H81 -> 3205.78 | I82: =I81 -> 3558 | J82: =J81 -> 3701.84 | K82: =K81 -> 4683.65 | L82: =ROUND(C82+D82+E82+H82,2) -> 5797.53 | M82: =ROUND(C82+D82+E82+I82,2) -> 6149.75 | N82: =ROUND(C82+D82+E82+J82,2) -> 6293.59 | O82: =ROUND(C82+D82+E82+K82,2) -> 7275.4 | P82: =ROUND(C82+D82+F82+H82,2) -> 5122.79 | Q82: =ROUND(C82+D82+F82+I82,2) -> 5475.01 | R82: =ROUND(C82+D82+F82+J82,2) -> 5618.85 | S82: =ROUND(C82+D82+F82+K82,2) -> 6600.66 | T82: =ROUND(C82+D82+G82+H82,2) -> 5122.79 | U82: =ROUND(C82+D82+G82+I82,2) -> 5475.01 | V82: =ROUND(C82+D82+G82+J82,2) -> 5618.85 | W82: =ROUND(C82+D82+G82+K82,2) -> 6600.66
A83: 01.06.2008 | B83: 1 | C83: =ROUND([2]Лист1!F130,2) -> 1462.29 | D83: =D82 -> 4.81 | E83: =E82 -> 1018.54 | F83: =F82 -> 343.8 | G83: =G82 -> 343.8 | H83: =H82 -> 3205.78 | I83: =I82 -> 3558 | J83: =J82 -> 3701.84 | K83: =K82 -> 4683.65 | L83: =ROUND(C83+D83+E83+H83,2) -> 5691.42 | M83: =ROUND(C83+D83+E83+I83,2) -> 6043.64 | N83: =ROUND(C83+D83+E83+J83,2) -> 6187.48 | O83: =ROUND(C83+D83+E83+K83,2) -> 7169.29 | P83: =ROUND(C83+D83+F83+H83,2) -> 5016.68 | Q83: =ROUND(C83+D83+F83+I83,2) -> 5368.9 | R83: =ROUND(C83+D83+F83+J83,2) -> 5512.74 | S83: =ROUND(C83+D83+F83+K83,2) -> 6494.55 | T83: =ROUND(C83+D83+G83+H83,2) -> 5016.68 | U83: =ROUND(C83+D83+G83+I83,2) -> 5368.9 | V83: =ROUND(C83+D83+G83+J83,2) -> 5512.74 | W83: =ROUND(C83+D83+G83+K83,2) -> 6494.55
A84: 01.06.2008 | B84: 2 | C84: =ROUND([2]Лист1!F131,2) -> 1404.02 | D84: =D83 -> 4.81 | E84: =E83 -> 1018.54 | F84: =F83 -> 343.8 | G84: =G83 -> 343.8 | H84: =H83 -> 3205.78 | I84: =I83 -> 3558 | J84: =J83 -> 3701.84 | K84: =K83 -> 4683.65 | L84: =ROUND(C84+D84+E84+H84,2) -> 5633.15 | M84: =ROUND(C84+D84+E84+I84,2) -> 5985.37 | N84: =ROUND(C84+D84+E84+J84,2) -> 6129.21 | O84: =ROUND(C84+D84+E84+K84,2) -> 7111.02 | P84: =ROUND(C84+D84+F84+H84,2) -> 4958.41 | Q84: =ROUND(C84+D84+F84+I84,2) -> 5310.63 | R84: =ROUND(C84+D84+F84+J84,2) -> 5454.47 | S84: =ROUND(C84+D84+F84+K84,2) -> 6436.28 | T84: =ROUND(C84+D84+G84+H84,2) -> 4958.41 | U84: =ROUND(C84+D84+G84+I84,2) -> 5310.63 | V84: =ROUND(C84+D84+G84+J84,2) -> 5454.47 | W84: =ROUND(C84+D84+G84+K84,2) -> 6436.28
A85: 01.06.2008 | B85: 3 | C85: =ROUND([2]Лист1!F132,2) -> 1393.76 | D85: =D84 -> 4.81 | E85: =E84 -> 1018.54 | F85: =F84 -> 343.8 | G85: =G84 -> 343.8 | H85: =H84 -> 3205.78 | I85: =I84 -> 3558 | J85: =J84 -> 3701.84 | K85: =K84 -> 4683.65 | L85: =ROUND(C85+D85+E85+H85,2) -> 5622.89 | M85: =ROUND(C85+D85+E85+I85,2) -> 5975.11 | N85: =ROUND(C85+D85+E85+J85,2) -> 6118.95 | O85: =ROUND(C85+D85+E85+K85,2) -> 7100.76 | P85: =ROUND(C85+D85+F85+H85,2) -> 4948.15 | Q85: =ROUND(C85+D85+F85+I85,2) -> 5300.37 | R85: =ROUND(C85+D85+F85+J85,2) -> 5444.21 | S85: =ROUND(C85+D85+F85+K85,2) -> 6426.02 | T85: =ROUND(C85+D85+G85+H85,2) -> 4948.15 | U85: =ROUND(C85+D85+G85+I85,2) -> 5300.37 | V85: =ROUND(C85+D85+G85+J85,2) -> 5444.21 | W85: =ROUND(C85+D85+G85+K85,2) -> 6426.02
A86: 01.06.2008 | B86: 4 | C86: =ROUND([2]Лист1!F133,2) -> 1253.95 | D86: =D85 -> 4.81 | E86: =E85 -> 1018.54 | F86: =F85 -> 343.8 | G86: =G85 -> 343.8 | H86: =H85 -> 3205.78 | I86: =I85 -> 3558 | J86: =J85 -> 3701.84 | K86: =K85 -> 4683.65 | L86: =ROUND(C86+D86+E86+H86,2) -> 5483.08 | M86: =ROUND(C86+D86+E86+I86,2) -> 5835.3 | N86: =ROUND(C86+D86+E86+J86,2) -> 5979.14 | O86: =ROUND(C86+D86+E86+K86,2) -> 6960.95 | P86: =ROUND(C86+D86+F86+H86,2) -> 4808.34 | Q86: =ROUND(C86+D86+F86+I86,2) -> 5160.56 | R86: =ROUND(C86+D86+F86+J86,2) -> 5304.4 | S86: =ROUND(C86+D86+F86+K86,2) -> 6286.21 | T86: =ROUND(C86+D86+G86+H86,2) -> 4808.34 | U86: =ROUND(C86+D86+G86+I86,2) -> 5160.56 | V86: =ROUND(C86+D86+G86+J86,2) -> 5304.4 | W86: =ROUND(C86+D86+G86+K86,2) -> 6286.21
A87: 01.06.2008 | B87: 5 | C87: =ROUND([2]Лист1!F134,2) -> 1396 | D87: =D86 -> 4.81 | E87: =E86 -> 1018.54 | F87: =F86 -> 343.8 | G87: =G86 -> 343.8 | H87: =H86 -> 3205.78 | I87: =I86 -> 3558 | J87: =J86 -> 3701.84 | K87: =K86 -> 4683.65 | L87: =ROUND(C87+D87+E87+H87,2) -> 5625.13 | M87: =ROUND(C87+D87+E87+I87,2) -> 5977.35 | N87: =ROUND(C87+D87+E87+J87,2) -> 6121.19 | O87: =ROUND(C87+D87+E87+K87,2) -> 7103 | P87: =ROUND(C87+D87+F87+H87,2) -> 4950.39 | Q87: =ROUND(C87+D87+F87+I87,2) -> 5302.61 | R87: =ROUND(C87+D87+F87+J87,2) -> 5446.45 | S87: =ROUND(C87+D87+F87+K87,2) -> 6428.26 | T87: =ROUND(C87+D87+G87+H87,2) -> 4950.39 | U87: =ROUND(C87+D87+G87+I87,2) -> 5302.61 | V87: =ROUND(C87+D87+G87+J87,2) -> 5446.45 | W87: =ROUND(C87+D87+G87+K87,2) -> 6428.26
A88: 01.06.2008 | B88: 6 | C88: =ROUND([2]Лист1!F135,2) -> 1459.88 | D88: =D87 -> 4.81 | E88: =E87 -> 1018.54 | F88: =F87 -> 343.8 | G88: =G87 -> 343.8 | H88: =H87 -> 3205.78 | I88: =I87 -> 3558 | J88: =J87 -> 3701.84 | K88: =K87 -> 4683.65 | L88: =ROUND(C88+D88+E88+H88,2) -> 5689.01 | M88: =ROUND(C88+D88+E88+I88,2) -> 6041.23 | N88: =ROUND(C88+D88+E88+J88,2) -> 6185.07 | O88: =ROUND(C88+D88+E88+K88,2) -> 7166.88 | P88: =ROUND(C88+D88+F88+H88,2) -> 5014.27 | Q88: =ROUND(C88+D88+F88+I88,2) -> 5366.49 | R88: =ROUND(C88+D88+F88+J88,2) -> 5510.33 | S88: =ROUND(C88+D88+F88+K88,2) -> 6492.14 | T88: =ROUND(C88+D88+G88+H88,2) -> 5014.27 | U88: =ROUND(C88+D88+G88+I88,2) -> 5366.49 | V88: =ROUND(C88+D88+G88+J88,2) -> 5510.33 | W88: =ROUND(C88+D88+G88+K88,2) -> 6492.14
A89: 01.06.2008 | B89: 7 | C89: =ROUND([2]Лист1!F136,2) -> 1546.82 | D89: =D88 -> 4.81 | E89: =E88 -> 1018.54 | F89: =F88 -> 343.8 | G89: =G88 -> 343.8 | H89: =H88 -> 3205.78 | I89: =I88 -> 3558 | J89: =J88 -> 3701.84 | K89: =K88 -> 4683.65 | L89: =ROUND(C89+D89+E89+H89,2) -> 5775.95 | M89: =ROUND(C89+D89+E89+I89,2) -> 6128.17 | N89: =ROUND(C89+D89+E89+J89,2) -> 6272.01 | O89: =ROUND(C89+D89+E89+K89,2) -> 7253.82 | P89: =ROUND(C89+D89+F89+H89,2) -> 5101.21 | Q89: =ROUND(C89+D89+F89+I89,2) -> 5453.43 | R89: =ROUND(C89+D89+F89+J89,2) -> 5597.27 | S89: =ROUND(C89+D89+F89+K89,2) -> 6579.08 | T89: =ROUND(C89+D89+G89+H89,2) -> 5101.21 | U89: =ROUND(C89+D89+G89+I89,2) -> 5453.43 | V89: =ROUND(C89+D89+G89+J89,2) -> 5597.27 | W89: =ROUND(C89+D89+G89+K89,2) -> 6579.08
A90: 01.06.2008 | B90: 8 | C90: =ROUND([2]Лист1!F137,2) -> 1686.67 | D90: =D89 -> 4.81 | E90: =E89 -> 1018.54 | F90: =F89 -> 343.8 | G90: =G89 -> 343.8 | H90: =H89 -> 3205.78 | I90: =I89 -> 3558 | J90: =J89 -> 3701.84 | K90: =K89 -> 4683.65 | L90: =ROUND(C90+D90+E90+H90,2) -> 5915.8 | M90: =ROUND(C90+D90+E90+I90,2) -> 6268.02 | N90: =ROUND(C90+D90+E90+J90,2) -> 6411.86 | O90: =ROUND(C90+D90+E90+K90,2) -> 7393.67 | P90: =ROUND(C90+D90+F90+H90,2) -> 5241.06 | Q90: =ROUND(C90+D90+F90+I90,2) -> 5593.28 | R90: =ROUND(C90+D90+F90+J90,2) -> 5737.12 | S90: =ROUND(C90+D90+F90+K90,2) -> 6718.93 | T90: =ROUND(C90+D90+G90+H90,2) -> 5241.06 | U90: =ROUND(C90+D90+G90+I90,2) -> 5593.28 | V90: =ROUND(C90+D90+G90+J90,2) -> 5737.12 | W90: =ROUND(C90+D90+G90+K90,2) -> 6718.93
A91: 01.06.2008 | B91: 9 | C91: =ROUND([2]Лист1!F138,2) -> 1908.6 | D91: =D90 -> 4.81 | E91: =E90 -> 1018.54 | F91: =F90 -> 343.8 | G91: =G90 -> 343.8 | H91: =H90 -> 3205.78 | I91: =I90 -> 3558 | J91: =J90 -> 3701.84 | K91: =K90 -> 4683.65 | L91: =ROUND(C91+D91+E91+H91,2) -> 6137.73 | M91: =ROUND(C91+D91+E91+I91,2) -> 6489.95 | N91: =ROUND(C91+D91+E91+J91,2) -> 6633.79 | O91: =ROUND(C91+D91+E91+K91,2) -> 7615.6 | P91: =ROUND(C91+D91+F91+H91,2) -> 5462.99 | Q91: =ROUND(C91+D91+F91+I91,2) -> 5815.21 | R91: =ROUND(C91+D91+F91+J91,2) -> 5959.05 | S91: =ROUND(C91+D91+F91+K91,2) -> 6940.86 | T91: =ROUND(C91+D91+G91+H91,2) -> 5462.99 | U91: =ROUND(C91+D91+G91+I91,2) -> 5815.21 | V91: =ROUND(C91+D91+G91+J91,2) -> 5959.05 | W91: =ROUND(C91+D91+G91+K91,2) -> 6940.86
A92: 01.06.2008 | B92: 10 | C92: =ROUND([2]Лист1!F139,2) -> 2006.28 | D92: =D91 -> 4.81 | E92: =E91 -> 1018.54 | F92: =F91 -> 343.8 | G92: =G91 -> 343.8 | H92: =H91 -> 3205.78 | I92: =I91 -> 3558 | J92: =J91 -> 3701.84 | K92: =K91 -> 4683.65 | L92: =ROUND(C92+D92+E92+H92,2) -> 6235.41 | M92: =ROUND(C92+D92+E92+I92,2) -> 6587.63 | N92: =ROUND(C92+D92+E92+J92,2) -> 6731.47 | O92: =ROUND(C92+D92+E92+K92,2) -> 7713.28 | P92: =ROUND(C92+D92+F92+H92,2) -> 5560.67 | Q92: =ROUND(C92+D92+F92+I92,2) -> 5912.89 | R92: =ROUND(C92+D92+F92+J92,2) -> 6056.73 | S92: =ROUND(C92+D92+F92+K92,2) -> 7038.54 | T92: =ROUND(C92+D92+G92+H92,2) -> 5560.67 | U92: =ROUND(C92+D92+G92+I92,2) -> 5912.89 | V92: =ROUND(C92+D92+G92+J92,2) -> 6056.73 | W92: =ROUND(C92+D92+G92+K92,2) -> 7038.54
A93: 01.06.2008 | B93: 11 | C93: =ROUND([2]Лист1!F140,2) -> 2015.75 | D93: =D92 -> 4.81 | E93: =E92 -> 1018.54 | F93: =F92 -> 343.8 | G93: =G92 -> 343.8 | H93: =H92 -> 3205.78 | I93: =I92 -> 3558 | J93: =J92 -> 3701.84 | K93: =K92 -> 4683.65 | L93: =ROUND(C93+D93+E93+H93,2) -> 6244.88 | M93: =ROUND(C93+D93+E93+I93,2) -> 6597.1 | N93: =ROUND(C93+D93+E93+J93,2) -> 6740.94 | O93: =ROUND(C93+D93+E93+K93,2) -> 7722.75 | P93: =ROUND(C93+D93+F93+H93,2) -> 5570.14 | Q93: =ROUND(C93+D93+F93+I93,2) -> 5922.36 | R93: =ROUND(C93+D93+F93+J93,2) -> 6066.2 | S93: =ROUND(C93+D93+F93+K93,2) -> 7048.01 | T93: =ROUND(C93+D93+G93+H93,2) -> 5570.14 | U93: =ROUND(C93+D93+G93+I93,2) -> 5922.36 | V93: =ROUND(C93+D93+G93+J93,2) -> 6066.2 | W93: =ROUND(C93+D93+G93+K93,2) -> 7048.01
A94: 01.06.2008 | B94: 12 | C94: =ROUND([2]Лист1!F141,2) -> 2011.76 | D94: =D93 -> 4.81 | E94: =E93 -> 1018.54 | F94: =F93 -> 343.8 | G94: =G93 -> 343.8 | H94: =H93 -> 3205.78 | I94: =I93 -> 3558 | J94: =J93 -> 3701.84 | K94: =K93 -> 4683.65 | L94: =ROUND(C94+D94+E94+H94,2) -> 6240.89 | M94: =ROUND(C94+D94+E94+I94,2) -> 6593.11 | N94: =ROUND(C94+D94+E94+J94,2) -> 6736.95 | O94: =ROUND(C94+D94+E94+K94,2) -> 7718.76 | P94: =ROUND(C94+D94+F94+H94,2) -> 5566.15 | Q94: =ROUND(C94+D94+F94+I94,2) -> 5918.37 | R94: =ROUND(C94+D94+F94+J94,2) -> 6062.21 | S94: =ROUND(C94+D94+F94+K94,2) -> 7044.02 | T94: =ROUND(C94+D94+G94+H94,2) -> 5566.15 | U94: =ROUND(C94+D94+G94+I94,2) -> 5918.37 | V94: =ROUND(C94+D94+G94+J94,2) -> 6062.21 | W94: =ROUND(C94+D94+G94+K94,2) -> 7044.02
... A105: 01.06.2008 | B105: 23 | C105: =ROUND([2]Лист1!F152,2) -> 1406.68 | D105: =D104 -> 4.81 | E105: =E104 -> 1018.54 | F105: =F104 -> 343.8 | G105: =G104 -> 343.8 | H105: =H104 -> 3205.78 | I105: =I104 -> 3558 | J105: =J104 -> 3701.84 | K105: =K104 -> 4683.65 | L105: =ROUND(C105+D105+E105+H105,2) -> 5635.81 | M105: =ROUND(C105+D105+E105+I105,2) -> 5988.03 | N105: =ROUND(C105+D105+E105+J105,2) -> 6131.87 | O105: =ROUND(C105+D105+E105+K105,2) -> 7113.68 | P105: =ROUND(C105+D105+F105+H105,2) -> 4961.07 | Q105: =ROUND(C105+D105+F105+I105,2) -> 5313.29 | R105: =ROUND(C105+D105+F105+J105,2) -> 5457.13 | S105: =ROUND(C105+D105+F105+K105,2) -> 6438.94 | T105: =ROUND(C105+D105+G105+H105,2) -> 4961.07 | U105: =ROUND(C105+D105+G105+I105,2) -> 5313.29 | V105: =ROUND(C105+D105+G105+J105,2) -> 5457.13 | W105: =ROUND(C105+D105+G105+K105,2) -> 6438.94
A106: 45601 | B106: 0 | C106: =ROUND([2]Лист1!F153,2) -> 1336.83 | D106: =D105 -> 4.81 | E106: =E105 -> 1018.54 | F106: =F105 -> 343.8 | G106: =G105 -> 343.8 | H106: =H105 -> 3205.78 | I106: =I105 -> 3558 | J106: =J105 -> 3701.84 | K106: =K105 -> 4683.65 | L106: =ROUND(C106+D106+E106+H106,2) -> 5565.96 | M106: =ROUND(C106+D106+E106+I106,2) -> 5918.18 | N106: =ROUND(C106+D106+E106+J106,2) -> 6062.02 | O106: =ROUND(C106+D106+E106+K106,2) -> 7043.83 | P106: =ROUND(C106+D106+F106+H106,2) -> 4891.22 | Q106: =ROUND(C106+D106+F106+I106,2) -> 5243.44 | R106: =ROUND(C106+D106+F106+J106,2) -> 5387.28 | S106: =ROUND(C106+D106+F106+K106,2) -> 6369.09 | T106: =ROUND(C106+D106+G106+H106,2) -> 4891.22 | U106: =ROUND(C106+D106+G106+I106,2) -> 5243.44 | V106: =ROUND(C106+D106+G106+J106,2) -> 5387.28 | W106: =ROUND(C106+D106+G106+K106,2) -> 6369.09
A107: 01.06.2008 | B107: 1 | C107: =ROUND([2]Лист1!F154,2) -> 1238.43 | D107: =D106 -> 4.81 | E107: =E106 -> 1018.54 | F107: =F106 -> 343.8 | G107: =G106 -> 343.8 | H107: =H106 -> 3205.78 | I107: =I106 -> 3558 | J107: =J106 -> 3701.84 | K107: =K106 -> 4683.65 | L107: =ROUND(C107+D107+E107+H107,2) -> 5467.56 | M107: =ROUND(C107+D107+E107+I107,2) -> 5819.78 | N107: =ROUND(C107+D107+E107+J107,2) -> 5963.62 | O107: =ROUND(C107+D107+E107+K107,2) -> 6945.43 | P107: =ROUND(C107+D107+F107+H107,2) -> 4792.82 | Q107: =ROUND(C107+D107+F107+I107,2) -> 5145.04 | R107: =ROUND(C107+D107+F107+J107,2) -> 5288.88 | S107: =ROUND(C107+D107+F107+K107,2) -> 6270.69 | T107: =ROUND(C107+D107+G107+H107,2) -> 4792.82 | U107: =ROUND(C107+D107+G107+I107,2) -> 5145.04 | V107: =ROUND(C107+D107+G107+J107,2) -> 5288.88 | W107: =ROUND(C107+D107+G107+K107,2) -> 6270.69
A108: 01.06.2008 | B108: 2 | C108: =ROUND([2]Лист1!F155,2) -> 1220.88 | D108: =D107 -> 4.81 | E108: =E107 -> 1018.54 | F108: =F107 -> 343.8 | G108: =G107 -> 343.8 | H108: =H107 -> 3205.78 | I108: =I107 -> 3558 | J108: =J107 -> 3701.84 | K108: =K107 -> 4683.65 | L108: =ROUND(C108+D108+E108+H108,2) -> 5450.01 | M108: =ROUND(C108+D108+E108+I108,2) -> 5802.23 | N108: =ROUND(C108+D108+E108+J108,2) -> 5946.07 | O108: =ROUND(C108+D108+E108+K108,2) -> 6927.88 | P108: =ROUND(C108+D108+F108+H108,2) -> 4775.27 | Q108: =ROUND(C108+D108+F108+I108,2) -> 5127.49 | R108: =ROUND(C108+D108+F108+J108,2) -> 5271.33 | S108: =ROUND(C108+D108+F108+K108,2) -> 6253.14 | T108: =ROUND(C108+D108+G108+H108,2) -> 4775.27 | U108: =ROUND(C108+D108+G108+I108,2) -> 5127.49 | V108: =ROUND(C108+D108+G108+J108,2) -> 5271.33 | W108: =ROUND(C108+D108+G108+K108,2) -> 6253.14
A109: 01.06.2008 | B109: 3 | C109: =ROUND([2]Лист1!F156,2) -> 1235.54 | D109: =D108 -> 4.81 | E109: =E108 -> 1018.54 | F109: =F108 -> 343.8 | G109: =G108 -> 343.8 | H109: =H108 -> 3205.78 | I109: =I108 -> 3558 | J109: =J108 -> 3701.84 | K109: =K108 -> 4683.65 | L109: =ROUND(C109+D109+E109+H109,2) -> 5464.67 | M109: =ROUND(C109+D109+E109+I109,2) -> 5816.89 | N109: =ROUND(C109+D109+E109+J109,2) -> 5960.73 | O109: =ROUND(C109+D109+E109+K109,2) -> 6942.54 | P109: =ROUND(C109+D109+F109+H109,2) -> 4789.93 | Q109: =ROUND(C109+D109+F109+I109,2) -> 5142.15 | R109: =ROUND(C109+D109+F109+J109,2) -> 5285.99 | S109: =ROUND(C109+D109+F109+K109,2) -> 6267.8 | T109: =ROUND(C109+D109+G109+H109,2) -> 4789.93 | U109: =ROUND(C109+D109+G109+I109,2) -> 5142.15 | V109: =ROUND(C109+D109+G109+J109,2) -> 5285.99 | W109: =ROUND(C109+D109+G109+K109,2) -> 6267.8
A110: 01.06.2008 | B110: 4 | C110: =ROUND([2]Лист1!F157,2) -> 1251.33 | D110: =D109 -> 4.81 | E110: =E109 -> 1018.54 | F110: =F109 -> 343.8 | G110: =G109 -> 343.8 | H110: =H109 -> 3205.78 | I110: =I109 -> 3558 | J110: =J109 -> 3701.84 | K110: =K109 -> 4683.65 | L110: =ROUND(C110+D110+E110+H110,2) -> 5480.46 | M110: =ROUND(C110+D110+E110+I110,2) -> 5832.68 | N110: =ROUND(C110+D110+E110+J110,2) -> 5976.52 | O110: =ROUND(C110+D110+E110+K110,2) -> 6958.33 | P110: =ROUND(C110+D110+F110+H110,2) -> 4805.72 | Q110: =ROUND(C110+D110+F110+I110,2) -> 5157.94 | R110: =ROUND(C110+D110+F110+J110,2) -> 5301.78 | S110: =ROUND(C110+D110+F110+K110,2) -> 6283.59 | T110: =ROUND(C110+D110+G110+H110,2) -> 4805.72 | U110: =ROUND(C110+D110+G110+I110,2) -> 5157.94 | V110: =ROUND(C110+D110+G110+J110,2) -> 5301.78 | W110: =ROUND(C110+D110+G110+K110,2) -> 6283.59
A111: 01.06.2008 | B111: 5 | C111: =ROUND([2]Лист1!F158,2) -> 1370.64 | D111: =D110 -> 4.81 | E111: =E110 -> 1018.54 | F111: =F110 -> 343.8 | G111: =G110 -> 343.8 | H111: =H110 -> 3205.78 | I111: =I110 -> 3558 | J111: =J110 -> 3701.84 | K111: =K110 -> 4683.65 | L111: =ROUND(C111+D111+E111+H111,2) -> 5599.77 | M111: =ROUND(C111+D111+E111+I111,2) -> 5951.99 | N111: =ROUND(C111+D111+E111+J111,2) -> 6095.83 | O111: =ROUND(C111+D111+E111+K111,2) -> 7077.64 | P111: =ROUND(C111+D111+F111+H111,2) -> 4925.03 | Q111: =ROUND(C111+D111+F111+I111,2) -> 5277.25 | R111: =ROUND(C111+D111+F111+J111,2) -> 5421.09 | S111: =ROUND(C111+D111+F111+K111,2) -> 6402.9 | T111: =ROUND(C111+D111+G111+H111,2) -> 4925.03 | U111: =ROUND(C111+D111+G111+I111,2) -> 5277.25 | V111: =ROUND(C111+D111+G111+J111,2) -> 5421.09 | W111: =ROUND(C111+D111+G111+K111,2) -> 6402.9
A112: 01.06.2008 | B112: 6 | C112: =ROUND([2]Лист1!F159,2) -> 1557.79 | D112: =D111 -> 4.81 | E112: =E111 -> 1018.54 | F112: =F111 -> 343.8 | G112: =G111 -> 343.8 | H112: =H111 -> 3205.78 | I112: =I111 -> 3558 | J112: =J111 -> 3701.84 | K112: =K111 -> 4683.65 | L112: =ROUND(C112+D112+E112+H112,2) -> 5786.92 | M112: =ROUND(C112+D112+E112+I112,2) -> 6139.14 | N112: =ROUND(C112+D112+E112+J112,2) -> 6282.98 | O112: =ROUND(C112+D112+E112+K112,2) -> 7264.79 | P112: =ROUND(C112+D112+F112+H112,2) -> 5112.18 | Q112: =ROUND(C112+D112+F112+I112,2) -> 5464.4 | R112: =ROUND(C112+D112+F112+J112,2) -> 5608.24 | S112: =ROUND(C112+D112+F112+K112,2) -> 6590.05 | T112: =ROUND(C112+D112+G112+H112,2) -> 5112.18 | U112: =ROUND(C112+D112+G112+I112,2) -> 5464.4 | V112: =ROUND(C112+D112+G112+J112,2) -> 5608.24 | W112: =ROUND(C112+D112+G112+K112,2) -> 6590.05
A113: 01.06.2008 | B113: 7 | C113: =ROUND([2]Лист1!F160,2) -> 1806.07 | D113: =D112 -> 4.81 | E113: =E112 -> 1018.54 | F113: =F112 -> 343.8 | G113: =G112 -> 343.8 | H113: =H112 -> 3205.78 | I113: =I112 -> 3558 | J113: =J112 -> 3701.84 | K113: =K112 -> 4683.65 | L113: =ROUND(C113+D113+E113+H113,2) -> 6035.2 | M113: =ROUND(C113+D113+E113+I113,2) -> 6387.42 | N113: =ROUND(C113+D113+E113+J113,2) -> 6531.26 | O113: =ROUND(C113+D113+E113+K113,2) -> 7513.07 | P113: =ROUND(C113+D113+F113+H113,2) -> 5360.46 | Q113: =ROUND(C113+D113+F113+I113,2) -> 5712.68 | R113: =ROUND(C113+D113+F113+J113,2) -> 5856.52 | S113: =ROUND(C113+D113+F113+K113,2) -> 6838.33 | T113: =ROUND(C113+D113+G113+H113,2) -> 5360.46 | U113: =ROUND(C113+D113+G113+I113,2) -> 5712.68 | V113: =ROUND(C113+D113+G113+J113,2) -> 5856.52 | W113: =ROUND(C113+D113+G113+K113,2) -> 6838.33
A114: 01.06.2008 | B114: 8 | C114: =ROUND([2]Лист1!F161,2) -> 2191.41 | D114: =D113 -> 4.81 | E114: =E113 -> 1018.54 | F114: =F113 -> 343.8 | G114: =G113 -> 343.8 | H114: =H113 -> 3205.78 | I114: =I113 -> 3558 | J114: =J113 -> 3701.84 | K114: =K113 -> 4683.65 | L114: =ROUND(C114+D114+E114+H114,2) -> 6420.54 | M114: =ROUND(C114+D114+E114+I114,2) -> 6772.76 | N114: =ROUND(C114+D114+E114+J114,2) -> 6916.6 | O114: =ROUND(C114+D114+E114+K114,2) -> 7898.41 | P114: =ROUND(C114+D114+F114+H114,2) -> 5745.8 | Q114: =ROUND(C114+D114+F114+I114,2) -> 6098.02 | R114: =ROUND(C114+D114+F114+J114,2) -> 6241.86 | S114: =ROUND(C114+D114+F114+K114,2) -> 7223.67 | T114: =ROUND(C114+D114+G114+H114,2) -> 5745.8 | U114: =ROUND(C114+D114+G114+I114,2) -> 6098.02 | V114: =ROUND(C114+D114+G114+J114,2) -> 6241.86 | W114: =ROUND(C114+D114+G114+K114,2) -> 7223.67
A115: 01.06.2008 | B115: 9 | C115: =ROUND([2]Лист1!F162,2) -> 2310.99 | D115: =D114 -> 4.81 | E115: =E114 -> 1018.54 | F115: =F114 -> 343.8 | G115: =G114 -> 343.8 | H115: =H114 -> 3205.78 | I115: =I114 -> 3558 | J115: =J114 -> 3701.84 | K115: =K114 -> 4683.65 | L115: =ROUND(C115+D115+E115+H115,2) -> 6540.12 | M115: =ROUND(C115+D115+E115+I115,2) -> 6892.34 | N115: =ROUND(C115+D115+E115+J115,2) -> 7036.18 | O115: =ROUND(C115+D115+E115+K115,2) -> 8017.99 | P115: =ROUND(C115+D115+F115+H115,2) -> 5865.38 | Q115: =ROUND(C115+D115+F115+I115,2) -> 6217.6 | R115: =ROUND(C115+D115+F115+J115,2) -> 6361.44 | S115: =ROUND(C115+D115+F115+K115,2) -> 7343.25 | T115: =ROUND(C115+D115+G115+H115,2) -> 5865.38 | U115: =ROUND(C115+D115+G115+I115,2) -> 6217.6 | V115: =ROUND(C115+D115+G115+J115,2) -> 6361.44 | W115: =ROUND(C115+D115+G115+K115,2) -> 7343.25
A116: 01.06.2008 | B116: 10 | C116: =ROUND([2]Лист1!F163,2) -> 2266.89 | D116: =D115 -> 4.81 | E116: =E115 -> 1018.54 | F116: =F115 -> 343.8 | G116: =G115 -> 343.8 | H116: =H115 -> 3205.78 | I116: =I115 -> 3558 | J116: =J115 -> 3701.84 | K116: =K115 -> 4683.65 | L116: =ROUND(C116+D116+E116+H116,2) -> 6496.02 | M116: =ROUND(C116+D116+E116+I116,2) -> 6848.24 | N116: =ROUND(C116+D116+E116+J116,2) -> 6992.08 | O116: =ROUND(C116+D116+E116+K116,2) -> 7973.89 | P116: =ROUND(C116+D116+F116+H116,2) -> 5821.28 | Q116: =ROUND(C116+D116+F116+I116,2) -> 6173.5 | R116: =ROUND(C116+D116+F116+J116,2) -> 6317.34 | S116: =ROUND(C116+D116+F116+K116,2) -> 7299.15 | T116: =ROUND(C116+D116+G116+H116,2) -> 5821.28 | U116: =ROUND(C116+D116+G116+I116,2) -> 6173.5 | V116: =ROUND(C116+D116+G116+J116,2) -> 6317.34 | W116: =ROUND(C116+D116+G116+K116,2) -> 7299.15
A117: 01.06.2008 | B117: 11 | C117: =ROUND([2]Лист1!F164,2) -> 2269.93 | D117: =D116 -> 4.81 | E117: =E116 -> 1018.54 | F117: =F116 -> 343.8 | G117: =G116 -> 343.8 | H117: =H116 -> 3205.78 | I117: =I116 -> 3558 | J117: =J116 -> 3701.84 | K117: =K116 -> 4683.65 | L117: =ROUND(C117+D117+E117+H117,2) -> 6499.06 | M117: =ROUND(C117+D117+E117+I117,2) -> 6851.28 | N117: =ROUND(C117+D117+E117+J117,2) -> 6995.12 | O117: =ROUND(C117+D117+E117+K117,2) -> 7976.93 | P117: =ROUND(C117+D117+F117+H117,2) -> 5824.32 | Q117: =ROUND(C117+D117+F117+I117,2) -> 6176.54 | R117: =ROUND(C117+D117+F117+J117,2) -> 6320.38 | S117: =ROUND(C117+D117+F117+K117,2) -> 7302.19 | T117: =ROUND(C117+D117+G117+H117,2) -> 5824.32 | U117: =ROUND(C117+D117+G117+I117,2) -> 6176.54 | V117: =ROUND(C117+D117+G117+J117,2) -> 6320.38 | W117: =ROUND(C117+D117+G117+K117,2) -> 7302.19
A118: 01.06.2008 | B118: 12 | C118: =ROUND([2]Лист1!F165,2) -> 2247.41 | D118: =D117 -> 4.81 | E118: =E117 -> 1018.54 | F118: =F117 -> 343.8 | G118: =G117 -> 343.8 | H118: =H117 -> 3205.78 | I118: =I117 -> 3558 | J118: =J117 -> 3701.84 | K118: =K117 -> 4683.65 | L118: =ROUND(C118+D118+E118+H118,2) -> 6476.54 | M118: =ROUND(C118+D118+E118+I118,2) -> 6828.76 | N118: =ROUND(C118+D118+E118+J118,2) -> 6972.6 | O118: =ROUND(C118+D118+E118+K118,2) -> 7954.41 | P118: =ROUND(C118+D118+F118+H118,2) -> 5801.8 | Q118: =ROUND(C118+D118+F118+I118,2) -> 6154.02 | R118: =ROUND(C118+D118+F118+J118,2) -> 6297.86 | S118: =ROUND(C118+D118+F118+K118,2) -> 7279.67 | T118: =ROUND(C118+D118+G118+H118,2) -> 5801.8 | U118: =ROUND(C118+D118+G118+I118,2) -> 6154.02 | V118: =ROUND(C118+D118+G118+J118,2) -> 6297.86 | W118: =ROUND(C118+D118+G118+K118,2) -> 7279.67
... A129: 01.06.2008 | B129: 23 | C129: =ROUND([2]Лист1!F176,2) -> 1508.27 | D129: =D128 -> 4.81 | E129: =E128 -> 1018.54 | F129: =F128 -> 343.8 | G129: =G128 -> 343.8 | H129: =H128 -> 3205.78 | I129: =I128 -> 3558 | J129: =J128 -> 3701.84 | K129: =K128 -> 4683.65 | L129: =ROUND(C129+D129+E129+H129,2) -> 5737.4 | M129: =ROUND(C129+D129+E129+I129,2) -> 6089.62 | N129: =ROUND(C129+D129+E129+J129,2) -> 6233.46 | O129: =ROUND(C129+D129+E129+K129,2) -> 7215.27 | P129: =ROUND(C129+D129+F129+H129,2) -> 5062.66 | Q129: =ROUND(C129+D129+F129+I129,2) -> 5414.88 | R129: =ROUND(C129+D129+F129+J129,2) -> 5558.72 | S129: =ROUND(C129+D129+F129+K129,2) -> 6540.53 | T129: =ROUND(C129+D129+G129+H129,2) -> 5062.66 | U129: =ROUND(C129+D129+G129+I129,2) -> 5414.88 | V129: =ROUND(C129+D129+G129+J129,2) -> 5558.72 | W129: =ROUND(C129+D129+G129+K129,2) -> 6540.53
